Workbook
Name CarryingChargeyear: [1]CarryingCharges!$Q$127:$Q$133
Name CarryingChargeyear: [2]CarryingCharges!$Q$153:$Q$160
Name CarryingChargeyear: [3]CarryingCharges!$Q$112:$Q$117
Name CarryingChargeyear: [2]CarryingCharges!$Q$145:$Q$149
Name CurrentAvail: '[3]2012LostRev'!$Q$110
Name CurrentSheetRef: '[3]2012LostRev'!$R$110
Name DistRates: [1]Rates!$A$40:$L$51
Name DistRates: [3]Rates!$A$4:$H$13
Name DistRates: [2]Rates!$A$40:$L$51
Name DistRatesTable: [1]Rates!$B$7:$C$18
Name DistRatesTable: [3]Rates!$B$4:$G$15
Name DistRatesTable: [2]Rates!$B$7:$C$18
Name IncluDR3?: '[3]LRAMVA Register'!$O$95:$O$96
Name RateNames: [3]Rates!$A$4:$C$15
Name resultsyear: '[1]2011 OPA final results'!$B$4
Name resultsyear: '[3]2011 OPA final results'!$B$4
Name resultsyear: '[2]2011 OPA final results'!$B$4
Name Resultsyears: '[1]LRAMVA Register'!$O$97:$O$99
Name Resultsyears: '[2]LRAMVA Register'!$O$112:$O$114
Name Resultsyears: '[3]LRAMVA Register'!$O$88:$O$92
Name Resultsyears: '[4]LRAMVA Register'!$O$112:$O$114
Name resultyear: '[1]2015 IESO final results'!$B$4
Name resultyear: '[2]2015 IESO final results'!$B$4
Name resultyear: '[2]2015 IESO final results'!$B$2
Name resultyear: '[5]2015 IESO final results'!$B$4
Name zzz: [6]CarryingCharges!$Q$134:$Q$140

Sheet Contents Navigator
B3: Generic LRAMVA Work Forms
B5: File Name | C5: Description
B6: 1. LRAMVA Summary | C6: Table 1 provides a summary of the LRAMVA balances and carrying charges associated with the LRAMVA claim. The balances are populated from entries into other tabs throughout this work form.
B8: 2. CDM Allocation | C8: Tables 2, 3 and 4 include the CDM savings and allocation by rate class that were included in the load forecast.
B10: 3. Distribution Rates | C10: Tables 5 and 6 include a historical account of distribution rates that were used to calculate lost revenues.
B12: 4. 2011-14 LRAM | C12: Tables 7, 8, 9 and 10 includes 2011-2014 LRAMVA work forms. These should only be used if the LDC has not applied for approval of these amounts.
B14: 5. 2015 LRAM | C14: Table 11-a includes a template workform for calculating 2015 lost revenues based on legacy and new programs.
B15: 5-b. 2016 LRAM | C15: Table 11-b includes a template workform for calculating 2016 lost revenues based on legacy and new programs.
B17: 5-c. 2017 LRAM | C17: Table 11-c includes a template workform for calculating 2017 lost revenues based on legacy and new programs.
B19: 5-d. 2018 LRAM | C19: Table 11-d includes a template workform for calculating 2018 lost revenues based on legacy and new programs. | E19: Included for completeness. However, these sheets do not require filling out for 2017 cost of service applications
B21: 5-e. 2019 LRAM | C21: Table 11-e includes a template workform for calculating 2019 lost revenues based on legacy and new programs.
B23: 5-f. 2020 LRAM | C23: Table 11-f includes a template workform for calculating 2020 lost revenues based on legacy and new programs.
B25: 6. Persistence Rates | C25: Tables 12 and 13 includes the 2011-2014 persistence factors and 2015-2020 persistance factors.
B27: 7. Carrying Charges | C27: Tables 19 and 20 includes the carrying charges related to the LRAMVA claim that is being made.

Sheet Input Output Flow Chart
B3: General Note on the LRAMVA Model The LRAMVA model consolidates information that LDCs are already required to file with the OEB. The model has been created to provide LDCs with a consistent format to display CDM impacts, the CDM component of the load forecast and ultimately, any variance between actual CDM savings and the CDM component of the load forecast. The majority of the information required in the LRAMVA work form will be provided to LDCs from the IESO as part of the Final CDM Results each year.
C9: Inputs | I9: Outputs
B11: Tab 2 | C11: CDM savings allocated by rate class | F11: -----------------------> | H11: Tab 1 | I11: Forecast revenues lost
B12: Tab 4, 5 | C12: CDM savings and LRAMVA amounts by program | F12: -----------------------> | I12: Actual revenues lost
B13: Tab 7 | C13: Carrying charges by rate class | F13: -----------------------> | I13: Carrying charges
B15: Tab 4, 5 | H15: Tab 4, 6 | I15: Program LRAM amounts ($) from current and prior year savings
C16: IESO CDM Savings Results (kWh, kW saved)
C17: x
C18: CDM Savings allocated (%) by class
C19: x
C20: Average distribution rates
B23: Tab 6 | C23: Persistence rates
C24: x
B25: Tab 4, 5 | C25: Prior year kwh or kW savings

Sheet 1.  LRAMVA Summary
B3: LRAMVA Summary
B5: This is a summary sheet that contains the final LRAMVA balances with links from Tabs 2, 4, 5 and 7.
C8: File Number | D8: EB-2016-0107
C9: Exhibit | F9: Amount of LRAM claimed in the past | H9: 292767
C10: Schedule | F10: Years of LRAM Claimed | H10: 2011-2012
C11: Tab | F11: Last Cost of Service Application (File No.) | H11: ='3. Distribution Rates'!H14 -> EB-2013-0174
C12: Page
C14: Legend | D14: User Inputs (Green) | F14: Amount of LRAMVA to claim | H14: =N38 -> 561168.3
D15: Auto Populated Cells (White) | F15: Recovery Period of LRAMVA Claim | H15: 1 year
B19: Table 1. Annual and Total LRAMVA by Rate Class
B21: Description | C21: Residential | D21: GS < 50 kW | E21: GS 50 to 2,999 kW | F21: GS 50 to 2,999 kW with owned transformer | G21: GS 3,000 to 4,999 kW | H21: GS 3,000 to 4,999 kW with owned transformer | I21: Large Use | J21: Large Use with owned transformer | K21: Unmetered Scattered Load | L21: Sentinel Lighting | M21: Street Lighting | N21: Total
B22: 2011 Forecast | C22: =-'2. CDM Allocation'!C133 -> 0 | D22: =-'2. CDM Allocation'!D133 -> 0 | E22: =-'2. CDM Allocation'!E133 -> 0 | F22: =-'2. CDM Allocation'!F133 -> 0 | G22: =-'2. CDM Allocation'!G133 -> 0 | H22: =-'2. CDM Allocation'!H133 -> 0 | I22: =-'2. CDM Allocation'!I133 -> 0 | J22: =-'2. CDM Allocation'!J133 -> 0 | ... M22: =-'2. CDM Allocation'!M133 -> 0 | N22: =SUM(C22:M22) -> 0
B23: 2011 Actuals | C23: ='4. 2011-14 LRAM'!H73 -> 0 | D23: ='4. 2011-14 LRAM'!I73 -> 0 | E23: ='4. 2011-14 LRAM'!J73 -> 0 | F23: ='4. 2011-14 LRAM'!K73 -> 0 | G23: ='4. 2011-14 LRAM'!L73 -> 0 | H23: ='4. 2011-14 LRAM'!M73 -> 0 | I23: ='4. 2011-14 LRAM'!N73 -> 0 | J23: ='4. 2011-14 LRAM'!O73 -> 0 | ... M23: ='4. 2011-14 LRAM'!R73 -> 0 | N23: =SUM(C23:M23) -> 0
B24: Amount Cleared | G24: =-(G22+G23) -> 0 | H24: =-(H22+H23) -> 0 | I24: =-(I22+I23) -> 0 | J24: =-(J22+J23) -> 0 | K24: =-(K22+K23) -> 0 | L24: =-(L22+L23) -> 0 | M24: =-(M22+M23) -> 0
B25: 2012 Forecast | C25: =-'2. CDM Allocation'!C134 -> 0 | D25: =-'2. CDM Allocation'!D134 -> 0 | E25: =-'2. CDM Allocation'!E134 -> 0 | F25: =-'2. CDM Allocation'!F134 -> 0 | G25: =-'2. CDM Allocation'!G134 -> 0 | H25: =-'2. CDM Allocation'!H134 -> 0 | I25: =-'2. CDM Allocation'!I134 -> 0 | J25: =-'2. CDM Allocation'!J134 -> 0 | ... M25: =-'2. CDM Allocation'!M134 -> 0 | N25: =SUM(C25:M25) -> 0
B26: 2012 Actuals | C26: ='4. 2011-14 LRAM'!H153 -> 0 | D26: ='4. 2011-14 LRAM'!I153 -> 0 | E26: ='4. 2011-14 LRAM'!J153 -> 0 | F26: ='4. 2011-14 LRAM'!K153 -> 0 | G26: ='4. 2011-14 LRAM'!L153 -> 0 | H26: ='4. 2011-14 LRAM'!M153 -> 0 | I26: ='4. 2011-14 LRAM'!N153 -> 0 | J26: ='4. 2011-14 LRAM'!O153 -> 0 | ... M26: ='4. 2011-14 LRAM'!R153 -> 0 | N26: =SUM(C26:M26) -> 0
B27: Amount Cleared | G27: =-(G25+G26) -> 0 | H27: =-(H25+H26) -> 0 | I27: =-(I25+I26) -> 0 | J27: =-(J25+J26) -> 0 | K27: =-(K25+K26) -> 0 | L27: =-(L25+L26) -> 0 | M27: =-(M25+M26) -> 0
B28: 2013 Forecast | C28: =-'2. CDM Allocation'!C135 -> 0 | D28: =-'2. CDM Allocation'!D135 -> 0 | E28: =-'2. CDM Allocation'!E135 -> 0 | F28: =-'2. CDM Allocation'!F135 -> 0 | G28: =-'2. CDM Allocation'!G135 -> 0 | H28: =-'2. CDM Allocation'!H135 -> 0 | I28: =-'2. CDM Allocation'!I135 -> 0 | J28: =-'2. CDM Allocation'!J135 -> 0 | ... M28: =-'2. CDM Allocation'!M135 -> 0 | N28: =SUM(C28:M28) -> 0
B29: 2013 Actuals | C29: ='4. 2011-14 LRAM'!H234 -> 106609 | D29: ='4. 2011-14 LRAM'!I234 -> 79507.383 | E29: ='4. 2011-14 LRAM'!J234 -> 72916.988 | F29: ='4. 2011-14 LRAM'!K234 -> 33935.089 | G29: ='4. 2011-14 LRAM'!L234 -> 0 | H29: ='4. 2011-14 LRAM'!M234 -> 326.55546 | I29: ='4. 2011-14 LRAM'!N234 -> 0 | J29: ='4. 2011-14 LRAM'!O234 -> 2178.0048 | ... M29: ='4. 2011-14 LRAM'!R234 -> 0 | N29: =SUM(C29:M29) -> 295473.02
B30: Amount Cleared | C30: 0 | D30: 0 | E30: 0 | F30: 0 | G30: 0 | H30: 0 | I30: 0
B31: 2014 Forecast | C31: =-'2. CDM Allocation'!C136 -> -100010.62 | D31: =-'2. CDM Allocation'!D136 -> -87746.56 | E31: =-'2. CDM Allocation'!E136 -> -29507.769 | F31: =-'2. CDM Allocation'!F136 -> -25074.08 | G31: =-'2. CDM Allocation'!G136 -> 0 | H31: =-'2. CDM Allocation'!H136 -> -65.4048 | I31: =-'2. CDM Allocation'!I136 -> 0 | J31: =-'2. CDM Allocation'!J136 -> -832.41 | ... M31: =-'2. CDM Allocation'!M136 -> 0 | N31: =SUM(C31:M31) -> -243236.85
B32: 2014 Actuals | C32: ='4. 2011-14 LRAM'!H316 -> 118626.89 | D32: ='4. 2011-14 LRAM'!I316 -> 74740.531 | E32: ='4. 2011-14 LRAM'!J316 -> 46554.968 | F32: ='4. 2011-14 LRAM'!K316 -> 34296.557 | G32: ='4. 2011-14 LRAM'!L316 -> 0 | H32: ='4. 2011-14 LRAM'!M316 -> 457.76612 | I32: ='4. 2011-14 LRAM'!N316 -> 0 | J32: ='4. 2011-14 LRAM'!O316 -> 12094.008 | ... M32: ='4. 2011-14 LRAM'!R316 -> 2512.9186 | N32: =SUM(C32:M32) -> 289283.64
B33: Amount Cleared | C33: 0 | D33: 0 | E33: 0 | F33: 0 | G33: 0 | H33: 0 | I33: 0
B34: 2015 Forecast | C34: =-'2. CDM Allocation'!C137 -> -101252.99 | D34: =-'2. CDM Allocation'!D137 -> -87211.52 | E34: =-'2. CDM Allocation'!E137 -> -30135.454 | F34: =-'2. CDM Allocation'!F137 -> -25733.43 | G34: =-'2. CDM Allocation'!G137 -> 0 | H34: =-'2. CDM Allocation'!H137 -> -77.328 | I34: =-'2. CDM Allocation'!I137 -> 0 | J34: =-'2. CDM Allocation'!J137 -> -1017.72 | ... M34: =-'2. CDM Allocation'!M137 -> 0 | N34: =SUM(C34:M34) -> -245428.44
B35: 2015 Actuals | C35: ='5. 2015 LRAM'!H123 -> 197130.18 | D35: ='5. 2015 LRAM'!I123 -> 90598.718 | E35: ='5. 2015 LRAM'!J123 -> 73656.9 | F35: ='5. 2015 LRAM'!K123 -> 50643.125 | G35: ='5. 2015 LRAM'!L123 -> 0 | H35: ='5. 2015 LRAM'!M123 -> 646.43693 | I35: ='5. 2015 LRAM'!N123 -> 0 | J35: ='5. 2015 LRAM'!O123 -> 28910.722 | ... M35: ='5. 2015 LRAM'!R123 -> 3791.9459 | N35: =SUM(C35:M35) -> 445394.49
B36: Amount Cleared | C36: 0 | D36: 0 | E36: 0 | F36: 0 | G36: 0 | H36: 0 | I36: 0
B37: Carrying Charges | C37: ='7. Carrying Charges'!I118 -> 7637.7763 | D37: ='7. Carrying Charges'!J118 -> 3452.2104 | E37: ='7. Carrying Charges'!K118 -> 4931.401 | F37: ='7. Carrying Charges'!L118 -> 2430.1002 | G37: ='7. Carrying Charges'!M118 -> 0 | H37: ='7. Carrying Charges'!N118 -> 40.02132 | I37: ='7. Carrying Charges'!O118 -> 0 | J37: ='7. Carrying Charges'!P118 -> 1031.8221 | ... M37: ='7. Carrying Charges'!S118 -> 158.77871 | N37: =SUM(C37:M37) -> 19682.436
B38: Total LRAMVA Balance | C38: =SUM(C22:C37) -> 228740.24 | D38: =SUM(D22:D37) -> 73340.763 | E38: =SUM(E22:E37) -> 138417.03 | F38: =SUM(F22:F37) -> 70497.361 | G38: =SUM(G22:G37) -> 0 | H38: =SUM(H22:H37) -> 1328.047 | I38: =SUM(I22:I37) -> 0 | J38: =SUM(J22:J37) -> 42364.427 | ... N38: =SUM(N22:N37) -> 561168.3

Sheet 2.  CDM Allocation
B2: CDM Savings Target Allocation by Rate Class
B4: Instruction | C4: Please update the template as needed or replace this spreadsheet with an existing templates that estimated savings in CDM forecast.
C5: An example template is provided below and can be filled in if it is applicable to the LDC. The LDC may re-populate CDM savings by rate class for historical years based on past year's approved cost of service application, or relevant information from Appendix 2-I.
C6: Alternatively, LDCs may want to link this spreadsheet to their CDM savings allocation (e.g. appended as another tab in this workbook) to fill in Tables 2, 3 and 4 below.
B8: Legend | C8: User Inputs (Green)
C9: Auto Populated Cells (White)
B11: Table 2. Amount used for CDM Threshold for LRAMVA
B13: Forecast Year | C13: kWh | D13: kW | E13: kWh (check)
B14: 2011 | C14: 0 | D14: 0 | E14: =C14 -> 0
B15: 2012 | C15: 0 | D15: 0 | E15: =C15 -> 0
B16: 2013 | C16: 0 | D16: 0 | E16: =C16 -> 0
B17: 2014 | C17: 31633296 | D17: 19771 | E17: =C17 -> 31633296
B18: 2015 | C18: 31633296 | D18: 19771 | E18: =C18 -> 31633296
B19: 2016 | C19: 31633296 | D19: 19771 | E19: =C19 -> 31633296
B20: 2017 | C20: 31633296 | D20: 19771 | E20: =C20 -> 31633296
B22: Table 3. Allocation of CDM Savings (Energy and Demand Billed) by Rate Class in Approved Load Forecast
B24: Forecast Year | C24: ='1. LRAMVA Summary'!C21 -> Residential | D24: ='1. LRAMVA Summary'!D21 -> GS < 50 kW | E24: ='1. LRAMVA Summary'!E21 -> GS 50 to 2,999 kW | F24: ='1. LRAMVA Summary'!F21 -> GS 50 to 2,999 kW with owned transformer | G24: ='1. LRAMVA Summary'!G21 -> GS 3,000 to 4,999 kW | H24: ='1. LRAMVA Summary'!H21 -> GS 3,000 to 4,999 kW with owned transformer | I24: ='1. LRAMVA Summary'!I21 -> Large Use | J24: ='1. LRAMVA Summary'!J21 -> Large Use with owned transformer | ... M24: ='1. LRAMVA Summary'!M21 -> Street Lighting
C25: kWh | D25: kWh | E25: kW | F25: kW | G25: kW | H25: kW | I25: kW | J25: kW | K25: kWh | L25: kW | M25: kW
B26: 2011 | C26: 0 | D26: 0 | E26: 0 | F26: 0 | G26: 0 | H26: 0 | I26: 0 | J26: 0 | K26: 0 | L26: 0 | M26: 0
B27: 2012 | C27: 0 | D27: 0 | E27: 0 | F27: 0 | G27: 0 | H27: 0 | I27: 0 | J27: 0 | K27: 0 | L27: 0 | M27: 0
B28: 2013 | C28: 0 | D28: 0 | E28: 0 | F28: 0 | G28: 0 | H28: 0 | I28: 0 | J28: 0 | K28: 0 | L28: 0 | M28: 0
B29: 2014 | C29: ='2a. LRAMVA Forecast'!B8 -> 6211840 | D29: ='2a. LRAMVA Forecast'!C8 -> 5350400 | E29: ='2a. LRAMVA Forecast'!D9 -> 9396.4809 | F29: ='2a. LRAMVA Forecast'!E9 -> 9870.5191 | G29: 0 | H29: ='2a. LRAMVA Forecast'!G9 -> 54 | I29: 0 | J29: ='2a. LRAMVA Forecast'!I9 -> 450 | K29: 0 | L29: 0 | M29: 0
B30: 2015 | C30: =C29 -> 6211840 | D30: =D29 -> 5350400 | E30: =E29 -> 9396.4809 | F30: =F29 -> 9870.5191 | G30: 0 | H30: =H29 -> 54 | I30: 0 | J30: =J29 -> 450 | K30: 0 | L30: 0 | M30: 0
B31: 2016 | C31: =C30 -> 6211840 | D31: =D30 -> 5350400 | E31: =E30 -> 9396.4809 | F31: =F30 -> 9870.5191 | G31: 0 | H31: =H30 -> 54 | I31: 0 | J31: =J30 -> 450 | K31: 0 | L31: 0 | M31: 0
B32: 2017 | C32: =#REF! -> #REF! | D32: =#REF! -> #REF! | E32: =#REF! -> #REF! | F32: =#REF! -> #REF! | G32: =#REF! -> #REF! | H32: =#REF! -> #REF! | I32: =#REF! -> #REF! | J32: =#REF! -> #REF! | ... M32: =#REF! -> #REF!
B34: Tables 3A: CDM Adjustment as Approved in Cost of Service Application
D35: Note: Tables 3A are not used so have been hidden
B36: 2011 | C36: =C24 -> Residential | D36: =D24 -> GS < 50 kW | E36: =E24 -> GS 50 to 2,999 kW | F36: =F24 -> GS 50 to 2,999 kW with owned transformer | G36: =G24 -> GS 3,000 to 4,999 kW | H36: =H24 -> GS 3,000 to 4,999 kW with owned transformer | I36: =I24 -> Large Use | J36: Other | K36: =K24 -> Unmetered Scattered Load | L36: =L24 -> Sentinel Lighting | M36: Other | N36: Total
B37: kWh
B38: Weather Normal Billed kWh (Insert Year) | F38: 0 | G38: 0 | H38: GS 3,000 to 4,999 kW with owned transformer | I38: 0 | K38: Unmetered Scattered Load | L38: 0 | N38: =SUM(C38:I38) -> 0
B39: % of Billed | C39: =C38/$N$38 -> #DIV/0! | D39: =D38/$N$38 -> #DIV/0! | E39: =E38/$N$38 -> #DIV/0! | F39: =F38/$N$38 -> #DIV/0! | G39: =G38/$N$38 -> #DIV/0! | H39: =H38/$N$38 -> #VALUE! | I39: =I38/$N$38 -> #DIV/0! | K39: =K38/$N$38 -> #VALUE! | L39: =L38/$N$38 -> #DIV/0! | N39: =SUM(C39:I39) -> #DIV/0!
B40: CDM Allocation | C40: =-$C$14*C39 -> #DIV/0! | D40: =-$C$14*D39 -> #DIV/0! | E40: =-$C$14*E39 -> #DIV/0! | F40: =-$C$14*F39 -> #DIV/0! | G40: =-$C$14*G39 -> #DIV/0! | H40: =-$C$14*H39 -> #VALUE! | I40: =-$C$14*I39 -> #DIV/0! | K40: =-$C$14*K39 -> #VALUE! | L40: =-$C$14*L39 -> #DIV/0! | N40: =SUM(C40:I40) -> #DIV/0!
B41: Adjusted Billed kWh with CDM Applied | C41: =C38+C40 -> #DIV/0! | D41: =D38+D40 -> #DIV/0! | E41: =E38+E40 -> #DIV/0! | F41: =F38+F40 -> #DIV/0! | G41: =G38+G40 -> #DIV/0! | H41: =H38+H40 -> #VALUE! | I41: =I38+I40 -> #DIV/0! | K41: =K38+K40 -> #VALUE! | L41: =L38+L40 -> #DIV/0! | N41: =SUM(C41:I41) -> #DIV/0!
B42: kW
B43: Weather Normal Billed kW (Insert Year) | E43: =E38*E46 -> 0 | F43: =F38*F46 -> 0 | G43: =G38*G46 -> 0 | H43: =H38*H46 -> #VALUE! | I43: =I38*I46 -> 0 | K43: =K38*K46 -> #VALUE! | L43: =L38*L46 -> 0
B44: CDM kW Reduction | E44: =E40*E46 -> #DIV/0! | F44: =F40*F46 -> #DIV/0! | G44: =G40*G46 -> #DIV/0! | H44: =H40*H46 -> #VALUE! | I44: =I40*I46 -> #DIV/0! | K44: =K40*K46 -> #VALUE! | L44: =L40*L46 -> #DIV/0! | N44: =SUM(C44:I44) -> #DIV/0!
B45: Adjusted Billed kWh with CDM Applied | E45: =E43+E44 -> #DIV/0! | F45: =F43+F44 -> #DIV/0! | G45: =G43+G44 -> #DIV/0! | H45: =H43+H44 -> #VALUE! | I45: =I43+I44 -> #DIV/0! | K45: =K43+K44 -> #VALUE! | L45: =L43+L44 -> #DIV/0! | N45: =SUM(C45:I45) -> #DIV/0!
B46: kWh to kW Ratio
B49: 2012 | C49: =C36 -> Residential | D49: =D36 -> GS < 50 kW | E49: =E36 -> GS 50 to 2,999 kW | F49: =F36 -> GS 50 to 2,999 kW with owned transformer | G49: =G36 -> GS 3,000 to 4,999 kW | H49: =H36 -> GS 3,000 to 4,999 kW with owned transformer | I49: =I36 -> Large Use | J49: Other | K49: =K36 -> Unmetered Scattered Load | L49: =L36 -> Sentinel Lighting | M49: Other | N49: Total
B50: kWh
B51: Weather Normal Billed kWh (Insert Year) | N51: =SUM(C51:I51) -> 0
B52: % of Billed | C52: =C51/$N$51 -> #DIV/0! | D52: =D51/$N$51 -> #DIV/0! | E52: =E51/$N$51 -> #DIV/0! | F52: =F51/$N$51 -> #DIV/0! | G52: =G51/$N$51 -> #DIV/0! | H52: =H51/$N$51 -> #DIV/0! | I52: =I51/$N$51 -> #DIV/0! | K52: =K51/$N$51 -> #DIV/0! | L52: =L51/$N$51 -> #DIV/0! | N52: =SUM(C52:I52) -> #DIV/0!
B53: CDM Allocation | C53: =-$C$15*C52 -> #DIV/0! | D53: =-$C$15*D52 -> #DIV/0! | E53: =-$C$15*E52 -> #DIV/0! | F53: =-$C$15*F52 -> #DIV/0! | G53: =-$C$15*G52 -> #DIV/0! | H53: =-$C$15*H52 -> #DIV/0! | I53: =-$C$15*I52 -> #DIV/0! | K53: =-$C$15*K52 -> #DIV/0! | L53: =-$C$15*L52 -> #DIV/0! | N53: =SUM(C53:I53) -> #DIV/0!
B54: Adjusted Billed kWh with CDM Applied | C54: =C51+C53 -> #DIV/0! | D54: =D51+D53 -> #DIV/0! | E54: =E51+E53 -> #DIV/0! | F54: =F51+F53 -> #DIV/0! | G54: =G51+G53 -> #DIV/0! | H54: =H51+H53 -> #DIV/0! | I54: =I51+I53 -> #DIV/0! | K54: =K51+K53 -> #DIV/0! | L54: =L51+L53 -> #DIV/0! | N54: =SUM(C54:I54) -> #DIV/0!
B55: kW
B56: Weather Normal Billed kW (Insert Year) | E56: =E51*E59 -> 0 | F56: =F51*F59 -> 0 | G56: =G51*G59 -> 0 | H56: =H51*H59 -> 0 | I56: =I51*I59 -> 0 | K56: =K51*K59 -> 0 | L56: =L51*L59 -> 0 | N56: =SUM(C56:I56) -> 0
B57: CDM kW Reduction | E57: =E53*E59 -> #DIV/0! | F57: =F53*F59 -> #DIV/0! | G57: =G53*G59 -> #DIV/0! | H57: =H53*H59 -> #DIV/0! | I57: =I53*I59 -> #DIV/0! | K57: =K53*K59 -> #DIV/0! | L57: =L53*L59 -> #DIV/0! | N57: =SUM(C57:I57) -> #DIV/0!
B58: Adjusted Billed kWh with CDM Applied | E58: =E56+E57 -> #DIV/0! | F58: =F56+F57 -> #DIV/0! | G58: =G56+G57 -> #DIV/0! | H58: =H56+H57 -> #DIV/0! | I58: =I56+I57 -> #DIV/0! | K58: =K56+K57 -> #DIV/0! | L58: =L56+L57 -> #DIV/0! | N58: =SUM(C58:I58) -> #DIV/0!
B59: kWh to kW Ratio
B62: 2013 | C62: =C49 -> Residential | D62: =D49 -> GS < 50 kW | E62: =E49 -> GS 50 to 2,999 kW | F62: =F49 -> GS 50 to 2,999 kW with owned transformer | G62: =G49 -> GS 3,000 to 4,999 kW | H62: =H49 -> GS 3,000 to 4,999 kW with owned transformer | I62: =I49 -> Large Use | J62: Other | K62: =K49 -> Unmetered Scattered Load | L62: =L49 -> Sentinel Lighting | M62: Other | N62: Total
B63: kWh
B64: Weather Normal Billed kWh (Insert Year) | N64: =SUM(C64:I64) -> 0
B65: % of Billed | C65: =C64/$N$64 -> #DIV/0! | D65: =D64/$N$64 -> #DIV/0! | E65: =E64/$N$64 -> #DIV/0! | F65: =F64/$N$64 -> #DIV/0! | G65: =G64/$N$64 -> #DIV/0! | H65: =H64/$N$64 -> #DIV/0! | I65: =I64/$N$64 -> #DIV/0! | K65: =K64/$N$64 -> #DIV/0! | L65: =L64/$N$64 -> #DIV/0! | N65: =SUM(C65:I65) -> #DIV/0!
B66: CDM Allocation | C66: =-$C$16*C65 -> #DIV/0! | D66: =-$C$16*D65 -> #DIV/0! | E66: =-$C$16*E65 -> #DIV/0! | F66: =-$C$16*F65 -> #DIV/0! | G66: =-$C$16*G65 -> #DIV/0! | H66: =-$C$16*H65 -> #DIV/0! | I66: =-$C$16*I65 -> #DIV/0! | K66: =-$C$16*K65 -> #DIV/0! | L66: =-$C$16*L65 -> #DIV/0! | N66: =SUM(C66:I66) -> #DIV/0!
B67: Adjusted Billed kWh with CDM Applied | C67: =C64+C66 -> #DIV/0! | D67: =D64+D66 -> #DIV/0! | E67: =E64+E66 -> #DIV/0! | F67: =F64+F66 -> #DIV/0! | G67: =G64+G66 -> #DIV/0! | H67: =H64+H66 -> #DIV/0! | I67: =I64+I66 -> #DIV/0! | K67: =K64+K66 -> #DIV/0! | L67: =L64+L66 -> #DIV/0! | N67: =SUM(C67:I67) -> #DIV/0!
B68: kW
B69: Weather Normal Billed kW (Insert Year) | E69: =E64*E72 -> 0 | F69: =F64*F72 -> 0 | G69: =G64*G72 -> 0 | H69: =H64*H72 -> 0 | I69: =I64*I72 -> 0 | K69: =K64*K72 -> 0 | L69: =L64*L72 -> 0 | N69: =SUM(C69:I69) -> 0
B70: CDM kW Reduction | E70: =E66*E72 -> #DIV/0! | F70: =F66*F72 -> #DIV/0! | G70: =G66*G72 -> #DIV/0! | H70: =H66*H72 -> #DIV/0! | I70: =I66*I72 -> #DIV/0! | K70: =K66*K72 -> #DIV/0! | L70: =L66*L72 -> #DIV/0! | N70: =SUM(C70:I70) -> #DIV/0!
B71: Adjusted Billed kWh with CDM Applied | E71: =E69+E70 -> #DIV/0! | F71: =F69+F70 -> #DIV/0! | G71: =G69+G70 -> #DIV/0! | H71: =H69+H70 -> #DIV/0! | I71: =I69+I70 -> #DIV/0! | K71: =K69+K70 -> #DIV/0! | L71: =L69+L70 -> #DIV/0! | N71: =SUM(C71:I71) -> #DIV/0!
B72: kWh to kW Ratio
B75: 2014 | C75: =C62 -> Residential | D75: =D62 -> GS < 50 kW | E75: =E62 -> GS 50 to 2,999 kW | F75: =F62 -> GS 50 to 2,999 kW with owned transformer | G75: =G62 -> GS 3,000 to 4,999 kW | H75: =H62 -> GS 3,000 to 4,999 kW with owned transformer | I75: =I62 -> Large Use | J75: =J62 -> Other | ... M75: =M62 -> Other | N75: Total
B76: kWh
B77: Weather Normal Billed kWh (Insert Year) | N77: =SUM(C77:I77) -> 0
B78: % of Billed | C78: =C77/$N$77 -> #DIV/0! | D78: =D77/$N$77 -> #DIV/0! | E78: =E77/$N$77 -> #DIV/0! | F78: =F77/$N$77 -> #DIV/0! | G78: =G77/$N$77 -> #DIV/0! | H78: =H77/$N$77 -> #DIV/0! | I78: =I77/$N$77 -> #DIV/0! | K78: =K77/$N$77 -> #DIV/0! | L78: =L77/$N$77 -> #DIV/0! | N78: =SUM(C78:I78) -> #DIV/0!
B79: CDM Allocation | C79: =-$C$17*C78 -> #DIV/0! | D79: =-$C$17*D78 -> #DIV/0! | E79: =-$C$17*E78 -> #DIV/0! | F79: =-$C$17*F78 -> #DIV/0! | G79: =-$C$17*G78 -> #DIV/0! | H79: =-$C$17*H78 -> #DIV/0! | I79: =-$C$17*I78 -> #DIV/0! | K79: =-$C$17*K78 -> #DIV/0! | L79: =-$C$17*L78 -> #DIV/0! | N79: =SUM(C79:I79) -> #DIV/0!
B80: Adjusted Billed kWh with CDM Applied | C80: =C77+C79 -> #DIV/0! | D80: =D77+D79 -> #DIV/0! | E80: =E77+E79 -> #DIV/0! | F80: =F77+F79 -> #DIV/0! | G80: =G77+G79 -> #DIV/0! | H80: =H77+H79 -> #DIV/0! | I80: =I77+I79 -> #DIV/0! | K80: =K77+K79 -> #DIV/0! | L80: =L77+L79 -> #DIV/0! | N80: =SUM(C80:I80) -> #DIV/0!
B81: kW
B82: Weather Normal Billed kW (Insert Year) | E82: =E77*E85 -> 0 | F82: =F77*F85 -> 0 | G82: =G77*G85 -> 0 | H82: =H77*H85 -> 0 | I82: =I77*I85 -> 0 | K82: =K77*K85 -> 0 | L82: =L77*L85 -> 0 | N82: =SUM(C82:I82) -> 0
B83: CDM kW Reduction | E83: =E79*E85 -> #DIV/0! | F83: =F79*F85 -> #DIV/0! | G83: =G79*G85 -> #DIV/0! | H83: =H79*H85 -> #DIV/0! | I83: =I79*I85 -> #DIV/0! | K83: =K79*K85 -> #DIV/0! | L83: =L79*L85 -> #DIV/0! | N83: =SUM(C83:I83) -> #DIV/0!
B84: Adjusted Billed kWh with CDM Applied | E84: =E82+E83 -> #DIV/0! | F84: =F82+F83 -> #DIV/0! | G84: =G82+G83 -> #DIV/0! | H84: =H82+H83 -> #DIV/0! | I84: =I82+I83 -> #DIV/0! | K84: =K82+K83 -> #DIV/0! | L84: =L82+L83 -> #DIV/0! | N84: =SUM(C84:I84) -> #DIV/0!
B85: kWh to kW Ratio
B88: 2015 | C88: =C75 -> Residential | D88: =D75 -> GS < 50 kW | E88: =E75 -> GS 50 to 2,999 kW | F88: =F75 -> GS 50 to 2,999 kW with owned transformer | G88: =G75 -> GS 3,000 to 4,999 kW | H88: =H75 -> GS 3,000 to 4,999 kW with owned transformer | I88: =I75 -> Large Use | J88: =J75 -> Other | ... M88: =M75 -> Other | N88: Total
B89: kWh
B90: Weather Normal Billed kWh (Insert Year) | N90: =SUM(C90:I90) -> 0
B91: % of Billed | C91: =C90/$N$90 -> #DIV/0! | D91: =D90/$N$90 -> #DIV/0! | E91: =E90/$N$90 -> #DIV/0! | F91: =F90/$N$90 -> #DIV/0! | G91: =G90/$N$90 -> #DIV/0! | H91: =H90/$N$90 -> #DIV/0! | I91: =I90/$N$90 -> #DIV/0! | K91: =K90/$N$90 -> #DIV/0! | L91: =L90/$N$90 -> #DIV/0! | N91: =SUM(C91:I91) -> #DIV/0!
B92: CDM Allocation | C92: =-$C$18*C91 -> #DIV/0! | D92: =-$C$18*D91 -> #DIV/0! | E92: =-$C$18*E91 -> #DIV/0! | F92: =-$C$18*F91 -> #DIV/0! | G92: =-$C$18*G91 -> #DIV/0! | H92: =-$C$18*H91 -> #DIV/0! | I92: =-$C$18*I91 -> #DIV/0! | K92: =-$C$18*K91 -> #DIV/0! | L92: =-$C$18*L91 -> #DIV/0! | N92: =SUM(C92:I92) -> #DIV/0!
B93: Adjusted Billed kWh with CDM Applied | C93: =C90+C92 -> #DIV/0! | D93: =D90+D92 -> #DIV/0! | E93: =E90+E92 -> #DIV/0! | F93: =F90+F92 -> #DIV/0! | G93: =G90+G92 -> #DIV/0! | H93: =H90+H92 -> #DIV/0! | I93: =I90+I92 -> #DIV/0! | K93: =K90+K92 -> #DIV/0! | L93: =L90+L92 -> #DIV/0! | N93: =SUM(C93:I93) -> #DIV/0!
B94: kW
B95: Weather Normal Billed kW (Insert Year) | E95: 64526 | F95: 35242 | G95: =G90*G98 -> 0 | H95: =H90*H98 -> 0 | K95: =K90*K98 -> 0 | N95: =SUM(C95:I95) -> 99768
B96: CDM kW Reduction | E96: =-64526 -> -64526 | F96: -35242 | G96: =G92*G98 -> #DIV/0! | H96: =H92*H98 -> #DIV/0! | K96: =K92*K98 -> #DIV/0! | N96: =SUM(C96:I96) -> #DIV/0!
B97: Adjusted Billed kWh with CDM Applied | E97: =E95+E96 -> 0 | F97: =F95+F96 -> 0 | G97: =G95+G96 -> #DIV/0! | H97: =H95+H96 -> #DIV/0! | K97: =K95+K96 -> #DIV/0! | N97: =SUM(C97:I97) -> #DIV/0!
B98: kWh to kW Ratio
B101: 2016 | C101: =C88 -> Residential | D101: =D88 -> GS < 50 kW | E101: =E88 -> GS 50 to 2,999 kW | F101: =F88 -> GS 50 to 2,999 kW with owned transformer | G101: =G88 -> GS 3,000 to 4,999 kW | H101: =H88 -> GS 3,000 to 4,999 kW with owned transformer | I101: =I88 -> Large Use | J101: =J88 -> Other | ... M101: =M88 -> Other | N101: Total
B102: kWh
B103: Weather Normal Billed kWh (Insert Year) | N103: =SUM(C103:I103) -> 0
B104: % of Billed | C104: =C103/$N$103 -> #DIV/0! | D104: =D103/$N$103 -> #DIV/0! | E104: =E103/$N$103 -> #DIV/0! | F104: =F103/$N$103 -> #DIV/0! | G104: =G103/$N$103 -> #DIV/0! | H104: =H103/$N$103 -> #DIV/0! | I104: =I103/$N$103 -> #DIV/0! | K104: =K103/$N$103 -> #DIV/0! | L104: =L103/$N$103 -> #DIV/0! | N104: =SUM(C104:I104) -> #DIV/0!
B105: CDM Allocation | C105: =-$C$19*C104 -> #DIV/0! | D105: =-$C$19*D104 -> #DIV/0! | E105: =-$C$19*E104 -> #DIV/0! | F105: =-$C$19*F104 -> #DIV/0! | G105: =-$C$19*G104 -> #DIV/0! | H105: =-$C$19*H104 -> #DIV/0! | I105: =-$C$19*I104 -> #DIV/0! | K105: =-$C$19*K104 -> #DIV/0! | L105: =-$C$19*L104 -> #DIV/0! | N105: =SUM(C105:I105) -> #DIV/0!
B106: Adjusted Billed kWh with CDM Applied | C106: =C103+C105 -> #DIV/0! | D106: =D103+D105 -> #DIV/0! | E106: =E103+E105 -> #DIV/0! | F106: =F103+F105 -> #DIV/0! | G106: =G103+G105 -> #DIV/0! | H106: =H103+H105 -> #DIV/0! | I106: =I103+I105 -> #DIV/0! | K106: =K103+K105 -> #DIV/0! | L106: =L103+L105 -> #DIV/0! | N106: =SUM(C106:I106) -> #DIV/0!
B107: kW
B108: Weather Normal Billed kW (Insert Year) | E108: 64526 | F108: 35242 | G108: =G103*G111 -> 0 | H108: =H103*H111 -> 0 | K108: =K103*K111 -> 0 | N108: =SUM(C108:I108) -> 99768
B109: CDM kW Reduction | E109: =-64526 -> -64526 | F109: -35242 | G109: =G105*G111 -> #DIV/0! | H109: =H105*H111 -> #DIV/0! | K109: =K105*K111 -> #DIV/0! | N109: =SUM(C109:I109) -> #DIV/0!
B110: Adjusted Billed kWh with CDM Applied | E110: =E108+E109 -> 0 | F110: =F108+F109 -> 0 | G110: =G108+G109 -> #DIV/0! | H110: =H108+H109 -> #DIV/0! | K110: =K108+K109 -> #DIV/0! | N110: =SUM(C110:I110) -> #DIV/0!
B111: kWh to kW Ratio
B114: 2017 | C114: =C101 -> Residential | D114: =D101 -> GS < 50 kW | E114: =E101 -> GS 50 to 2,999 kW | F114: =F101 -> GS 50 to 2,999 kW with owned transformer | G114: =G101 -> GS 3,000 to 4,999 kW | H114: =H101 -> GS 3,000 to 4,999 kW with owned transformer | I114: =I101 -> Large Use | J114: =J101 -> Other | ... M114: =M101 -> Other | N114: Total
B115: kWh
B116: Weather Normal Billed kWh (Insert Year) | N116: =SUM(C116:I116) -> 0
B117: % of Billed | C117: =C116/$N$116 -> #DIV/0! | D117: =D116/$N$116 -> #DIV/0! | E117: =E116/$N$116 -> #DIV/0! | F117: =F116/$N$116 -> #DIV/0! | G117: =G116/$N$116 -> #DIV/0! | H117: =H116/$N$116 -> #DIV/0! | I117: =I116/$N$116 -> #DIV/0! | K117: =K116/$N$116 -> #DIV/0! | L117: =L116/$N$116 -> #DIV/0! | N117: =SUM(C117:I117) -> #DIV/0!
B118: CDM Allocation | C118: =-$C$20*C117 -> #DIV/0! | D118: =-$C$20*D117 -> #DIV/0! | E118: =-$C$20*E117 -> #DIV/0! | F118: =-$C$20*F117 -> #DIV/0! | G118: =-$C$20*G117 -> #DIV/0! | H118: =-$C$20*H117 -> #DIV/0! | I118: =-$C$20*I117 -> #DIV/0! | K118: =-$C$20*K117 -> #DIV/0! | L118: =-$C$20*L117 -> #DIV/0! | N118: =SUM(C118:I118) -> #DIV/0!
B119: Adjusted Billed kWh with CDM Applied | C119: =C116+C118 -> #DIV/0! | D119: =D116+D118 -> #DIV/0! | E119: =E116+E118 -> #DIV/0! | F119: =F116+F118 -> #DIV/0! | G119: =G116+G118 -> #DIV/0! | H119: =H116+H118 -> #DIV/0! | I119: =I116+I118 -> #DIV/0! | K119: =K116+K118 -> #DIV/0! | L119: =L116+L118 -> #DIV/0! | N119: =SUM(C119:I119) -> #DIV/0!
B120: kW | E120: 64526 | F120: 35242
...

Sheet 2a. LRAMVA Forecast
A1: Forecasted impact of CDM in the load forecast
A2: Hide this row | B2: 1 | C2: 2 | D2: 3 | E2: 4 | F2: 5 | G2: 6 | H2: 7 | I2: 8 | J2: 9 | K2: 10 | L2: 11 | M2: 12
A4: Table 2a. LRAMVA Thresholds 2014
B6: Residential | C6: GS < 50 kW | D6: GS 50 to 2,999 kW | E6: GS 50 to 2,999 kW with owned transformer | F6: GS 3,000 to 4,999 kW | G6: GS 3,000 to 4,999 kW with owned transformer | H6: Large Use | I6: Large Use with owned transformer | J6: Unmetered Scattered Load | K6: Sentinel Lighting | L6: Street Lighting | M6: MicroFIT Generator | N6: Total
B7: kWh | C7: kWh | D7: kW | E7: kW | F7: kW | G7: kW | H7: kW | I7: kW | J7: kWh | K7: kW | L7: kW | M7: NA
A8: kWh | B8: =6117617+94223 -> 6211840 | C8: 5350400 | D8: 9532927.6 | E8: 10013849 | F8: 0 | G8: 62993 | H8: 0 | I8: 461286 | J8: 0 | K8: 0 | L8: 0 | M8: 0 | N8: =SUM(B8:M8) -> 31633296
A9: kW | B9: 0 | C9: 0 | D9: 9396.4809 | E9: 9870.5191 | F9: 0 | G9: 54 | H9: 0 | I9: 450 | J9: 0 | K9: 0 | L9: 0 | M9: 0 | N9: =SUM(B9:M9) -> 19771
A11: Source: | B11: Veridian Connections Inc. EB-2013-0174 Settlement Proposal Filed: March 26, 2014, Page 38 of 54 as part of the final decision and order for the Cost of Service rate case. Allocation to with and without transformer based on actual results for 2014 and 2015.

Sheet 3.  Distribution Rates
B3: Distribution Rates
B5: Instruction | C5: Please update Table 5 with the approved distribution rates for the utility's respective rate classes. The applicable rates to estimate lost revenues will autopopulate in Table 6 and be used in the LRAM Work Sheets (Tab 4 and Tab 5) for the applicable year in which LRAM is claimed.
C6: LDCs to update the rate classes as appropriate below depending on the utility's customer mix.
B7: Legend | C7: User Inputs (Green)
C8: Auto Populated Cells (White)
B12: Table 5. Distribution Volumetric Rate by Billing Period
B14: Decision & Orders for Approved Volumetric Rates: | F14: EB-2011-0199 | G14: EB-2012-0170 | H14: EB-2013-0174 | I14: EB-2014-0117 | J14: EB-2015-0106
B16: Rate Class | C16: Billing Unit | D16: May 1, 2010-April 30, 2011 | E16: May 1, 2011-April 30, 2012 | F16: May 1, 2012-April 30, 2013 | G16: May 1, 2013-April 30, 2014 | H16: May 1, 2014-April 30, 2015 | I16: May 1, 2015-April 30, 2016 | J16: May 1, 2016-April 30, 2017 | K16: May 1, 2017-April 30, 2018
B17: Rate Year | D17: 2010 | E17: 2011 | F17: 2012 | G17: 2013 | H17: 2014 | I17: 2015 | J17: 2016 | K17: 2017
B18: Pro-ratio of Rates (months) - Period 1 | D18: 4 | E18: 4 | F18: 4 | G18: 4 | H18: 4 | I18: 4 | J18: 4
B19: Pro-ratio of Rates (months) - Period 2 | D19: =12-D18 -> 8 | E19: =12-E18 -> 8 | F19: =12-F18 -> 8 | G19: =12-G18 -> 8 | H19: =12-H18 -> 8 | I19: =12-I18 -> 8 | J19: =12-J18 -> 8
B20: Residential | C20: kWh | D20: 0 | E20: 0 | F20: 0 | G20: 0 | H20: 0 | I20: 0 | J20: 0
B21: GS < 50 kW | C21: kWh | D21: 0 | E21: 0 | F21: 0 | G21: 0 | H21: 0.0162 | I21: 0.0164 | J21: 0.0167
B22: GS 50 to 2,999 kW | C22: kW | D22: 0 | E22: 0 | F22: 0 | G22: 0 | H22: 3.1796 | I22: 3.2209 | J22: 3.2789
B23: GS 50 to 2,999 kW with owned transformer | C23: kW | D23: 0 | E23: 0 | F23: 0 | G23: 0 | H23: 2.5796 | I23: 2.6209 | J23: 2.6789
B24: GS 3,000 to 4,999 kW | C24: kW | D24: 0 | E24: 0 | F24: 1.3948 | G24: 1.4045 | H24: 2.0145 | I24: 2.0407 | J24: 2.0774
B25: GS 3,000 to 4,999 kW with owned transformer | C25: kW | D25: 0 | E25: 0 | F25: 0.7948 | G25: 0.8045 | H25: 1.4145 | I25: 1.4407 | J25: 1.4774
B26: Large Use | C26: kW | D26: 0 | E26: 0 | F26: 1.6638 | G26: 1.6753 | H26: 2.837 | I26: 2.8739 | J26: 2.9256
B27: Large Use with owned transformer | C27: kW | D27: 0 | E27: 0 | F27: 1.0638 | G27: 1.0753 | H27: 2.237 | I27: 2.2739 | J27: 2.3256
B28: Unmetered Scattered Load | C28: kWh | D28: 0 | E28: 0 | F28: 0.0183 | G28: 0.0185 | H28: 0.0161 | I28: 0.0163 | J28: 0.0166
B29: Sentinel Lighting | C29: kW | D29: 0 | E29: 0 | F29: 10.8103 | G29: 10.8878 | H29: 13.0977 | I29: 13.268 | J29: 13.5068
B30: Street Lighting | C30: kW | D30: 0 | E30: 0 | F30: 3.5851 | G30: 3.6101 | H30: 3.5814 | I30: 3.628 | J30: 3.6933
B33: Table 6. Summary Table: Average Distribution Volumetric Rates by Year for LRAM Calculation
B35: Rate Class | C35: Billing Unit | E35: 2011 | F35: 2012 | G35: 2013 | H35: 2014 | I35: 2015 | J35: 2016 | K35: 2017
B36: =B20 -> Residential | C36: =C20 -> kWh | G36: ='3a. Rates-weighted averages'!I21 -> 0.0159 | H36: ='3a. Rates-weighted averages'!I38 -> 0.0161 | I36: ='3a. Rates-weighted averages'!I53 -> 0.0163 | J36: ='3a. Rates-weighted averages'!I62 -> 0.0138 | K36: =ROUND(SUM(J20*K$18+K20*K$19)/12,4) -> 0
B37: =B21 -> GS < 50 kW | C37: =C21 -> kWh | G37: ='3a. Rates-weighted averages'!I22 -> 0.0169 | H37: ='3a. Rates-weighted averages'!I39 -> 0.0164 | I37: =ROUND(SUM(H21*I$18+I21*I$19)/12,4) -> 0.0163 | J37: =ROUND(SUM(I21*J$18+J21*J$19)/12,4) -> 0.0166 | K37: =ROUND(SUM(J21*K$18+K21*K$19)/12,4) -> 0
B38: =B22 -> GS 50 to 2,999 kW | C38: =C22 -> kW | G38: ='3a. Rates-weighted averages'!I23 -> 3.0556 | H38: ='3a. Rates-weighted averages'!I40 -> 3.1403 | I38: =ROUND(SUM(H22*I$18+I22*I$19)/12,4) -> 3.2071 | J38: =ROUND(SUM(I22*J$18+J22*J$19)/12,4) -> 3.2596 | K38: =ROUND(SUM(J22*K$18+K22*K$19)/12,4) -> 0
B39: =B23 -> GS 50 to 2,999 kW with owned transformer | C39: =C23 -> kW | G39: =G38-0.6 -> 2.4556 | H39: =H38-0.6 -> 2.5403 | I39: =ROUND(SUM(H23*I$18+I23*I$19)/12,4) -> 2.6071 | J39: =ROUND(SUM(I23*J$18+J23*J$19)/12,4) -> 2.6596 | K39: =ROUND(SUM(J23*K$18+K23*K$19)/12,4) -> 0
B40: =B24 -> GS 3,000 to 4,999 kW | C40: =C24 -> kW | G40: =ROUND(SUM(F24*G$18+G24*G$19)/12,4) -> 1.4013 | H40: =ROUND(SUM(G24*H$18+H24*H$19)/12,4) -> 1.8112 | I40: =ROUND(SUM(H24*I$18+I24*I$19)/12,4) -> 2.032 | J40: =ROUND(SUM(I24*J$18+J24*J$19)/12,4) -> 2.0652 | K40: =ROUND(SUM(J24*K$18+K24*K$19)/12,4) -> 0
B41: =B25 -> GS 3,000 to 4,999 kW with owned transformer | C41: =C25 -> kW | G41: =ROUND(SUM(F25*G$18+G25*G$19)/12,4) -> 0.8013 | H41: =ROUND(SUM(G25*H$18+H25*H$19)/12,4) -> 1.2112 | I41: =ROUND(SUM(H25*I$18+I25*I$19)/12,4) -> 1.432 | J41: =ROUND(SUM(I25*J$18+J25*J$19)/12,4) -> 1.4652 | K41: =ROUND(SUM(J25*K$18+K25*K$19)/12,4) -> 0
B42: =B26 -> Large Use | C42: =C26 -> kW | G42: =ROUND(SUM(F26*G$18+G26*G$19)/12,4) -> 1.6715 | H42: =ROUND(SUM(G26*H$18+H26*H$19)/12,4) -> 2.4498 | I42: =ROUND(SUM(H26*I$18+I26*I$19)/12,4) -> 2.8616 | J42: =ROUND(SUM(I26*J$18+J26*J$19)/12,4) -> 2.9084 | K42: =ROUND(SUM(J26*K$18+K26*K$19)/12,4) -> 0
B43: =B27 -> Large Use with owned transformer | C43: =C27 -> kW | G43: =ROUND(SUM(F27*G$18+G27*G$19)/12,4) -> 1.0715 | H43: =ROUND(SUM(G27*H$18+H27*H$19)/12,4) -> 1.8498 | I43: =ROUND(SUM(H27*I$18+I27*I$19)/12,4) -> 2.2616 | J43: =ROUND(SUM(I27*J$18+J27*J$19)/12,4) -> 2.3084 | K43: =ROUND(SUM(J27*K$18+K27*K$19)/12,4) -> 0
B44: =B28 -> Unmetered Scattered Load | C44: =C28 -> kWh | G44: =ROUND(SUM(F28*G$18+G28*G$19)/12,4) -> 0.0184 | H44: =ROUND(SUM(G28*H$18+H28*H$19)/12,4) -> 0.0169 | I44: =ROUND(SUM(H28*I$18+I28*I$19)/12,4) -> 0.0162 | J44: =ROUND(SUM(I28*J$18+J28*J$19)/12,4) -> 0.0165 | K44: =ROUND(SUM(J28*K$18+K28*K$19)/12,4) -> 0
B45: =B29 -> Sentinel Lighting | C45: =C29 -> kW | G45: =ROUND(SUM(F29*G$18+G29*G$19)/12,4) -> 10.862 | H45: =ROUND(SUM(G29*H$18+H29*H$19)/12,4) -> 12.3611 | I45: =ROUND(SUM(H29*I$18+I29*I$19)/12,4) -> 13.2112 | J45: =ROUND(SUM(I29*J$18+J29*J$19)/12,4) -> 13.4272 | K45: =ROUND(SUM(J29*K$18+K29*K$19)/12,4) -> 0
B46: =B30 -> Street Lighting | C46: =C30 -> kW | G46: =ROUND(SUM(F30*G$18+G30*G$19)/12,4) -> 3.6018 | H46: =ROUND(SUM(G30*H$18+H30*H$19)/12,4) -> 3.591 | I46: =ROUND(SUM(H30*I$18+I30*I$19)/12,4) -> 3.6125 | J46: =ROUND(SUM(I30*J$18+J30*J$19)/12,4) -> 3.6715 | K46: =ROUND(SUM(J30*K$18+K30*K$19)/12,4) -> 0
B48: Notes: | C48: 2011-2012 rates removed, as 2011-2012 LRAMVA was disposed in 2014 COS rate case.
C49: Table 6a in Tab 3a shows weighted average calculations based on customer counts for equivalent rates in different rate zones and different customer types (e.g. Residential Urban, Suburban, and Seasonal) were directly calculated using rates pro-rated to the calendar year for the following rate classes: Residential, GS < 50 kW (prior to 2014 rate year), and GS 50 to 2,999 kW (prior to 2014 rate year).
C50: Prior to 2014 rate year, rates for all service areas except Gravenhurst were used for other rate classes because no Gravenhurst rate class existed (Unmetered Scattered Load), there was no CDM undertaken by customers in that rate class (Sentinel Lighting), or all CDM was undertaken by customers not in Gravenhurst (Street Lighting).
C51: Rates for the GS 50 to 2,999 kW, GS 3,000 to 4,999 kW, and Large Use rate classes were adjusted to account for the Transformer Allowance for Ownership and these adjusted rates were applied to CDM results for customers that own transformers.

Sheet 3a. Rates-weighted averages
A1: Table 6a. Average Distribution Volumetric Rates by Year Weighted by Customer Counts for LRAM Calculations
A2: 2012 | B2: Rates | G2: Customer Counts (YE) | I2: Weighted Average
A3: Veridian | B3: Jan 1st to Apr 30th | D3: May 1st to Dec 31st | E3: Calendar Year Average
A4: Residential | B4: 0.0156 | D4: =0.0157-0.0003 -> 0.0154 | E4: =((B4*4)+(D4*8))/12 -> 0.015466667 | F4: kWh | G4: 100120
A5: GS < 50 kW | B5: 0.0169 | D5: =0.017-0.0002 -> 0.0168 | E5: =((B5*4)+(D5*8))/12 -> 0.016833333 | F5: kWh | G5: 8899
A6: GS > 50 kW | B6: 3.0226 | D6: =3.0492-0.04 -> 3.0092 | E6: =((B6*4)+(D6*8))/12 -> 3.0136667 | F6: kW | G6: 1017
A7: Intermediate | B7: 1.4136 | D7: =1.426-0.0312 -> 1.3948 | E7: =((B7*4)+(D7*8))/12 -> 1.4010667 | F7: kW | G7: 3
A8: Large Use | B8: 1.6837 | D8: =1.6985-0.0347 -> 1.6638 | E8: =((B8*4)+(D8*8))/12 -> 1.6704333 | F8: kW | G8: 4
A10: Gravenhurst | B10: Jan 1st to Apr 30th | D10: May 1st to Dec 31st | E10: Calendar Year Average
A11: Residential-Urban | B11: 0.0192 | D11: =0.0194-(0.0001) -> 0.0193 | E11: =((B11*4)+(D11*8))/12 -> 0.019266667 | F11: kWh | G11: 3036
A12: Residential-Suburban | B12: 0.0226 | D12: =0.0253-(0.0001) -> 0.0252 | E12: =((B12*4)+(D12*8))/12 -> 0.024333333 | F12: kWh | G12: 782
A13: Residential-Seasonal | B13: 0.0327 | D13: =0.033-(0.0003) -> 0.0327 | E13: =((B13*4)+(D13*8))/12 -> 0.0327 | F13: kWh | G13: 1588
A14: GS < 50 kW | B14: 0.0184 | D14: =0.0168-(0.0001) -> 0.0167 | E14: =((B14*4)+(D14*8))/12 -> 0.017266667 | F14: kWh | G14: 713
A15: GS > 50 kW | B15: 3.8717 | D15: =3.8174-(0.0159) -> 3.8015 | E15: =((B15*4)+(D15*8))/12 -> 3.8249 | F15: kW | G15: 46
A17: 2012 rate year rates adjusted for Rate Rider for Tax Change
A19: 2013 | B19: Rates | G19: Customer Counts (YE) | I19: Weighted Average
A20: Veridian | B20: Jan 1st to Apr 30th | D20: May 1st to Dec 31st | E20: Calendar Year Average
A21: Residential | B21: =D4 -> 0.0154 | D21: =0.0158-(0.0003) -> 0.0155 | E21: =((B21*4)+(D21*8))/12 -> 0.015466667 | F21: kWh | G21: 101253 | I21: =ROUND((E21*G21+SUMPRODUCT(E28:E30,G28:G30))/SUM(G21,G28:G30),4) -> 0.0159
A22: GS < 50 kW | B22: =D5 -> 0.0168 | D22: =0.0171-(0.0002) -> 0.0169 | E22: =((B22*4)+(D22*8))/12 -> 0.016866667 | F22: kWh | G22: 8048 | I22: =ROUND((E22*G22+E31*G31)/SUM(G22,G31),4) -> 0.0169
A23: GS > 50 kW | B23: =D6 -> 3.0092 | D23: =3.0638-(0.0362) -> 3.0276 | E23: =((B23*4)+(D23*8))/12 -> 3.0214667 | F23: kW | G23: 1023 | I23: =ROUND((E23*G23+E32*G32)/SUM(G23,G32),4) -> 3.0556
A24: Intermediate | B24: =D7 -> 1.3948 | D24: =1.4328-(0.0283) -> 1.4045 | E24: =((B24*4)+(D24*8))/12 -> 1.4012667 | F24: kW | G24: 5
A25: Large Use | B25: =D8 -> 1.6638 | D25: =1.7067-(0.0314) -> 1.6753 | E25: =((B25*4)+(D25*8))/12 -> 1.6714667 | F25: kW | G25: 2
A27: Gravenhurst | B27: Jan 1st to Apr 30th | D27: May 1st to Dec 31st | E27: Calendar Year Average
A28: Residential-Urban | B28: =D11 -> 0.0193 | D28: =0.0195-(0.0001) -> 0.0194 | E28: =((B28*4)+(D28*8))/12 -> 0.019366667 | F28: kWh | G28: 3058
A29: Residential-Suburban | B29: =D12 -> 0.0252 | D29: =0.0254-(0.0001) -> 0.0253 | E29: =((B29*4)+(D29*8))/12 -> 0.025266667 | F29: kWh | G29: 787
A30: Residential-Seasonal | B30: =D13 -> 0.0327 | D30: =0.0332-(0.0003) -> 0.0329 | E30: =((B30*4)+(D30*8))/12 -> 0.032833333 | F30: kWh | G30: 1591
A31: GS < 50 kW | B31: =D14 -> 0.0167 | D31: =0.0169-(0.0001) -> 0.0168 | E31: =((B31*4)+(D31*8))/12 -> 0.016766667 | F31: kWh | G31: 715
A32: GS > 50 kW | B32: =D15 -> 3.8015 | D32: =3.8357-(0.0155) -> 3.8202 | E32: =((B32*4)+(D32*8))/12 -> 3.8139667 | F32: kW | G32: 46
A34: 2013 rate year rates adjusted for Rate Rider for Tax Change
A36: 2014 | B36: Rates | G36: Customer Counts (YE) | I36: Weighted Average
A37: Veridian | B37: Jan 1st to Apr 30th | D37: May 1st to Dec 31st | E37: Calendar Year Average
A38: Residential | B38: =D21 -> 0.0155 | D38: 0.0159 | E38: =((B38*4)+(D38*8))/12 -> 0.015766667 | F38: kWh | G38: 102311 | I38: =ROUND((E38*G38+SUMPRODUCT(E45:E47,G45:G47))/SUM(G38,G45:G47),4) -> 0.0161
A39: GS < 50 kW | B39: =D22 -> 0.0169 | D39: 0.0162 | E39: =((B39*4)+(D39*8))/12 -> 0.016433333 | F39: kWh | G39: 8092 | I39: =ROUND((E39*G39+E48*G48)/SUM(G39,G48),4) -> 0.0164
A40: GS > 50 kW | B40: =D23 -> 3.0276 | D40: 3.1796 | E40: =((B40*4)+(D40*8))/12 -> 3.1289333 | F40: kW | G40: 1001 | I40: =ROUND((E40*G40+E49*G49)/SUM(G40,G49),4) -> 3.1403
A41: Intermediate | B41: =D24 -> 1.4045 | D41: 2.0145 | E41: =((B41*4)+(D41*8))/12 -> 1.8111667 | F41: kW | G41: 6
A42: Large Use | B42: =D25 -> 1.6753 | D42: 2.837 | E42: =((B42*4)+(D42*8))/12 -> 2.4497667 | F42: kW | G42: 2
A44: Gravenhurst | B44: Jan 1st to Apr 30th | D44: May 1st to Dec 31st | E44: Calendar Year Average
A45: Residential-Urban | B45: =D28 -> 0.0194 | D45: =D38 -> 0.0159 | E45: =((B45*4)+(D45*8))/12 -> 0.017066667 | F45: kWh | G45: 3895
A46: Residential-Suburban | B46: =D29 -> 0.0253 | D46: =D38 -> 0.0159 | E46: =((B46*4)+(D46*8))/12 -> 0.019033333 | F46: kWh
A47: Residential-Seasonal | B47: =D30 -> 0.0329 | D47: 0.0343 | E47: =((B47*4)+(D47*8))/12 -> 0.033833333 | F47: kWh | G47: 1558
A48: GS < 50 kW | B48: =D31 -> 0.0168 | D48: =D39 -> 0.0162 | E48: =((B48*4)+(D48*8))/12 -> 0.0164 | F48: kWh | G48: 716
A49: GS > 50 kW | B49: =D32 -> 3.8202 | D49: =D40 -> 3.1796 | E49: =((B49*4)+(D49*8))/12 -> 3.3931333 | F49: kW | G49: 45
A51: 2015 | B51: Rates | G51: Customer Counts (YE) | I51: Weighted Average
A52: Veridian | B52: Jan 1st to Apr 30th | D52: May 1st to Dec 31st | E52: Calendar Year Average
A53: Residential | B53: =D38 -> 0.0159 | D53: 0.0161 | E53: =((B53*4)+(D53*8))/12 -> 0.016033333 | F53: kWh | G53: 108729 | I53: =ROUND(SUMPRODUCT(E53:E54,G53:G54)/SUM(G53:G54),4) -> 0.0163
A54: Residential-Seasonal | B54: =D47 -> 0.0343 | D54: 0.0347 | E54: =((B54*4)+(D54*8))/12 -> 0.034566667 | F54: kWh | G54: 1591
A55: GS < 50 kW | B55: =D39 -> 0.0162 | D55: 0.0164 | E55: =((B55*4)+(D55*8))/12 -> 0.016333333 | F55: kWh | G55: 8843
A56: GS > 50 kW | B56: =D40 -> 3.1796 | D56: 3.2209 | E56: =((B56*4)+(D56*8))/12 -> 3.2071333 | F56: kW | G56: 1062
A57: Intermediate | B57: =D41 -> 2.0145 | D57: 2.0407 | E57: =((B57*4)+(D57*8))/12 -> 2.0319667 | F57: kW | G57: 5
A58: Large Use | B58: =D42 -> 2.837 | D58: 2.8739 | E58: =((B58*4)+(D58*8))/12 -> 2.8616 | F58: kW | G58: 3
A60: 2016 | B60: Rates | G60: Customer Counts (YE) | I60: Weighted Average
A61: Veridian | B61: Jan 1st to Apr 30th | D61: May 1st to Dec 31st | E61: Calendar Year Average
A62: Residential | B62: =D53 -> 0.0161 | D62: 0.0123 | E62: =((B62*4)+(D62*8))/12 -> 0.013566667 | F62: kWh | G62: 108729 | I62: =ROUND(SUMPRODUCT(E62:E63,G62:G63)/SUM(G62:G63),4) -> 0.0138
A63: Residential-Seasonal | B63: =D54 -> 0.0347 | D63: 0.0283 | E63: =((B63*4)+(D63*8))/12 -> 0.030433333 | F63: kWh | G63: 1591
A64: GS < 50 kW | B64: =D55 -> 0.0164 | D64: 0.0167 | E64: =((B64*4)+(D64*8))/12 -> 0.0166 | F64: kWh | G64: 8843
A65: GS > 50 kW | B65: =D56 -> 3.2209 | D65: 3.2789 | E65: =((B65*4)+(D65*8))/12 -> 3.2595667 | F65: kW | G65: 1062
A66: Intermediate | B66: =D57 -> 2.0407 | D66: 2.0774 | E66: =((B66*4)+(D66*8))/12 -> 2.0651667 | F66: kW | G66: 5
A67: Large Use | B67: =D58 -> 2.8739 | D67: 2.9256 | E67: =((B67*4)+(D67*8))/12 -> 2.9083667 | F67: kW | G67: 3
A69: 2016 customer counts are unavailable at this time, so 2015 values were used as an estimate.
A71: Note: | B71: There were no GS > 3,000 kW customers in Gravenhurst that would have been equivalent to the Intermediate rate class, so the GS 50 to 4,999 kW rate class for Gravenhurst and GS 50 to 2,999 kW rate class outside Gravenhurt were used to calculate the equivalent GS > 50 kW weighted average rates.

Sheet 4.  2011-14 LRAM
B3: 2011-2014 Lost Revenues Work Form
C5: Instruction | D5: The following LRAM work forms apply to LDCs that need to recover lost revenues from the 2011-2014 period.
D6: This workbook contains links from Tab 3 (Distribution Rates) and Tab 6 (Persistence Rates).
D7: Demand Response (DR3) Savings should generally not be included with the LRAMVA calculation, unless suported by empirical evidence
D8: Please see revised LRAM policy related to peak demand savings, issued by the OEB in EB-2016-0182.
D10: LDC to adjust the rate allocations by class (columns h to n). Please insert IESO verified savings for applicable programs (columns f to g).
D11: Adjustments will apply to the year that LRAM is claimed.
C12: Legend
D13: User Inputs (Green)
D14: Auto Populated Cells (White)
B17: Table 7. 2011 Lost Revenues Work Form
B19: # | C19: Initiative | D19: Results Status | E19: Months of Demand Savings | F19: Net Incremental Peak Demand Savings (kW) | G19: Net Incremental Energy Savings (kWh) | H19: Rate Allocation for LRAMVA
F20: 2011 kW Saved | G20: 2011 kWh Saved | H20: ='1. LRAMVA Summary'!C21 -> Residential | I20: ='1. LRAMVA Summary'!D21 -> GS < 50 kW | J20: ='1. LRAMVA Summary'!E21 -> GS 50 to 2,999 kW | K20: ='1. LRAMVA Summary'!F21 -> GS 50 to 2,999 kW with owned transformer | L20: ='1. LRAMVA Summary'!G21 -> GS 3,000 to 4,999 kW | M20: ='1. LRAMVA Summary'!H21 -> GS 3,000 to 4,999 kW with owned transformer | N20: ='1. LRAMVA Summary'!I21 -> Large Use | O20: ='1. LRAMVA Summary'!J21 -> Large Use with owned transformer | ... S20: ='1. LRAMVA Summary'!N21 -> Total
A21: 2011 | C21: Consumer Program | H21: ='2. CDM Allocation'!C25 -> kWh | I21: ='2. CDM Allocation'!D25 -> kWh | J21: ='2. CDM Allocation'!E25 -> kW | K21: ='2. CDM Allocation'!F25 -> kW | L21: ='2. CDM Allocation'!G25 -> kW | M21: ='2. CDM Allocation'!H25 -> kW | N21: ='2. CDM Allocation'!I25 -> kW | O21: ='2. CDM Allocation'!J25 -> kW | ... R21: ='2. CDM Allocation'!M25 -> kW
B22: 1 | C22: Appliance Retirement | D22: Verified | E22: 12 | F22: 52.703 | G22: 373331.18 | H22: 1 | I22: 0 | J22: 0 | K22: 0 | L22: 0 | M22: 0 | N22: 0 | O22: 0 | P22: 0 | Q22: 0 | R22: 0 | S22: =SUM(H22:R22) -> 1
B23: 2 | C23: Appliance Exchange | D23: Verified | E23: 12 | F23: 6.526 | G23: 8087.939 | H23: 1 | I23: 0 | J23: 0 | K23: 0 | L23: 0 | M23: 0 | N23: 0 | O23: 0 | P23: 0 | Q23: 0 | R23: 0 | S23: =SUM(H23:R23) -> 1
B24: 3 | C24: HVAC Incentives | D24: Verified | E24: 12 | F24: 808.909 | G24: 1507824.8 | H24: 1 | I24: 0 | J24: 0 | K24: 0 | L24: 0 | M24: 0 | N24: 0 | O24: 0 | P24: 0 | Q24: 0 | R24: 0 | S24: =SUM(H24:R24) -> 1
B25: 4 | C25: Conservation Instant Coupon Booklet | D25: Verified | E25: 12 | F25: 27.643 | G25: 447750.47 | H25: 1 | I25: 0 | J25: 0 | K25: 0 | L25: 0 | M25: 0 | N25: 0 | O25: 0 | P25: 0 | Q25: 0 | R25: 0 | S25: =SUM(H25:R25) -> 1
B26: 5 | C26: Bi-Annual Retailer Event | D26: Verified | E26: 12 | F26: 39.557 | G26: 691340.76 | H26: 1 | I26: 0 | J26: 0 | K26: 0 | L26: 0 | M26: 0 | N26: 0 | O26: 0 | P26: 0 | Q26: 0 | R26: 0 | S26: =SUM(H26:R26) -> 1
B27: 6 | C27: Retailer Co-op | D27: Verified | E27: 12 | F27: 0 | G27: 0 | H27: 1 | I27: 0 | J27: 0 | K27: 0 | L27: 0 | M27: 0 | N27: 0 | O27: 0 | P27: 0 | Q27: 0 | R27: 0 | S27: =SUM(H27:R27) -> 1
B28: 7 | C28: Residential Demand Response | D28: Verified | E28: 0 | F28: 565.6 | G28: 1464.5 | H28: 1 | I28: 0 | J28: 0 | K28: 0 | L28: 0 | M28: 0 | N28: 0 | O28: 0 | P28: 0 | Q28: 0 | R28: 0 | S28: =SUM(H28:R28) -> 1
B29: 8 | C29: Residential New Construction | D29: Verified | E29: 12 | F29: 0 | G29: 0 | H29: 1 | I29: 0 | J29: 0 | K29: 0 | L29: 0 | M29: 0 | N29: 0 | O29: 0 | P29: 0 | Q29: 0 | R29: 0 | S29: =SUM(H29:R29) -> 1
C30: Adjustments to 2011 results (if any) | D30: True-up | E30: 12 | F30: -146.864 | G30: -222421.74 | H30: 1 | I30: 0 | J30: 0 | K30: 0 | L30: 0 | M30: 0 | N30: 0 | O30: 0 | P30: 0 | Q30: 0 | R30: 0 | S30: =SUM(H30:R30) -> 1
S31: =SUM(H31:R31) -> 0
S32: =SUM(H32:R32) -> 0
C33: Business Program
B34: 9 | C34: Retrofit | D34: Verified | E34: 12 | F34: 456.757 | G34: 2463617.6 | H34: 0 | I34: 0.14059523 | J34: 0.37903226 | K34: 0.45737327 | L34: 0 | M34: 0 | N34: 0 | O34: 0.023041475 | P34: 0 | Q34: 0 | R34: 0 | S34: =SUM(H34:R34) -> 1.0000422
B35: 10 | C35: Direct Install Lighting | D35: Verified | E35: 12 | F35: 84.977 | G35: 212589.89 | H35: 0 | I35: 1 | J35: 0 | K35: 0 | L35: 0 | M35: 0 | N35: 0 | O35: 0 | P35: 0 | Q35: 0 | R35: 0 | S35: =SUM(H35:R35) -> 1
B36: 11 | C36: Building Commissioning | D36: Verified | E36: 3 | F36: 0 | G36: 0 | H36: 0 | I36: 0 | J36: 0 | K36: 0 | L36: 0 | M36: 0 | N36: 0 | O36: 0 | P36: 0 | Q36: 0 | R36: 0 | S36: =SUM(H36:R36) -> 0
B37: 12 | C37: New Construction | D37: Verified | E37: 12 | F37: 0 | G37: 0 | H37: 0 | I37: 0 | J37: 0 | K37: 0 | L37: 0 | M37: 0 | N37: 0 | O37: 0 | P37: 0 | Q37: 0 | R37: 0 | S37: =SUM(H37:R37) -> 0
B38: 13 | C38: Energy Audit | D38: Verified | E38: 12 | F38: 0 | G38: 0 | H38: 0 | I38: 1 | J38: 0 | K38: 0 | L38: 0 | M38: 0 | N38: 0 | O38: 0 | P38: 0 | Q38: 0 | R38: 0 | S38: =SUM(H38:R38) -> 1
B39: 14 | C39: Commercial Demand Response (part of residential program) | D39: Verified | E39: 0 | F39: 0 | G39: 0 | H39: 0 | I39: 0 | J39: 0 | K39: 0 | L39: 0 | M39: 0 | N39: 0 | O39: 0 | P39: 0 | Q39: 0 | R39: 0 | S39: =SUM(H39:R39) -> 0
B40: 15 | C40: Demand Response 3 | D40: Verified | E40: 0 | F40: 108.461 | G40: 4234.649 | H40: 0 | I40: 1 | J40: 0 | K40: 0 | L40: 0 | M40: 0 | N40: 0 | O40: 0 | P40: 0 | Q40: 0 | R40: 0 | S40: =SUM(H40:R40) -> 1
C41: Adjustments to 2011 results (if any) | D41: True-up | E41: 12 | F41: 17.19 | G41: 42107.561 | H41: 0 | I41: 0.67937782 | J41: 0.25943534 | K41: 0.31305724 | L41: 0 | M41: 0 | N41: 0 | O41: 0.015771145 | P41: 0 | Q41: 0 | R41: 0 | S41: =SUM(H41:R41) -> 1.2676415
S42: =SUM(H42:R42) -> 0
S43: =SUM(H43:R43) -> 0
C44: Industrial Program
B45: 16 | C45: Process & System Upgrades | D45: Verified | E45: 12 | F45: 0 | G45: 0 | H45: 0 | I45: 0 | J45: 0 | K45: 0 | L45: 0 | M45: 0 | N45: 0 | O45: 0 | P45: 0 | Q45: 0 | R45: 0 | S45: =SUM(H45:R45) -> 0
B46: 17 | C46: Monitoring & Targeting | D46: Verified | E46: 12 | F46: 0 | G46: 0 | H46: 0 | I46: 0 | J46: 0 | K46: 0 | L46: 0 | M46: 0 | N46: 0 | O46: 0 | P46: 0 | Q46: 0 | R46: 0 | S46: =SUM(H46:R46) -> 0
B47: 18 | C47: Energy Manager | D47: Verified | E47: 12 | F47: 0 | G47: 0 | H47: 0 | I47: 0 | J47: 0 | K47: 0 | L47: 0 | M47: 0 | N47: 0 | O47: 0 | P47: 0 | Q47: 0 | R47: 0 | S47: =SUM(H47:R47) -> 0
B48: 19 | C48: Retrofit | D48: Verified | E48: 12 | F48: 58.412 | G48: 381325.03 | H48: 0 | I48: 0.14059523 | J48: 0.37903226 | K48: 0.45737327 | L48: 0 | M48: 0 | N48: 0 | O48: 0.023041475 | P48: 0 | Q48: 0 | R48: 0 | S48: =SUM(H48:R48) -> 1.0000422
B49: 20 | C49: Demand Response 3 | D49: Verified | E49: 0 | F49: 313.507 | G49: 18402.51 | H49: 0 | I49: 0 | J49: 1 | K49: 0 | L49: 0 | M49: 0 | N49: 0 | O49: 0 | P49: 0 | Q49: 0 | R49: 0 | S49: =SUM(H49:R49) -> 1
C50: Adjustments to 2011 results (if any) | D50: True-up | E50: 12 | F50: 0 | G50: 0 | H50: 0 | I50: 0 | J50: 0 | K50: 0 | L50: 0 | M50: 0 | N50: 0 | O50: 0 | P50: 0 | Q50: 0 | R50: 0 | S50: =SUM(H50:R50) -> 0
S51: =SUM(H51:R51) -> 0
S52: =SUM(H52:R52) -> 0
C53: Home Assistance Program
B54: 21 | C54: Home Assistance Program | D54: Verified | E54: 12 | F54: 0 | G54: 0 | H54: 1 | I54: 0 | J54: 0 | K54: 0 | L54: 0 | M54: 0 | N54: 0 | O54: 0 | P54: 0 | Q54: 0 | R54: 0 | S54: =SUM(H54:R54) -> 1
C55: Adjustments to 2011 results (if any) | D55: True-up | E55: 12 | F55: 0 | G55: 0.045 | H55: 0 | I55: 0 | J55: 0 | K55: 0 | L55: 0 | M55: 0 | N55: 0 | O55: 0 | P55: 0 | Q55: 0 | R55: 0 | S55: =SUM(H55:R55) -> 0
S56: =SUM(H56:R56) -> 0
S57: =SUM(H57:R57) -> 0
C58: Pre-2011 Programs completed in 2011
B59: 22 | C59: Electricity Retrofit Incentive Program | D59: Verified | E59: 12 | F59: 340.951 | G59: 1799947.6 | H59: 0 | I59: 0.14059523 | J59: 0.37903226 | K59: 0.45737327 | L59: 0 | M59: 0 | N59: 0 | O59: 0.023041475 | P59: 0 | Q59: 0 | R59: 0 | S59: =SUM(H59:R59) -> 1.0000422
B60: 23 | C60: High Performance New Construction | D60: Verified | E60: 12 | F60: 278.262 | G60: 1429152.3 | H60: 0 | I60: 0 | J60: 1 | K60: 0 | L60: 0 | M60: 0 | N60: 0 | O60: 0 | P60: 0 | Q60: 0 | R60: 0 | S60: =SUM(H60:R60) -> 1
B61: 24 | C61: Toronto Comprehensive | D61: Verified | E61: 12 | F61: 0 | G61: 0 | H61: 0 | I61: 0 | J61: 0 | K61: 0 | L61: 0 | M61: 0 | N61: 0 | O61: 0 | P61: 0 | Q61: 0 | R61: 0 | S61: =SUM(H61:R61) -> 0
B62: 25 | C62: Multifamily Energy Efficiency Rebates | D62: Verified | E62: 12 | F62: 0 | G62: 0 | H62: 0 | I62: 0 | J62: 0 | K62: 0 | L62: 0 | M62: 0 | N62: 0 | O62: 0 | P62: 0 | Q62: 0 | R62: 0 | S62: =SUM(H62:R62) -> 0
C63: Adjustments to 2011 results (if any) | D63: True-up | E63: 12 | F63: 21.143 | G63: -603133.33 | H63: 0 | I63: 0 | J63: 1 | K63: 0 | L63: 0 | M63: 0 | N63: 0 | O63: 0 | P63: 0 | Q63: 0 | R63: 0 | S63: =SUM(H63:R63) -> 1
S64: =SUM(H64:R64) -> 0
S65: =SUM(H65:R65) -> 0
S66: =SUM(H66:R66) -> 0
C67: Total kWh | H67: =IF(H21="kWh",SUMPRODUCT(H22:H63,$G$22:$G$63),) -> 2807377.9 | I67: =IF(I21="kWh",SUMPRODUCT(I22:I63,$G$22:$G$63),) -> 898480.9 | J67: =IF(J21="kWh",SUMPRODUCT(J22:J63,$G$22:$G$63),) -> 0 | K67: =IF(K21="kWh",SUMPRODUCT(K22:K63,$G$22:$G$63),) -> 0 | L67: =IF(L21="kWh",SUMPRODUCT(L22:L63,$G$22:$G$63),) -> 0 | M67: =IF(M21="kWh",SUMPRODUCT(M22:M63,$G$22:$G$63),) -> 0 | N67: =IF(N21="kWh",SUMPRODUCT(N22:N63,$G$22:$G$63),) -> 0 | O67: =IF(O21="kWh",SUMPRODUCT(O22:O63,$G$22:$G$63),) -> 0 | ... R67: =IF(R21="kWh",SUMPRODUCT(R22:R63,$G$22:$G$63),) -> 0 | S67: =SUM(H67:R67) -> 3705858.8
C68: Total kWh (excludes DR) | H68: =IF(H21="kWh",H67-(G28*H28),) -> 2805913.4 | I68: =IF(I21="kWh",I67-(H28*I28),) -> 898480.9 | J68: =IF(J21="kWh",J67-(I28*J28),) -> 0 | K68: =IF(K21="kWh",K67-(J28*K28),) -> 0 | L68: =IF(L21="kWh",L67-(K28*L28),) -> 0 | M68: =IF(M21="kWh",M67-(L28*M28),) -> 0 | N68: =IF(N21="kWh",N67-(M28*N28),) -> 0 | O68: =IF(O21="kWh",O67-(N28*O28),) -> 0 | ... R68: =IF(R21="kWh",R67-(Q28*R28),) -> 0 | S68: =SUM(H68:R68) -> 3704394.3
C69: Total GS > 50 kW | H69: =IF(H21="kW",SUMPRODUCT(H22:H66,$F22:$F66,$E22:$E66),) -> 0 | I69: =IF(I21="kW",SUMPRODUCT(I22:I66,$F22:$F66,$E22:$E66),) -> 0 | J69: =IF(J21="kW",SUMPRODUCT(J22:J66,$F22:$F66,$E22:$E66),) -> 7540.3415 | K69: =IF(K21="kW",SUMPRODUCT(K22:K66,$F22:$F66,$E22:$E66),) -> 4763.3743 | L69: =IF(L21="kW",SUMPRODUCT(L22:L66,$F22:$F66,$E22:$E66),) -> 0 | M69: =IF(M21="kW",SUMPRODUCT(M22:M66,$F22:$F66,$E22:$E66),) -> 0 | N69: =IF(N21="kW",SUMPRODUCT(N22:N66,$F22:$F66,$E22:$E66),) -> 0 | O69: =IF(O21="kW",SUMPRODUCT(O22:O66,$F22:$F66,$E22:$E66),) -> 239.96848 | ... R69: =IF(R21="kW",SUMPRODUCT(R22:R66,$F22:$F66,$E22:$E66),) -> 0 | S69: =SUM(H69:R69) -> 12543.684
C70: Total GS > 50 kW (excludes Building Commissioning) | H70: =IF(H21="kW",H69-($E$36*$F$36*H36),) -> 0 | I70: =IF(I21="kW",I69-($E$36*$F$36*I36),) -> 0 | J70: =IF(J21="kW",J69-($E$36*$F$36*J36),) -> 7540.3415 | K70: =IF(K21="kW",K69-($E$36*$F$36*K36),) -> 4763.3743 | L70: =IF(L21="kW",L69-($E$36*$F$36*L36),) -> 0 | M70: =IF(M21="kW",M69-($E$36*$F$36*M36),) -> 0 | N70: =IF(N21="kW",N69-($E$36*$F$36*N36),) -> 0 | O70: =IF(O21="kW",O69-($E$36*$F$36*O36),) -> 239.96848 | ... R70: =IF(R21="kW",R69-($E$36*$F$36*R36),) -> 0 | S70: =SUM(H70:R70) -> 12543.684
C72: Distribution Rate in 2011 | H72: ='3. Distribution Rates'!E36 -> 0 | I72: ='3. Distribution Rates'!E37 -> 0 | J72: ='3. Distribution Rates'!E38 -> 0 | K72: ='3. Distribution Rates'!E39 -> 0 | L72: ='3. Distribution Rates'!E40 -> 0 | M72: ='3. Distribution Rates'!E41 -> 0 | N72: ='3. Distribution Rates'!E42 -> 0 | O72: ='3. Distribution Rates'!E43 -> 0 | P72: ='3. Distribution Rates'!E44 -> 0 | Q72: ='3. Distribution Rates'!E45 -> 0 | R72: ='3. Distribution Rates'!E46 -> 0
C73: Lost Revenue in 2011 | H73: =IF(H21="kWh",H67,H69)*H72 -> 0 | I73: =IF(I21="kWh",I67,I69)*I72 -> 0 | J73: =IF(J21="kWh",J67,J69)*J72 -> 0 | K73: =IF(K21="kWh",K67,K69)*K72 -> 0 | L73: =IF(L21="kWh",L67,L69)*L72 -> 0 | M73: =IF(M21="kWh",M67,M69)*M72 -> 0 | N73: =IF(N21="kWh",N67,N69)*N72 -> 0 | O73: =IF(O21="kWh",O67,O69)*O72 -> 0 | ... R73: =IF(R21="kWh",R67,R69)*R72 -> 0 | S73: =SUM(H73:R73) -> 0
C74: 2011 Savings Persisting in 2012 | H74: ='6. Persistence Rates'!D314 -> 2805913.4 | I74: ='6. Persistence Rates'!E314 -> 893024.21 | J74: ='6. Persistence Rates'!F314 -> 7540.3356 | K74: ='6. Persistence Rates'!G314 -> 4763.3745 | L74: ='6. Persistence Rates'!H314 -> 0 | M74: ='6. Persistence Rates'!I314 -> 0 | N74: ='6. Persistence Rates'!J314 -> 0 | O74: ='6. Persistence Rates'!K314 -> 239.96849 | ... R74: ='6. Persistence Rates'!N314 -> 0
C75: 2011 Savings Persisting in 2013 | H75: ='6. Persistence Rates'!D315 -> 2805913.4 | I75: ='6. Persistence Rates'!E315 -> 877487.66 | J75: ='6. Persistence Rates'!F315 -> 7540.3356 | K75: ='6. Persistence Rates'!G315 -> 4763.3745 | L75: ='6. Persistence Rates'!H315 -> 0 | M75: ='6. Persistence Rates'!I315 -> 0 | N75: ='6. Persistence Rates'!J315 -> 0 | O75: ='6. Persistence Rates'!K315 -> 239.96849 | ... R75: ='6. Persistence Rates'!N315 -> 0
C76: 2011 Savings Persisting in 2014 | H76: ='6. Persistence Rates'!D316 -> 2800421.8 | I76: ='6. Persistence Rates'!E316 -> 788630.83 | J76: ='6. Persistence Rates'!F316 -> 7540.3356 | K76: ='6. Persistence Rates'!G316 -> 4763.3745 | L76: ='6. Persistence Rates'!H316 -> 0 | M76: ='6. Persistence Rates'!I316 -> 0 | N76: ='6. Persistence Rates'!J316 -> 0 | O76: ='6. Persistence Rates'!K316 -> 239.96849 | ... R76: ='6. Persistence Rates'!N316 -> 0
C77: 2011 Savings Persisting in 2015 | H77: ='6. Persistence Rates'!D317 -> 2225022.5 | I77: ='6. Persistence Rates'!E317 -> 788036.34 | J77: ='6. Persistence Rates'!F317 -> 7540.3356 | K77: ='6. Persistence Rates'!G317 -> 4763.3745 | L77: ='6. Persistence Rates'!H317 -> 0 | M77: ='6. Persistence Rates'!I317 -> 0 | N77: ='6. Persistence Rates'!J317 -> 0 | O77: ='6. Persistence Rates'!K317 -> 239.96849 | ... R77: ='6. Persistence Rates'!N317 -> 0
C78: 2011 Savings Persisting in 2016
C79: 2011 Savings Persisting in 2017
C80: 2011 Savings Persisting in 2018
C81: 2011 Savings Persisting in 2019
C82: 2011 Savings Persisting in 2020
B85: Table 8. 2012 Lost Revenues Work Form
B87: # | C87: Initiative | D87: Results Status | E87: Months of Demand Savings | F87: Net Incremental Peak Demand Savings (kW) | G87: Net Incremental Energy Savings (kWh) | H87: Rate Allocation for LRAMVA
F88: 2012 kW Saved | G88: 2012 kWh Saved | H88: =H20 -> Residential | I88: =I20 -> GS < 50 kW | J88: =J20 -> GS 50 to 2,999 kW | K88: =K20 -> GS 50 to 2,999 kW with owned transformer | L88: =L20 -> GS 3,000 to 4,999 kW | M88: =M20 -> GS 3,000 to 4,999 kW with owned transformer | N88: =N20 -> Large Use | O88: =O20 -> Large Use with owned transformer | ... R88: =R20 -> Street Lighting | S88: Total
C89: Consumer Program | H89: =H$21 -> kWh | I89: =I$21 -> kWh | J89: =J$21 -> kW | K89: =K$21 -> kW | L89: =L$21 -> kW | M89: =M$21 -> kW | N89: =N$21 -> kW | O89: =O$21 -> kW | ... R89: =R$21 -> kW
A90: 2012 | B90: 1 | C90: Appliance Retirement | D90: Verified | E90: 12 | F90: 27.005 | G90: 177849.66 | H90: 1 | I90: 0 | J90: 0 | K90: 0 | L90: 0 | M90: 0 | N90: 0 | O90: 0 | P90: 0 | Q90: 0 | R90: 0 | S90: =SUM(H90:R90) -> 1
B91: 2 | C91: Appliance Exchange | D91: Verified | E91: 12 | F91: 11.872 | G91: 20973.197 | H91: 1 | I91: 0 | J91: 0 | K91: 0 | L91: 0 | M91: 0 | N91: 0 | O91: 0 | P91: 0 | Q91: 0 | R91: 0 | S91: =SUM(H91:R91) -> 1
B92: 3 | C92: HVAC Incentives | D92: Verified | E92: 12 | F92: 542.476 | G92: 934123.69 | H92: 1 | I92: 0 | J92: 0 | K92: 0 | L92: 0 | M92: 0 | N92: 0 | O92: 0 | P92: 0 | Q92: 0 | R92: 0 | S92: =SUM(H92:R92) -> 1
B93: 4 | C93: Conservation Instant Coupon Booklet | D93: Verified | E93: 12 | F93: 5.421 | G93: 32892.726 | H93: 1 | I93: 0 | J93: 0 | K93: 0 | L93: 0 | M93: 0 | N93: 0 | O93: 0 | P93: 0 | Q93: 0 | R93: 0 | S93: =SUM(H93:R93) -> 1
B94: 5 | C94: Bi-Annual Retailer Event | D94: Verified | E94: 12 | F94: 34.817 | G94: 630039.4 | H94: 1 | I94: 0 | J94: 0 | K94: 0 | L94: 0 | M94: 0 | N94: 0 | O94: 0 | P94: 0 | Q94: 0 | R94: 0 | S94: =SUM(H94:R94) -> 1
B95: 6 | C95: Retailer Co-op | D95: Verified | E95: 12 | F95: 0 | G95: 0 | H95: 1 | I95: 0 | J95: 0 | K95: 0 | L95: 0 | M95: 0 | N95: 0 | O95: 0 | P95: 0 | Q95: 0 | R95: 0 | S95: =SUM(H95:R95) -> 1
B96: 7 | C96: Residential Demand Response (switch/pstat) | D96: Verified | E96: 0 | F96: 1630.664 | G96: 14113.375 | H96: 1 | I96: 0 | J96: 0 | K96: 0 | L96: 0 | M96: 0 | N96: 0 | O96: 0 | P96: 0 | Q96: 0 | R96: 0 | S96: =SUM(H96:R96) -> 1
B97: 8 | C97: Residential Demand Response (IHD) | D97: Verified | E97: 0 | F97: 0 | G97: 0 | H97: 1 | I97: 0 | J97: 0 | K97: 0 | L97: 0 | M97: 0 | N97: 0 | O97: 0 | P97: 0 | Q97: 0 | R97: 0 | S97: =SUM(H97:R97) -> 1
B98: 9 | C98: Residential New Construction | D98: Verified | E98: 12 | F98: 0 | G98: 0 | H98: 1 | I98: 0 | J98: 0 | K98: 0 | L98: 0 | M98: 0 | N98: 0 | O98: 0 | P98: 0 | Q98: 0 | R98: 0 | S98: =SUM(H98:R98) -> 1
C99: Adjustments to 2012 results (if any) | D99: True-up | E99: 12 | F99: 15.566 | G99: 30567.161 | H99: 1 | I99: 0 | J99: 0 | K99: 0 | L99: 0 | M99: 0 | N99: 0 | O99: 0 | P99: 0 | Q99: 0 | R99: 0 | S99: =SUM(H99:R99) -> 1
C102: Business Program
B103: 10 | C103: Retrofit | D103: Verified | E103: 12 | F103: 1213.192 | G103: 6472559 | H103: 0 | I103: 0.096957633 | J103: 0.52761748 | K103: 0.35201979 | L103: 0 | M103: 0.0024732069 | N103: 0 | O103: 0.020610058 | P103: 0 | Q103: 0 | R103: 0 | S103: =SUM(H103:R103) -> 0.99967816
B104: 11 | C104: Direct Install Lighting | D104: Verified | E104: 12 | F104: 158.682 | G104: 606683.33 | H104: 0 | I104: 1 | J104: 0 | K104: 0 | L104: 0 | M104: 0 | N104: 0 | O104: 0 | P104: 0 | Q104: 0 | R104: 0 | S104: =SUM(H104:R104) -> 1
B105: 12 | C105: Building Commissioning | D105: Verified | E105: 3 | F105: 0 | G105: 0 | H105: 0 | I105: 0 | J105: 0 | K105: 0 | L105: 0 | M105: 0 | N105: 0 | O105: 0 | P105: 0 | Q105: 0 | R105: 0 | S105: =SUM(H105:R105) -> 0
B106: 13 | C106: New Construction | D106: Verified | E106: 12 | F106: 0 | G106: 0 | H106: 0 | I106: 0 | J106: 1 | K106: 0 | L106: 0 | M106: 0 | N106: 0 | O106: 0 | P106: 0 | Q106: 0 | R106: 0 | S106: =SUM(H106:R106) -> 1
B107: 14 | C107: Energy Audit | D107: Verified | E107: 12 | F107: 67.303 | G107: 327291.31 | H107: 0 | I107: 1 | J107: 0 | K107: 0 | L107: 0 | M107: 0 | N107: 0 | O107: 0 | P107: 0 | Q107: 0 | R107: 0 | S107: =SUM(H107:R107) -> 1
B108: 15 | C108: Small Commercial Demand Response (switch/pstat)* | D108: Verified | E108: 0 | F108: 51.84 | G108: 294.84 | H108: 0 | I108: 1 | J108: 0 | K108: 0 | L108: 0 | M108: 0 | N108: 0 | O108: 0 | P108: 0 | Q108: 0 | R108: 0 | S108: =SUM(H108:R108) -> 1
B109: 16 | C109: Small Commercial Demand Response (IHD) | D109: Verified | E109: 0 | F109: 0 | G109: 0 | H109: 0 | I109: 0 | J109: 0 | K109: 0 | L109: 0 | M109: 0 | N109: 0 | O109: 0 | P109: 0 | Q109: 0 | R109: 0 | S109: =SUM(H109:R109) -> 0
B110: 17 | C110: Demand Response 3 | D110: Verified | E110: 0 | F110: 108.781 | G110: 1581.165 | H110: 0 | I110: 1 | J110: 0 | K110: 0 | L110: 0 | M110: 0 | N110: 0 | O110: 0 | P110: 0 | Q110: 0 | R110: 0 | S110: =SUM(H110:R110) -> 1
C111: Adjustments to 2012 results (if any) | D111: True-up | E111: 12 | F111: 245.238 | G111: 1410297.9 | H111: 0 | I111: 0.13612588 | J111: 0.50814113 | K111: 0.32720997 | L111: 0 | M111: 0.0022988991 | N111: 0 | O111: 0.019157492 | P111: 0 | Q111: 0 | R111: 0 | S111: =SUM(H111:R111) -> 0.99293337
C114: Industrial Program
B115: 18 | C115: Process & System Upgrades | D115: Verified | E115: 12 | F115: 0 | G115: 0 | H115: 0 | I115: 0 | J115: 0 | K115: 0 | L115: 0 | M115: 0 | N115: 0 | O115: 0 | P115: 0 | Q115: 0 | R115: 0 | S115: =SUM(H115:R115) -> 0
...

Sheet 5.  2015 LRAM
B2: 2015 Lost Revenues Work Form
C4: Instruction | E4: LDCs can apply for disposition of LRAMVA amounts at any time, but at a minimum, must do so as part of a Cost of Service application.
E5: Lost revenues for the period prior to rebasing should be included within the LDCs load forecast on a go forward basis, negating the need for perpetual LRAMVA claims related to persisting savings from historic programs.
E6: LDC to adjust the rate allocations by class (columns h to n). Please insert IESO verified savings for applicable programs (columns f to g).
E7: Adjustments will apply to the year that LRAM is claimed.
E8: This workbook contains links from Tab 3 (Distribution Rates) and Tab 6 (Persistence Rates).
C11: Legend | E11: User Inputs (Green)
E12: Auto Populated Cells (White)
B14: Table11-a. 2015 LRAM Work Form
B15: # | C15: Initiative | D15: Results Status | E15: Months of Demand Savings | F15: Net Incremental Peak Demand Savings (kW) | G15: Net Incremental Energy Savings (kWh) | H15: Rate Allocation for LRAMVA
F16: 2015 kW saved | G16: 2015 kWh saved | H16: ='4. 2011-14 LRAM'!H247 -> Residential | I16: ='4. 2011-14 LRAM'!I247 -> GS < 50 kW | J16: ='4. 2011-14 LRAM'!J247 -> GS 50 to 2,999 kW | K16: ='4. 2011-14 LRAM'!K247 -> GS 50 to 2,999 kW with owned transformer | L16: ='4. 2011-14 LRAM'!L247 -> GS 3,000 to 4,999 kW | M16: ='4. 2011-14 LRAM'!M247 -> GS 3,000 to 4,999 kW with owned transformer | N16: ='4. 2011-14 LRAM'!N247 -> Large Use | O16: ='4. 2011-14 LRAM'!O247 -> Large Use with owned transformer | ... R16: ='4. 2011-14 LRAM'!R247 -> Street Lighting | S16: Total
B17: 2011-2014+2015 Extension Legacy Framework Programs | H17: ='4. 2011-14 LRAM'!H21 -> kWh | I17: ='4. 2011-14 LRAM'!I21 -> kWh | J17: ='4. 2011-14 LRAM'!J21 -> kW | K17: ='4. 2011-14 LRAM'!K21 -> kW | L17: ='4. 2011-14 LRAM'!L21 -> kW | M17: ='4. 2011-14 LRAM'!M21 -> kW | N17: ='4. 2011-14 LRAM'!N21 -> kW | O17: ='4. 2011-14 LRAM'!O21 -> kW | ... R17: ='4. 2011-14 LRAM'!R21 -> kW
B18: Residential Program
B19: 1 | C19: Coupon Initiative | D19: Verified | E19: 12 | F19: 78 | G19: 1183155 | H19: 1 | I19: 0 | J19: 0 | K19: 0 | L19: 0 | M19: 0 | N19: 0 | O19: 0 | P19: 0 | Q19: 0 | R19: 0 | S19: =SUM(H19:R19) -> 1
B20: 2 | C20: Bi-Annual Retailer Event Initiative | D20: Verified | E20: 12 | F20: 141 | G20: 2088014 | H20: 1 | I20: 0 | J20: 0 | K20: 0 | L20: 0 | M20: 0 | N20: 0 | O20: 0 | P20: 0 | Q20: 0 | R20: 0 | S20: =SUM(H20:R20) -> 1
B21: 3 | C21: Appliance Retirement Initiative | D21: Verified | E21: 12 | F21: 8 | G21: 47892 | H21: 1 | I21: 0 | J21: 0 | K21: 0 | L21: 0 | M21: 0 | N21: 0 | O21: 0 | P21: 0 | Q21: 0 | R21: 0 | S21: =SUM(H21:R21) -> 1
B22: 4 | C22: HVAC Incentives Initaitive | D22: Verified | E22: 12 | F22: 946 | G22: 1808692 | H22: 1 | I22: 0 | J22: 0 | K22: 0 | L22: 0 | M22: 0 | N22: 0 | O22: 0 | P22: 0 | Q22: 0 | R22: 0 | S22: =SUM(H22:R22) -> 1
B23: 5 | C23: Residential New Construction and Major Renovation Initiative | D23: Verified | E23: 12 | F23: 2 | G23: 5803 | H23: 1 | I23: 0 | J23: 0 | K23: 0 | L23: 0 | M23: 0 | N23: 0 | O23: 0 | P23: 0 | Q23: 0 | R23: 0 | S23: =SUM(H23:R23) -> 1
B24: Adjustments to 2015 results (if any) | D24: True-up | E24: 12 | S24: =SUM(H24:R24) -> 0
B28: Commercial & Institutional Program
B29: 7 | C29: Energy Audit Initiative | D29: Verified | E29: 12 | F29: 155 | G29: 729262 | H29: 0 | I29: 0.1 | J29: 0.6 | K29: 0.3 | L29: 0 | M29: 0 | N29: 0 | O29: 0 | P29: 0 | Q29: 0 | R29: 0 | S29: =SUM(H29:R29) -> 1
B30: 8 | C30: Efficiency: Equipment Replacement Incentive Initiative | D30: Verified | E30: 12 | F30: 1208 | G30: 7428449 | H30: 0.0069272608 | I30: 0.12327267 | J30: 0.44060611 | K30: 0.36395685 | L30: 0 | M30: 0.0048372671 | N30: 0 | O30: 0.035563263 | P30: 0.00012563147 | Q30: 0 | R30: 0 | S30: =SUM(H30:R30) -> 0.97528905
B31: 9 | C31: Direct Install Lighting and Water Heating Initiative | D31: Verified | E31: 12 | F31: 425 | G31: 1859906 | H31: 0 | I31: 0 | J31: 0 | K31: 0 | L31: 0 | M31: 0 | N31: 0 | O31: 0 | P31: 0 | Q31: 0 | R31: 0 | S31: =SUM(H31:R31) -> 0
B32: 10 | C32: New Construction and Major Renovation Initiative | D32: Verified | E32: 12 | F32: 0 | G32: 0 | H32: 0 | I32: 0 | J32: 0 | K32: 0 | L32: 0 | M32: 0 | N32: 0 | O32: 0 | P32: 0 | Q32: 0 | R32: 0 | S32: =SUM(H32:R32) -> 0
B33: 11 | C33: Existing Building Commissioning Incentive Initiative | D33: Verified | E33: 3 | F33: 0 | G33: 0 | H33: 0 | I33: 0 | J33: 0 | K33: 0 | L33: 0 | M33: 0 | N33: 0 | O33: 0 | P33: 0 | Q33: 0 | R33: 0 | S33: =SUM(H33:R33) -> 0
B34: Adjustments to 2015 results (if any) | D34: True-up | E34: 12 | S34: =SUM(H34:R34) -> 0
B38: Industrial Program
B39: 12 | C39: Process and Systems Upgrades Initiatives - Project Incentive Initiative | D39: Verified | E39: 12 | F39: 0 | G39: 0 | H39: 0 | I39: 0 | J39: 0 | K39: 0 | L39: 0 | M39: 0 | N39: 0 | O39: 0 | P39: 0 | Q39: 0 | R39: 0 | S39: =SUM(H39:R39) -> 0
B40: 13 | C40: Process and Systems Upgrades Initiatives - Monitoring and Targeting Initiative | D40: Verified | E40: 12 | F40: 0 | G40: 0 | H40: 0 | I40: 0 | J40: 0 | K40: 0 | L40: 0 | M40: 0 | N40: 0 | O40: 0 | P40: 0 | Q40: 0 | R40: 0 | S40: =SUM(H40:R40) -> 0
B41: 14 | C41: Process and Systems Upgrades Initiatives - Energy Manager Initiative | D41: Verified | E41: 12 | F41: 776 | G41: 4305014 | H41: 0 | I41: 0 | J41: 0.029139261 | K41: 0.0054850889 | L41: 0 | M41: 0 | N41: 0 | O41: 0.96537565 | P41: 0 | Q41: 0 | R41: 0 | S41: =SUM(H41:R41) -> 1
B42: Adjustments to 2015 results (if any) | D42: True-up | E42: 12 | S42: =SUM(H42:R42) -> 0
B46: Low Income Program
B47: 15 | C47: Low Income Initiative | D47: Verified | E47: 12 | F47: 23 | G47: 291475 | H47: 0 | I47: 0 | J47: 0 | K47: 0 | L47: 0 | M47: 0 | N47: 0 | O47: 0 | P47: 0 | Q47: 0 | R47: 0 | S47: =SUM(H47:R47) -> 0
B48: Adjustments to 2015 results (if any) | D48: True-up | E48: 12 | S48: =SUM(H48:R48) -> 0
S49: =SUM(H49:O49) -> 0
S51: =SUM(H51:O51) -> 0
B52: Pilots
B53: 16 | C53: Loblaws Pilot | D53: Verified | E53: 12 | F53: 0 | G53: 0 | H53: 0 | I53: 0 | J53: 0 | K53: 0 | L53: 0 | M53: 0 | N53: 0 | O53: 0 | P53: 0 | Q53: 0 | R53: 0 | S53: =SUM(H53:R53) -> 0
B54: 17 | C54: Social Benchmarking Pliot | D54: Verified | E54: 12 | F54: 0 | G54: 0 | H54: 0 | I54: 0 | J54: 0 | K54: 0 | L54: 0 | M54: 0 | N54: 0 | O54: 0 | P54: 0 | Q54: 0 | R54: 0 | S54: =SUM(H54:R54) -> 0
B55: 18 | C55: Conservation Fund Pilot - SEG | D55: Verified | E55: 12 | F55: 0 | G55: 0 | H55: 0 | I55: 0 | J55: 0 | K55: 0 | L55: 0 | M55: 0 | N55: 0 | O55: 0 | P55: 0 | Q55: 0 | R55: 0 | S55: =SUM(H55:R55) -> 0
B56: 19 | C56: Conservation Fund Pilot - EnerNOC | D56: Verified | E56: 12 | F56: 0 | G56: 0 | H56: 0 | I56: 0 | J56: 0 | K56: 0 | L56: 0 | M56: 0 | N56: 0 | O56: 0 | P56: 0 | Q56: 0 | R56: 0 | S56: =SUM(H56:R56) -> 0
B57: Adjustments to 2015 results (if any) | D57: True-up | E57: 12 | S57: =SUM(H57:R57) -> 0
B61: 2015-2020 Conservation First Framework Programs
B63: Residential Province-Wide Programs
B64: 21 | C64: Save on Energy Coupon Program | D64: Verified | E64: 12 | F64: 0 | G64: 0 | H64: 1 | I64: 0 | J64: 0 | K64: 0 | L64: 0 | M64: 0 | N64: 0 | O64: 0 | P64: 0 | Q64: 0 | R64: 0 | S64: =SUM(H64:R64) -> 1
B65: 22 | C65: Save on Energy Heating and Cooling Program | D65: Verified | E65: 12 | F65: 0 | G65: 0 | H65: 1 | I65: 0 | J65: 0 | K65: 0 | L65: 0 | M65: 0 | N65: 0 | O65: 0 | P65: 0 | Q65: 0 | R65: 0 | S65: =SUM(H65:R65) -> 1
B66: 23 | C66: Save on Energy New Construction Program | D66: Verified | E66: 12 | F66: 0 | G66: 0 | H66: 1 | I66: 0 | J66: 0 | K66: 0 | L66: 0 | M66: 0 | N66: 0 | O66: 0 | P66: 0 | Q66: 0 | R66: 0 | S66: =SUM(H66:R66) -> 1
B67: 24 | C67: Save on Energy Home Assistance Program | D67: Verified | E67: 12 | F67: 0 | G67: 0 | H67: 1 | I67: 0 | J67: 0 | K67: 0 | L67: 0 | M67: 0 | N67: 0 | O67: 0 | P67: 0 | Q67: 0 | R67: 0 | S67: =SUM(H67:R67) -> 1
B68: Adjustments to 2015 results (if any) | D68: True-up | E68: 12 | S68: =SUM(H68:R68) -> 0
B72: Non-Residential Province-Wide Programs
B73: 25 | C73: Save on Energy Audit Funding Program | D73: Verified | E73: 12 | F73: 0 | G73: 0 | H73: 1 | I73: 0 | J73: 0 | K73: 0 | L73: 0 | M73: 0 | N73: 0 | O73: 0 | P73: 0 | Q73: 0 | R73: 0 | S73: =SUM(H73:R73) -> 1
B74: 26 | C74: Save on Energy Retrofit Program | D74: Verified | E74: 12 | F74: 113 | G74: 659315 | H74: 0.0069272608 | I74: 0.12327267 | J74: 0.44060611 | K74: 0.36395685 | L74: 0 | M74: 0.0048372671 | N74: 0 | O74: 0.035563263 | P74: 0.00012563147 | Q74: 0 | R74: 0 | S74: =SUM(H74:R74) -> 0.97528905
B75: 27 | C75: Save on Energy Small Business Lighting Program | D75: Verified | E75: 12 | F75: 0 | G75: 0 | H75: 1 | I75: 0 | J75: 0 | K75: 0 | L75: 0 | M75: 0 | N75: 0 | O75: 0 | P75: 0 | Q75: 0 | R75: 0 | S75: =SUM(H75:R75) -> 1
B76: 28 | C76: Save on Energy High Performance New Construction Program | D76: Verified | E76: 12 | F76: 0 | G76: 0 | H76: 1 | I76: 0 | J76: 0 | K76: 0 | L76: 0 | M76: 0 | N76: 0 | O76: 0 | P76: 0 | Q76: 0 | R76: 0 | S76: =SUM(H76:R76) -> 1
B77: 29 | C77: Save on Energy Existing Building Commissioning Program | D77: Verified | E77: 3 | F77: 0 | G77: 0 | H77: 1 | I77: 0 | J77: 0 | K77: 0 | L77: 0 | M77: 0 | N77: 0 | O77: 0 | P77: 0 | Q77: 0 | R77: 0 | S77: =SUM(H77:R77) -> 1
B78: 30 | C78: Save on Energy Process & Systems Upgrades Program | D78: Verified | E78: 12 | F78: 0 | G78: 0 | H78: 1 | I78: 0 | J78: 0 | K78: 0 | L78: 0 | M78: 0 | N78: 0 | O78: 0 | P78: 0 | Q78: 0 | R78: 0 | S78: =SUM(H78:R78) -> 1
B79: 31 | C79: Save on Energy Monitoring & Targeting Program | D79: Verified | E79: 12 | F79: 0 | G79: 0 | H79: 1 | I79: 0 | J79: 0 | K79: 0 | L79: 0 | M79: 0 | N79: 0 | O79: 0 | P79: 0 | Q79: 0 | R79: 0 | S79: =SUM(H79:R79) -> 1
B80: 32 | C80: Save on Energy Energy Manager Program | D80: Verified | E80: 12 | F80: 0 | G80: 0 | H80: 1 | I80: 0 | J80: 0 | K80: 0 | L80: 0 | M80: 0 | N80: 0 | O80: 0 | P80: 0 | Q80: 0 | R80: 0 | S80: =SUM(H80:R80) -> 1
B81: Adjustments to 2015 results (if any) | D81: True-up | E81: 12 | S81: =SUM(H81:R81) -> 0
B85: Local & Regional Programs
B86: 33 | C86: Business Refrigeration Local Program | D86: Verified | E86: 12 | F86: 0 | G86: 0 | H86: 1 | I86: 0 | J86: 0 | K86: 0 | L86: 0 | M86: 0 | N86: 0 | O86: 0 | P86: 0 | Q86: 0 | R86: 0 | S86: =SUM(H86:R86) -> 1
B87: 34 | C87: First Nation Conservation Local Program | D87: Verified | E87: 12 | F87: 0 | G87: 0 | H87: 1 | I87: 0 | J87: 0 | K87: 0 | L87: 0 | M87: 0 | N87: 0 | O87: 0 | P87: 0 | Q87: 0 | R87: 0 | S87: =SUM(H87:R87) -> 1
B88: 35 | C88: Social Benchmarking Local Program | D88: Verified | E88: 12 | F88: 0 | G88: 0 | H88: 1 | I88: 0 | J88: 0 | K88: 0 | L88: 0 | M88: 0 | N88: 0 | O88: 0 | P88: 0 | Q88: 0 | R88: 0 | S88: =SUM(H88:R88) -> 1
B89: Adjustments to 2015 results (if any) | D89: True-up | E89: 12 | S89: =SUM(H89:R89) -> 0
B93: Pilot Programs
B94: 36 | C94: Enersource Hydro Mississauga Inc. - Performance-Based Conservation Pilot Program - Conservation Fund | D94: Verified | E94: 12 | F94: 0 | G94: 0 | H94: 1 | I94: 0 | J94: 0 | K94: 0 | L94: 0 | M94: 0 | N94: 0 | O94: 0 | P94: 0 | Q94: 0 | R94: 0 | S94: =SUM(H94:R94) -> 1
B95: 37 | C95: EnWin Utilities Ltd. - Building Optimization Pilot | D95: Verified | E95: 12 | F95: 0 | G95: 0 | H95: 1 | I95: 0 | J95: 0 | K95: 0 | L95: 0 | M95: 0 | N95: 0 | O95: 0 | P95: 0 | Q95: 0 | R95: 0 | S95: =SUM(H95:R95) -> 1
B96: 38 | C96: EnWin Utilities Ltd. - Re-Invest Pilot | D96: Verified | E96: 12 | F96: 0 | G96: 0 | H96: 1 | I96: 0 | J96: 0 | K96: 0 | L96: 0 | M96: 0 | N96: 0 | O96: 0 | P96: 0 | Q96: 0 | R96: 0 | S96: =SUM(H96:R96) -> 1
B97: 39 | C97: Horizon Utilities Corporation - ECM Furnace Motor Pilot | D97: Verified | E97: 12 | F97: 0 | G97: 0 | H97: 1 | I97: 0 | J97: 0 | K97: 0 | L97: 0 | M97: 0 | N97: 0 | O97: 0 | P97: 0 | Q97: 0 | R97: 0 | S97: =SUM(H97:R97) -> 1
B98: 40 | C98: Horizon Utilities Corporation - Social Benchmarking Pilot | D98: Verified | E98: 12 | F98: 0 | G98: 0 | H98: 1 | I98: 0 | J98: 0 | K98: 0 | L98: 0 | M98: 0 | N98: 0 | O98: 0 | P98: 0 | Q98: 0 | R98: 0 | S98: =SUM(H98:R98) -> 1
B99: 41 | C99: Hydro Ottawa Limited - Conservation Voltage Regulation (CVR) Leveraging AMI Data Pilot | D99: Verified | E99: 12 | F99: 0 | G99: 0 | H99: 1 | I99: 0 | J99: 0 | K99: 0 | L99: 0 | M99: 0 | N99: 0 | O99: 0 | P99: 0 | Q99: 0 | R99: 0 | S99: =SUM(H99:R99) -> 1
B100: 42 | C100: Hydro Ottawa Limited - Residential Demand Response Wi-Fi Thermostat Pilot | D100: Verified | E100: 12 | F100: 0 | G100: 0 | H100: 1 | I100: 0 | J100: 0 | K100: 0 | L100: 0 | M100: 0 | N100: 0 | O100: 0 | P100: 0 | Q100: 0 | R100: 0 | S100: =SUM(H100:R100) -> 1
B101: 43 | C101: Kitchener-Wilmot Hydro Inc. - Pilot - DCKV | D101: Verified | E101: 12 | F101: 0 | G101: 0 | H101: 1 | I101: 0 | J101: 0 | K101: 0 | L101: 0 | M101: 0 | N101: 0 | O101: 0 | P101: 0 | Q101: 0 | R101: 0 | S101: =SUM(H101:R101) -> 1
B102: 44 | C102: Niagara-on-the-Lake Hydro Inc. - Direct Install Energy Efficiency Measures for the Agricultural Sector | D102: Verified | E102: 12 | F102: 0 | G102: 0 | H102: 1 | I102: 0 | J102: 0 | K102: 0 | L102: 0 | M102: 0 | N102: 0 | O102: 0 | P102: 0 | Q102: 0 | R102: 0 | S102: =SUM(H102:R102) -> 1
B103: 45 | C103: Oakville Hydro Electricity Distribution Inc. - Direct Install - Hydronic | D103: Verified | E103: 12 | F103: 0 | G103: 0 | H103: 1 | I103: 0 | J103: 0 | K103: 0 | L103: 0 | M103: 0 | N103: 0 | O103: 0 | P103: 0 | Q103: 0 | R103: 0 | S103: =SUM(H103:R103) -> 1
B104: 46 | C104: Oakville Hydro Electricity Distribution Inc. - Direct Install - RTU Controls | D104: Verified | E104: 12 | F104: 0 | G104: 0 | H104: 1 | I104: 0 | J104: 0 | K104: 0 | L104: 0 | M104: 0 | N104: 0 | O104: 0 | P104: 0 | Q104: 0 | R104: 0 | S104: =SUM(H104:R104) -> 1
B105: 47 | C105: Toronto Hydro-Electric System Limited - Direct Install - Hydronic (Pilot Savings) | D105: Verified | E105: 12 | F105: 0 | G105: 0 | H105: 1 | I105: 0 | J105: 0 | K105: 0 | L105: 0 | M105: 0 | N105: 0 | O105: 0 | P105: 0 | Q105: 0 | R105: 0 | S105: =SUM(H105:R105) -> 1
... B107: 49 | C107: Toronto Hydro-Electric System Limited - PFP - Large (Pilot Savings) | D107: Verified | E107: 12 | F107: 0 | G107: 0 | H107: 1 | I107: 0 | J107: 0 | K107: 0 | L107: 0 | M107: 0 | N107: 0 | O107: 0 | P107: 0 | Q107: 0 | R107: 0 | S107: =SUM(H107:R107) -> 1
B108: Adjustments to 2015 results (if any) | D108: True-up | E108: 12 | S108: =SUM(H108:R108) -> 0
C112: Total kWh | H112: =IF(H17="kWh",SUMPRODUCT(H19:H107,$G19:$G107),) -> 5189582.1 | I112: =IF(I17="kWh",SUMPRODUCT(I19:I107,$G19:$G107),) -> 1069926.5 | J112: =IF(J17="kWh",SUMPRODUCT(J19:J107,$G19:$G107),) -> 0 | K112: =IF(K17="kWh",SUMPRODUCT(K19:K107,$G19:$G107),) -> 0 | L112: =IF(L17="kWh",SUMPRODUCT(L19:L107,$G19:$G107),) -> 0 | M112: =IF(M17="kWh",SUMPRODUCT(M19:M107,$G19:$G107),) -> 0 | N112: =IF(N17="kWh",SUMPRODUCT(N19:N107,$G19:$G107),) -> 0 | O112: =IF(O17="kWh",SUMPRODUCT(O19:O107,$G19:$G107),) -> 0 | ... R112: =IF(R17="kWh",SUMPRODUCT(R19:R107,$G19:$G107),) -> 0 | S112: =SUM(H112:O112) -> 6259508.5
C113: Total GS > 50 kW | J113: =IF(J17="kW",SUMPRODUCT(J19:J107,$E19:$E107,$F19:$F107),) -> 8371.8328 | K113: =IF(K17="kW",SUMPRODUCT(K19:K107,$E19:$E107,$F19:$F107),) -> 6378.5211 | L113: =IF(L17="kW",SUMPRODUCT(L19:L107,$E19:$E107,$F19:$F107),) -> 0 | M113: =IF(M17="kW",SUMPRODUCT(M19:M107,$E19:$E107,$F19:$F107),) -> 76.680358 | N113: =IF(N17="kW",SUMPRODUCT(N19:N107,$E19:$E107,$F19:$F107),) -> 0 | O113: =IF(O17="kW",SUMPRODUCT(O19:O107,$E19:$E107,$F19:$F107),) -> 9553.3269 | P113: =IF(P17="kW",SUMPRODUCT(P19:P107,$E19:$E107,$F19:$F107),) -> 0 | Q113: =IF(Q17="kW",SUMPRODUCT(Q19:Q107,$E19:$E107,$F19:$F107),) -> 0 | R113: =IF(R17="kW",SUMPRODUCT(R19:R107,$E19:$E107,$F19:$F107),) -> 0 | S113: =SUM(H113:O113) -> 24380.361
C114: Total GS > 50 kW (excludes Building Commissioning) | J114: =IF(J17="kW",J113-SUM($E$33*$G$33*J33,$E$77*$G$77*J77),) -> 8371.8328 | K114: =IF(K17="kW",K113-SUM($E$33*$G$33*K33,$E$77*$G$77*K77),) -> 6378.5211 | L114: =IF(L17="kW",L113-SUM($E$33*$G$33*L33,$E$77*$G$77*L77),) -> 0 | M114: =IF(M17="kW",M113-SUM($E$33*$G$33*M33,$E$77*$G$77*M77),) -> 76.680358 | N114: =IF(N17="kW",N113-SUM($E$33*$G$33*N33,$E$77*$G$77*N77),) -> 0 | O114: =IF(O17="kW",O113-SUM($E$33*$G$33*O33,$E$77*$G$77*O77),) -> 9553.3269 | P114: =IF(P17="kW",P113-SUM($E$33*$G$33*P33,$E$77*$G$77*P77),) -> 0 | Q114: =IF(Q17="kW",Q113-SUM($E$33*$G$33*Q33,$E$77*$G$77*Q77),) -> 0 | R114: =IF(R17="kW",R113-SUM($E$33*$G$33*R33,$E$77*$G$77*R77),) -> 0
C117: Distribution Rate in 2015 | H117: ='3. Distribution Rates'!I36 -> 0.0163 | I117: ='3. Distribution Rates'!I37 -> 0.0163 | J117: ='3. Distribution Rates'!I38 -> 3.2071 | K117: ='3. Distribution Rates'!I39 -> 2.6071 | L117: ='3. Distribution Rates'!I40 -> 2.032 | M117: ='3. Distribution Rates'!I41 -> 1.432 | N117: ='3. Distribution Rates'!I42 -> 2.8616 | O117: ='3. Distribution Rates'!I43 -> 2.2616 | P117: ='3. Distribution Rates'!I44 -> 0.0162 | Q117: ='3. Distribution Rates'!I45 -> 13.2112 | R117: ='3. Distribution Rates'!I46 -> 3.6125
C118: Lost Revenue in 2015 from 2011 programs | G118: Embedded in 2014 forecast | S118: =SUM(H118:R118) -> 0
C119: Lost Revenue in 2015 from 2012 programs | G119: Embedded in 2014 forecast | S119: =SUM(H119:R119) -> 0
C120: Lost Revenue in 2015 from 2013 programs | H120: =H$117*'6. Persistence Rates'!D326 -> 32954.612 | I120: =I$117*'6. Persistence Rates'!E326 -> 33356.695 | J120: =J$117*'6. Persistence Rates'!F326 -> 22064.618 | K120: =K$117*'6. Persistence Rates'!G326 -> 7749.6403 | L120: =L$117*'6. Persistence Rates'!H326 -> 0 | M120: =M$117*'6. Persistence Rates'!I326 -> 515.35888 | N120: =N$117*'6. Persistence Rates'!J326 -> 0 | O120: =O$117*'6. Persistence Rates'!K326 -> 2862.0042 | ... R120: =R$117*'6. Persistence Rates'!N326 -> 0 | S120: =SUM(H120:R120) -> 99502.929
C121: Lost Revenue in 2015 from 2014 programs | H121: =H$117*'6. Persistence Rates'!D329 -> 79585.383 | I121: =I$117*'6. Persistence Rates'!E329 -> 39802.222 | J121: =J$117*'6. Persistence Rates'!F329 -> 24742.976 | K121: =K$117*'6. Persistence Rates'!G329 -> 26264.042 | L121: =L$117*'6. Persistence Rates'!H329 -> 0 | M121: =M$117*'6. Persistence Rates'!I329 -> 21.271777 | N121: =N$117*'6. Persistence Rates'!J329 -> 0 | O121: =O$117*'6. Persistence Rates'!K329 -> 4442.9142 | ... R121: =R$117*'6. Persistence Rates'!N329 -> 3791.9459 | S121: =SUM(H121:R121) -> 178650.76
C122: Lost Revenue in 2015 from 2015 programs | H122: =IF(H17="kWh",H112,H113)*H117 -> 84590.187 | I122: =IF(I17="kWh",I112,I113)*I117 -> 17439.802 | J122: =IF(J17="kWh",J112,J113)*J117 -> 26849.305 | K122: =IF(K17="kWh",K112,K113)*K117 -> 16629.442 | L122: =IF(L17="kWh",L112,L113)*L117 -> 0 | M122: =IF(M17="kWh",M112,M113)*M117 -> 109.80627 | N122: =IF(N17="kWh",N112,N113)*N117 -> 0 | O122: =IF(O17="kWh",O112,O113)*O117 -> 21605.804 | ... R122: =IF(R17="kWh",R112,R113)*R117 -> 0 | S122: =SUM(H122:R122) -> 167240.81
C123: Total Lost Revenue in 2015 | H123: =SUM(H118:H122) -> 197130.18 | I123: =SUM(I118:I122) -> 90598.718 | J123: =SUM(J118:J122) -> 73656.9 | K123: =SUM(K118:K122) -> 50643.125 | L123: =SUM(L118:L122) -> 0 | M123: =SUM(M118:M122) -> 646.43693 | N123: =SUM(N118:N122) -> 0 | O123: =SUM(O118:O122) -> 28910.722 | ... S123: =SUM(S118:S122) -> 445394.49
C125: 2015 Savings Persisting in 2016 | H125: =$H$112*'6. Persistence Rates'!$E$44 -> #DIV/0! | I125: =I112*'6. Persistence Rates'!$E$44 -> #DIV/0! | J125: =$J$114*'6. Persistence Rates'!$R$44 -> #DIV/0! | K125: =$K$114*'6. Persistence Rates'!$R$44 -> #DIV/0! | L125: =$L$113*'6. Persistence Rates'!$R$44 -> #DIV/0! | M125: =$M$113*'6. Persistence Rates'!$R$44 -> #DIV/0! | N125: =$N$112*'6. Persistence Rates'!$E$44 -> #DIV/0! | P125: =$M$113*'6. Persistence Rates'!$R$44 -> #DIV/0! | Q125: =$N$112*'6. Persistence Rates'!$E$44 -> #DIV/0!
C126: 2015 Savings Persisting in 2017 | H126: =H112*'6. Persistence Rates'!F$44 -> #DIV/0! | I126: =I112*'6. Persistence Rates'!F$44 -> #DIV/0! | J126: =$J$114*'6. Persistence Rates'!$S$44 -> #DIV/0! | K126: =$K$114*'6. Persistence Rates'!$S$44 -> #DIV/0! | L126: =$L$113*'6. Persistence Rates'!$S$44 -> #DIV/0! | M126: =$M$113*'6. Persistence Rates'!$S$44 -> #DIV/0! | N126: =$N$112*'6. Persistence Rates'!$F$44 -> #DIV/0! | P126: =$M$113*'6. Persistence Rates'!$S$44 -> #DIV/0! | Q126: =$N$112*'6. Persistence Rates'!$F$44 -> #DIV/0!
C127: 2015 Savings Persisting in 2018 | H127: =H112*'6. Persistence Rates'!G$44 -> #DIV/0! | I127: =I112*'6. Persistence Rates'!G$44 -> #DIV/0! | J127: =$J$114*'6. Persistence Rates'!$T$44 -> #DIV/0! | K127: =$K$114*'6. Persistence Rates'!$T$44 -> #DIV/0! | L127: =$L$113*'6. Persistence Rates'!$T$44 -> #DIV/0! | M127: =$M$113*'6. Persistence Rates'!$T$44 -> #DIV/0! | N127: =$N$112*'6. Persistence Rates'!$G$44 -> #DIV/0! | P127: =$M$113*'6. Persistence Rates'!$T$44 -> #DIV/0! | Q127: =$N$112*'6. Persistence Rates'!$G$44 -> #DIV/0!
C128: 2015 Savings Persisting in 2019 | H128: =H112*'6. Persistence Rates'!H$44 -> #DIV/0! | I128: =I112*'6. Persistence Rates'!H$44 -> #DIV/0! | J128: =$J$114*'6. Persistence Rates'!$U$44 -> #DIV/0! | K128: =$K$114*'6. Persistence Rates'!$U$44 -> #DIV/0! | L128: =$L$113*'6. Persistence Rates'!$U$44 -> #DIV/0! | M128: =$M$113*'6. Persistence Rates'!$U$44 -> #DIV/0! | N128: =$N$112*'6. Persistence Rates'!$H$44 -> #DIV/0! | P128: =$M$113*'6. Persistence Rates'!$U$44 -> #DIV/0! | Q128: =$N$112*'6. Persistence Rates'!$H$44 -> #DIV/0!
C129: 2015 Savings Persisting in 2020 | H129: =H112*'6. Persistence Rates'!I$44 -> #DIV/0! | I129: =I112*'6. Persistence Rates'!I$44 -> #DIV/0! | J129: =$J$114*'6. Persistence Rates'!$V$44 -> #DIV/0! | K129: =$K$114*'6. Persistence Rates'!$V$44 -> #DIV/0! | L129: =$L$113*'6. Persistence Rates'!$V$44 -> #DIV/0! | M129: =$M$113*'6. Persistence Rates'!$V$44 -> #DIV/0! | N129: =$N$112*'6. Persistence Rates'!$I$44 -> #DIV/0! | P129: =$M$113*'6. Persistence Rates'!$V$44 -> #DIV/0! | Q129: =$N$112*'6. Persistence Rates'!$I$44 -> #DIV/0!
B131: Note: | C131: Lost revenue from 2011 and 2012 CDM programs was excluded, as the 2011 and 2012 CDM impact would have been embedded in the load forecast base numbers in the 2014 COS load forecast.

Sheet 5-b. 2016 LRAM
B2: 2016 Lost Revenues Work Form
C4: Instruction | E4: LDCs are only eligible to apply for lost revenues until they have rebased. Lost revenues for the period prior to rebasing should be included within the LDCs load forecast on a go forward basis.
E5: LDC to adjust the rate allocations by class (columns h to n). Please insert IESO verified savings for applicable programs (columns f to g).
E6: Adjustments will apply to the year that LRAM is claimed.
E7: This workbook contains links from Tab 3 (Distribution Rates) and Tab 5 (Persistence Rates).
C9: Legend | E9: User Inputs (Green)
E10: Auto Populated Cells (White)
B12: Table1-b. 2016 LRAM Work Form
B13: # | C13: Initiative | D13: Results Status | E13: Months of Demand Savings | F13: Net Incremental Energy Savings (kWh) | G13: Net Incremental Peak Demand Savings (kW) | H13: Rate Allocation for LRAMVA
F14: 2015 kWh saved | G14: 2015 kW saved | H14: Residential | I14: General Service <50 kW | J14: General Service 50 - 999 kW | K14: General Service 1,000 - 4,999 kW | L14: Sentinel Lighting | M14: Street Lighting | N14: Unmetered Scattered Load | O14: Other | P14: Total
B15: 2011-2014+2015 Extension Legacy Framework Programs
B16: Residential Program
B17: 1 | C17: Coupon Initiative | D17: Verified | H17: 1 | P17: =SUM(H17:O17) -> 1
B18: 2 | C18: Bi-Annual Retailer Event Initiative | D18: Verified | H18: 1 | P18: =SUM(H18:O18) -> 1
B19: 3 | C19: Appliance Retirement Initiative | D19: Verified | H19: 1 | P19: =SUM(H19:O19) -> 1
B20: 4 | C20: Appliance Exchange Initiative | D20: Verified | H20: 1 | P20: =SUM(H20:O20) -> 1
B21: 5 | C21: HVAC Incentives Initaitive | D21: Verified | H21: 1 | P21: =SUM(H21:O21) -> 1
B22: 6 | C22: Residential New Construction and Major Renovation Initiative | D22: Verified | H22: 1 | P22: =SUM(H22:O22) -> 1
B23: Adjustments to 2016 results (if any) | D23: True-up | P23: =SUM(H23:O23) -> 0
P24: =SUM(H24:O24) -> 0
P25: =SUM(H25:O25) -> 0
P26: =SUM(H26:O26) -> 0
B27: Commercial & Institutional Program
B28: 7 | C28: Energy Audit Initiative | D28: Verified | E28: 12 | G28: 50 | I28: 0.2 | J28: 0.5 | K28: 0.3 | P28: =SUM(H28:O28) -> 1
B29: 8 | C29: Efficiency: Equipment Replacement Incentive Initiative | D29: Verified | E29: 12 | I29: 0.8 | J29: 0.2 | P29: =SUM(H29:O29) -> 1
B30: 9 | C30: Direct Install Lighting and Water Heating Initiative | D30: Verified | E30: 12 | I30: 0.5 | J30: 0.5 | P30: =SUM(H30:O30) -> 1
B31: 10 | C31: New Construction and Major Renovation Initiative | D31: Verified | E31: 12 | I31: 1 | P31: =SUM(H31:O31) -> 1
B32: 11 | C32: Existing Building Commissioning Incentive Initiative | D32: Verified | E32: 3 | J32: 0.9 | K32: 0.1 | P32: =SUM(H32:O32) -> 1
B33: Adjustments to 2016 results (if any) | D33: True-up | P33: =SUM(H33:O33) -> 0
P34: =SUM(H34:O34) -> 0
P35: =SUM(H35:O35) -> 0
P36: =SUM(H36:O36) -> 0
B37: Industrial Program
B38: 12 | C38: Process and Systems Upgrades Initiatives - Project Incentive Initiative | D38: Verified | E38: 12 | J38: 1 | P38: =SUM(H38:O38) -> 1
B39: 13 | C39: Process and Systems Upgrades Initiatives - Monitoring and Targeting Initiative | D39: Verified | E39: 12 | J39: 1 | P39: =SUM(H39:O39) -> 1
B40: 14 | C40: Process and Systems Upgrades Initiatives - Energy Manager Initiative | D40: Verified | E40: 12 | J40: 1 | P40: =SUM(H40:O40) -> 1
B41: Adjustments to 2016 results (if any) | D41: True-up | P41: =SUM(H41:O41) -> 0
P42: =SUM(H42:O42) -> 0
P43: =SUM(H43:O43) -> 0
P44: =SUM(H44:O44) -> 0
B45: Low Income Program
B46: 15 | C46: Low Income Initiative | D46: Verified | H46: 1 | P46: =SUM(H46:O46) -> 1
B47: Adjustments to 2016 results (if any) | D47: True-up | P47: =SUM(H47:O47) -> 0
P48: =SUM(H48:O48) -> 0
P50: =SUM(H50:O50) -> 0
B51: Pilots
B52: 16 | C52: Loblaws Pilot | D52: Verified | P52: =SUM(H52:O52) -> 0
B53: 17 | C53: Social Benchmarking Pliot | D53: Verified | P53: =SUM(H53:O53) -> 0
B54: 18 | C54: Conservation Fund Pilot - SEG | D54: Verified | P54: =SUM(H54:O54) -> 0
B55: 19 | C55: Conservation Fund Pilot - EnerNOC | D55: Verified | P55: =SUM(H55:O55) -> 0
B56: Adjustments to 2016 results (if any) | D56: True-up | P56: =SUM(H56:O56) -> 0
B60: 2015-2020 Conservation First Framework Programs
B62: Residential Province-Wide Programs
B63: 21 | C63: Save on Energy Coupon Program | D63: Verified | H63: 1 | P63: =SUM(H63:O63) -> 1
B64: 22 | C64: Save on Energy Heating and Cooling Program | D64: Verified | H64: 1 | P64: =SUM(H64:O64) -> 1
B65: 23 | C65: Save on Energy New Construction Program | D65: Verified | H65: 1 | P65: =SUM(H65:O65) -> 1
B66: 24 | C66: Save on Energy Home Assistance Program | D66: Verified | H66: 1 | P66: =SUM(H66:O66) -> 1
B67: Adjustments to 2016 results (if any) | D67: True-up
P70: =SUM(H70:O70) -> 0
B71: Non-Residential Province-Wide Programs
B72: 25 | C72: Save on Energy Audit Funding Program | D72: Verified | I72: 1 | P72: =SUM(H72:O72) -> 1
B73: 26 | C73: Save on Energy Retrofit Program | D73: Verified | I73: 1 | P73: =SUM(H73:O73) -> 1
B74: 27 | C74: Save on Energy Small Business Lighting Program | D74: Verified | I74: 0.8 | J74: 0.2 | P74: =SUM(H74:O74) -> 1
B75: 28 | C75: Save on Energy High Performance New Construction Program | D75: Verified | P75: =SUM(H75:O75) -> 0
B76: 29 | C76: Save on Energy Existing Building Commissioning Program | D76: Verified | P76: =SUM(H76:O76) -> 0
B77: 30 | C77: Save on Energy Process & Systems Upgrades Program | D77: Verified | P77: =SUM(H77:O77) -> 0
B78: 31 | C78: Save on Energy Monitoring & Targeting Program | D78: Verified | P78: =SUM(H78:O78) -> 0
B79: 32 | C79: Save on Energy Energy Manager Program | D79: Verified | P79: =SUM(H79:O79) -> 0
B80: Adjustments to 2016 results (if any) | D80: True-up
P83: =SUM(H83:O83) -> 0
B84: Local & Regional Programs
B85: 33 | C85: Business Refrigeration Local Program | D85: Verified | P85: =SUM(H85:O85) -> 0
B86: 34 | C86: First Nation Conservation Local Program | D86: Verified | P86: =SUM(H86:O86) -> 0
B87: 35 | C87: Social Benchmarking Local Program | D87: Verified | P87: =SUM(H87:O87) -> 0
B88: Adjustments to 2016 results (if any) | D88: True-up
P91: =SUM(H91:O91) -> 0
B92: Pilot Programs
B93: 36 | C93: Enersource Hydro Mississauga Inc. - Performance-Based Conservation Pilot Program - Conservation Fund | D93: Verified | P93: =SUM(H93:O93) -> 0
B94: 37 | C94: EnWin Utilities Ltd. - Building Optimization Pilot | D94: Verified | P94: =SUM(H94:O94) -> 0
B95: 38 | C95: EnWin Utilities Ltd. - Re-Invest Pilot | D95: Verified | P95: =SUM(H95:O95) -> 0
B96: 39 | C96: Horizon Utilities Corporation - ECM Furnace Motor Pilot | D96: Verified | P96: =SUM(H96:O96) -> 0
B97: 40 | C97: Horizon Utilities Corporation - Social Benchmarking Pilot | D97: Verified | P97: =SUM(H97:O97) -> 0
B98: 41 | C98: Hydro Ottawa Limited - Conservation Voltage Regulation (CVR) Leveraging AMI Data Pilot | D98: Verified | P98: =SUM(H98:O98) -> 0
B99: 42 | C99: Hydro Ottawa Limited - Residential Demand Response Wi-Fi Thermostat Pilot | D99: Verified | P99: =SUM(H99:O99) -> 0
B100: 43 | C100: Kitchener-Wilmot Hydro Inc. - Pilot - DCKV | D100: Verified | P100: =SUM(H100:O100) -> 0
B101: 44 | C101: Niagara-on-the-Lake Hydro Inc. - Direct Install Energy Efficiency Measures for the Agricultural Sector | D101: Verified | P101: =SUM(H101:O101) -> 0
B102: 45 | C102: Oakville Hydro Electricity Distribution Inc. - Direct Install - Hydronic | D102: Verified | P102: =SUM(H102:O102) -> 0
B103: 46 | C103: Oakville Hydro Electricity Distribution Inc. - Direct Install - RTU Controls | D103: Verified | P103: =SUM(H103:O103) -> 0
B104: 47 | C104: Toronto Hydro-Electric System Limited - Direct Install - Hydronic (Pilot Savings) | D104: Verified | P104: =SUM(H104:O104) -> 0
... B106: 49 | C106: Toronto Hydro-Electric System Limited - PFP - Large (Pilot Savings) | D106: Verified | P106: =SUM(H106:O106) -> 0
B107: Adjustments to 2016 results (if any) | D107: True-up
C111: Total kWh | H111: =SUM(F17*H17,F18*H18,F19*H19,F20*H20,F21*H21,F22*H22,F46*H46,F63*H63,F64*H64,F65*H65,F66*H66) -> 0 | I111: =SUM(F28*I28,F29*I29,F30*I30,F31*I31,F32*I32,F72*I72,F73*I73,F74*I74,F75*I75,F76*I76,F77*I77,F78*I78,F79*I79,F85*I85,F86*I86,F87*I87) -> 0 | P111: =SUM(H111:O111) -> 0
C112: Total GS > 50 kW | J112: =SUM(E28*G28*J28,E29*G29*J29,E30*G30*J30,E31*G31,J31*E32*G32*J32,E38*G38*J38,E39*G39*J39,E40*G40*J40) -> 300 | K112: =SUM(E28*G28*K28,E29*G29*K29,E30*G30*K30,E31*G31*K31,E32*G32*K32,E38*G38*K38,E39*G39*K39,E40*G40*K40) -> 180 | P112: =SUM(H112:O112) -> 480
C113: Total GS > 50 kW excluding Building Commissioning | J113: =J112-(E32*G32*J32) -> 300 | K113: =K112-(E32*G32*K32) -> 180
C116: Distribution Rate in 2016 | H116: ='3. Distribution Rates'!$J36 -> 0.0138 | I116: ='3. Distribution Rates'!J37 -> 0.0166 | J116: ='3. Distribution Rates'!J38 -> 3.2596 | K116: ='3. Distribution Rates'!J39 -> 2.6596 | L116: ='3. Distribution Rates'!J40 -> 2.0652 | M116: ='3. Distribution Rates'!J41 -> 1.4652 | N116: ='3. Distribution Rates'!J42 -> 2.9084
C117: Lost Revenue in 2016 from 2011 programs | P117: =SUM(H117:O117) -> 0
C118: Lost Revenue in 2016 from 2012 programs | P118: =SUM(H118:O118) -> 0
C119: Lost Revenue in 2016 from 2013 programs | P119: =SUM(H119:O119) -> 0
C120: Lost Revenue in 2016 from 2014 programs | P120: =SUM(H120:O120) -> 0
C121: Lost Revenue in 2016 from 2015 programs | H121: ='5. 2015 LRAM'!H125*H116 -> #DIV/0! | I121: ='5. 2015 LRAM'!I125*I116 -> #DIV/0! | J121: ='5. 2015 LRAM'!J125*J116 -> #DIV/0! | K121: ='5. 2015 LRAM'!K125*K116 -> #DIV/0! | L121: ='5. 2015 LRAM'!L125*L116 -> #DIV/0! | M121: ='5. 2015 LRAM'!M125*M116 -> #DIV/0! | N121: ='5. 2015 LRAM'!N125*N116 -> #DIV/0! | P121: =SUM(H121:O121) -> #DIV/0!
...

Sheet 5-c.  2017 LRAM
B2: 2017 Lost Revenues Work Form
C4: Instruction | E4: LDCs are only eligible to apply for lost revenues until they have rebased. Lost revenues for the period prior to rebasing should be included within the LDCs load forecast on a go forward basis.
E5: LDC to adjust the rate allocations by class (columns h to n). Please insert IESO verified savings for applicable programs (columns f to g).
E6: Adjustments will apply to the year that LRAM is claimed.
E7: This workbook contains links from Tab 3 (Distribution Rates) and Tab 5 (Persistence Rates).
C9: Legend | E9: User Inputs (Green)
E10: Auto Populated Cells (White)
B12: Table 11-c. 2017 LRAM Work Form
B13: # | C13: Initiative | D13: Results Status | E13: Months of Demand Savings | F13: Net Incremental Energy Savings (kWh) | G13: Net Incremental Peak Demand Savings (kW) | H13: Rate Allocation for LRAMVA
F14: 2015 kWh saved | G14: 2015 kW saved | H14: Residential | I14: General Service <50 kW | J14: General Service 50 - 999 kW | K14: General Service 1,000 - 4,999 kW | L14: Sentinel Lighting | M14: Street Lighting | N14: Unmetered Scattered Load | O14: Other | P14: Total
B15: 2011-2014+2015 Extension Legacy Framework Programs
B16: Residential Program
B17: 1 | C17: Coupon Initiative | D17: Verified | H17: 1 | P17: =SUM(H17:O17) -> 1
B18: 2 | C18: Bi-Annual Retailer Event Initiative | D18: Verified | H18: 1 | P18: =SUM(H18:O18) -> 1
B19: 3 | C19: Appliance Retirement Initiative | D19: Verified | H19: 1 | P19: =SUM(H19:O19) -> 1
B20: 4 | C20: Appliance Exchange Initiative | D20: Verified | H20: 1 | P20: =SUM(H20:O20) -> 1
B21: 5 | C21: HVAC Incentives Initaitive | D21: Verified | H21: 1 | P21: =SUM(H21:O21) -> 1
B22: 6 | C22: Residential New Construction and Major Renovation Initiative | D22: Verified | H22: 1 | P22: =SUM(H22:O22) -> 1
B23: Adjustments to 2017 results (if any) | D23: True-up | P23: =SUM(H23:O23) -> 0
P24: =SUM(H24:O24) -> 0
P25: =SUM(H25:O25) -> 0
P26: =SUM(H26:O26) -> 0
B27: Commercial & Institutional Program
B28: 7 | C28: Energy Audit Initiative | D28: Verified | E28: 12 | G28: 50 | I28: 0.2 | J28: 0.5 | K28: 0.3 | P28: =SUM(H28:O28) -> 1
B29: 8 | C29: Efficiency: Equipment Replacement Incentive Initiative | D29: Verified | E29: 12 | I29: 0.8 | J29: 0.2 | P29: =SUM(H29:O29) -> 1
B30: 9 | C30: Direct Install Lighting and Water Heating Initiative | D30: Verified | E30: 12 | I30: 0.5 | J30: 0.5 | P30: =SUM(H30:O30) -> 1
B31: 10 | C31: New Construction and Major Renovation Initiative | D31: Verified | E31: 12 | I31: 1 | P31: =SUM(H31:O31) -> 1
B32: 11 | C32: Existing Building Commissioning Incentive Initiative | D32: Verified | E32: 3 | J32: 1 | P32: =SUM(H32:O32) -> 1
B33: Adjustments to 2017 results (if any) | D33: True-up | P33: =SUM(H33:O33) -> 0
P34: =SUM(H34:O34) -> 0
P35: =SUM(H35:O35) -> 0
P36: =SUM(H36:O36) -> 0
B37: Industrial Program
B38: Industrial Program | P38: =SUM(H38:O38) -> 0
B39: 12 | C39: Process and Systems Upgrades Initiatives - Project Incentive Initiative | D39: Verified | E39: 12 | J39: 1 | P39: =SUM(H39:O39) -> 1
B40: 13 | C40: Process and Systems Upgrades Initiatives - Monitoring and Targeting Initiative | D40: Verified | E40: 12 | J40: 1 | P40: =SUM(H40:O40) -> 1
B41: 14 | C41: Process and Systems Upgrades Initiatives - Energy Manager Initiative | D41: Verified | E41: 12 | J41: 1 | P41: =SUM(H41:O41) -> 1
B42: Adjustments to 2017 results (if any) | D42: True-up | P42: =SUM(H42:O42) -> 0
P43: =SUM(H43:O43) -> 0
P44: =SUM(H44:O44) -> 0
P45: =SUM(H45:O45) -> 0
B46: Low Income Program
B47: 15 | C47: Low Income Initiative | D47: Verified | H47: 1 | P47: =SUM(H47:O47) -> 1
B48: Adjustments to 2017 results (if any) | D48: True-up | P48: =SUM(H48:O48) -> 0
P49: =SUM(H49:O49) -> 0
P51: =SUM(H51:O51) -> 0
B52: Pilots
B53: 16 | C53: Loblaws Pilot | D53: Verified | P53: =SUM(H53:O53) -> 0
B54: 17 | C54: Social Benchmarking Pliot | D54: Verified | P54: =SUM(H54:O54) -> 0
B55: 18 | C55: Conservation Fund Pilot - SEG | D55: Verified | P55: =SUM(H55:O55) -> 0
B56: 19 | C56: Conservation Fund Pilot - EnerNOC | D56: Verified | P56: =SUM(H56:O56) -> 0
B57: Adjustments to 2017 results (if any) | D57: True-up | P57: =SUM(H57:O57) -> 0
B61: 2015-2020 Conservation First Framework Programs
B63: Residential Province-Wide Programs
B64: 21 | C64: Save on Energy Coupon Program | D64: Verified | H64: 1 | P64: =SUM(H64:O64) -> 1
B65: 22 | C65: Save on Energy Heating and Cooling Program | D65: Verified | H65: 1 | P65: =SUM(H65:O65) -> 1
B66: 23 | C66: Save on Energy New Construction Program | D66: Verified | H66: 1 | P66: =SUM(H66:O66) -> 1
B67: 24 | C67: Save on Energy Home Assistance Program | D67: Verified | H67: 1 | P67: =SUM(H67:O67) -> 1
B68: Adjustments to 2017 results (if any) | D68: True-up
P71: =SUM(H71:O71) -> 0
B72: Non-Residential Province-Wide Programs
B73: 25 | C73: Save on Energy Audit Funding Program | D73: Verified | I73: 1 | P73: =SUM(H73:O73) -> 1
B74: 26 | C74: Save on Energy Retrofit Program | D74: Verified | I74: 1 | P74: =SUM(H74:O74) -> 1
B75: 27 | C75: Save on Energy Small Business Lighting Program | D75: Verified | I75: 0.8 | J75: 0.2 | P75: =SUM(H75:O75) -> 1
B76: 28 | C76: Save on Energy High Performance New Construction Program | D76: Verified | P76: =SUM(H76:O76) -> 0
B77: 29 | C77: Save on Energy Existing Building Commissioning Program | D77: Verified | P77: =SUM(H77:O77) -> 0
B78: 30 | C78: Save on Energy Process & Systems Upgrades Program | D78: Verified | P78: =SUM(H78:O78) -> 0
B79: 31 | C79: Save on Energy Monitoring & Targeting Program | D79: Verified | P79: =SUM(H79:O79) -> 0
B80: 32 | C80: Save on Energy Energy Manager Program | D80: Verified | P80: =SUM(H80:O80) -> 0
B81: Adjustments to 2017 results (if any) | D81: True-up
P84: =SUM(H84:O84) -> 0
B85: Local & Regional Programs
B86: 33 | C86: Business Refrigeration Local Program | D86: Verified | P86: =SUM(H86:O86) -> 0
B87: 34 | C87: First Nation Conservation Local Program | D87: Verified | P87: =SUM(H87:O87) -> 0
B88: 35 | C88: Social Benchmarking Local Program | D88: Verified | P88: =SUM(H88:O88) -> 0
B89: Adjustments to 2017 results (if any) | D89: True-up
P92: =SUM(H92:O92) -> 0
B93: Pilot Programs
B94: 36 | C94: Enersource Hydro Mississauga Inc. - Performance-Based Conservation Pilot Program - Conservation Fund | D94: Verified | P94: =SUM(H94:O94) -> 0
B95: 37 | C95: EnWin Utilities Ltd. - Building Optimization Pilot | D95: Verified | P95: =SUM(H95:O95) -> 0
B96: 38 | C96: EnWin Utilities Ltd. - Re-Invest Pilot | D96: Verified | P96: =SUM(H96:O96) -> 0
B97: 39 | C97: Horizon Utilities Corporation - ECM Furnace Motor Pilot | D97: Verified | P97: =SUM(H97:O97) -> 0
B98: 40 | C98: Horizon Utilities Corporation - Social Benchmarking Pilot | D98: Verified | P98: =SUM(H98:O98) -> 0
B99: 41 | C99: Hydro Ottawa Limited - Conservation Voltage Regulation (CVR) Leveraging AMI Data Pilot | D99: Verified | P99: =SUM(H99:O99) -> 0
B100: 42 | C100: Hydro Ottawa Limited - Residential Demand Response Wi-Fi Thermostat Pilot | D100: Verified | P100: =SUM(H100:O100) -> 0
B101: 43 | C101: Kitchener-Wilmot Hydro Inc. - Pilot - DCKV | D101: Verified | P101: =SUM(H101:O101) -> 0
B102: 44 | C102: Niagara-on-the-Lake Hydro Inc. - Direct Install Energy Efficiency Measures for the Agricultural Sector | D102: Verified | P102: =SUM(H102:O102) -> 0
B103: 45 | C103: Oakville Hydro Electricity Distribution Inc. - Direct Install - Hydronic | D103: Verified | P103: =SUM(H103:O103) -> 0
B104: 46 | C104: Oakville Hydro Electricity Distribution Inc. - Direct Install - RTU Controls | D104: Verified | P104: =SUM(H104:O104) -> 0
B105: 47 | C105: Toronto Hydro-Electric System Limited - Direct Install - Hydronic (Pilot Savings) | D105: Verified | P105: =SUM(H105:O105) -> 0
... B107: 49 | C107: Toronto Hydro-Electric System Limited - PFP - Large (Pilot Savings) | D107: Verified | P107: =SUM(H107:O107) -> 0
B108: Adjustments to 2017 results (if any) | D108: True-up
C112: Total kWh | H112: =SUM(F17*H17,F18*H18,F19*H19,F20*H20,F21*H21,F22*H22,F47*H47,F64*H64,F65*H65,F66*H66,F67*H67) -> 0 | I112: =SUM(F28*I28,F29*I29,F30*I30,F31*I31,F32*I32,F73*I73,F74*I74,F75*I75,F76*I76,F77*I77,F78*I78,F79*I79,F80*I80,F86*I86,F87*I87,F88*I88) -> 0 | P112: =SUM(H112:O112) -> 0
C113: Total GS > 50 kW | J113: =SUM(E28*G28*J28,E29*G29*J29,E30*G30*J30,E31*G31,J31*E32*G32*J32,E39*G39*J39,E40*G40*J40,E41*G41*J41) -> 300 | K113: =SUM(E28*G28*K28,E29*G29*K29,E30*G30*K30,E31*G31*K31,E32*G32*K32,E39*G39*K39,E40*G40*K40,E41*G41*K41) -> 180 | P113: =SUM(H113:O113) -> 480
C114: Total GS > 50 kW excluding Building Commissioning | J114: =J113-(E32*G32*J32) -> 300 | K114: =K113-(E32*G32*K32) -> 180
C117: Distribution Rate in 2017 | H117: ='3. Distribution Rates'!$K36 -> 0 | I117: ='3. Distribution Rates'!K37 -> 0 | J117: ='3. Distribution Rates'!K38 -> 0 | K117: ='3. Distribution Rates'!K39 -> 0 | L117: ='3. Distribution Rates'!K40 -> 0 | M117: ='3. Distribution Rates'!K41 -> 0 | N117: ='3. Distribution Rates'!K42 -> 0
C118: Lost Revenue in 2017 from 2011 programs | P118: =SUM(H118:O118) -> 0
C119: Lost Revenue in 2017 from 2012 programs | P119: =SUM(H119:O119) -> 0
C120: Lost Revenue in 2017 from 2013 programs | P120: =SUM(H120:O120) -> 0
C121: Lost Revenue in 2017 from 2014 programs | P121: =SUM(H121:O121) -> 0
...

Sheet 5-d.  2018 LRAM
B2: 2018 Lost Revenues Work Form
C4: Instruction | E4: LDCs are only eligible to apply for lost revenues until they have rebased. Lost revenues for the period prior to rebasing should be included within the LDCs load forecast on a go forward basis.
E5: LDC to adjust the rate allocations by class (columns h to n). Please insert IESO verified savings for applicable programs (columns f to g).
E6: Adjustments will apply to the year that LRAM is claimed.
E7: This workbook contains links from Tab 3 (Distribution Rates) and Tab 5 (Persistence Rates).
C9: Legend | E9: User Inputs (Green)
E10: Auto Populated Cells (White)
B12: Table 11-d. 2018 LRAM Work Form
B13: # | C13: Initiative | D13: Results Status | E13: Months of Demand Savings | F13: Net Incremental Energy Savings (kWh) | G13: Net Incremental Peak Demand Savings (kW) | H13: Rate Allocation for LRAMVA
F14: 2015 kWh saved | G14: 2015 kW saved | H14: Residential | I14: General Service <50 kW | J14: General Service 50 - 999 kW | K14: General Service 1,000 - 4,999 kW | L14: Sentinel Lighting | M14: Street Lighting | N14: Unmetered Scattered Load | O14: Other | P14: Total
B15: 2011-2014+2015 Extension Legacy Framework Programs
B16: Residential Program
B17: 1 | C17: Coupon Initiative | D17: Verified | H17: 1 | P17: =SUM(H17:O17) -> 1
B18: 2 | C18: Bi-Annual Retailer Event Initiative | D18: Verified | H18: 1 | P18: =SUM(H18:O18) -> 1
B19: 3 | C19: Appliance Retirement Initiative | D19: Verified | H19: 1 | P19: =SUM(H19:O19) -> 1
B20: 4 | C20: Appliance Exchange Initiative | D20: Verified | H20: 1 | P20: =SUM(H20:O20) -> 1
B21: 5 | C21: HVAC Incentives Initaitive | D21: Verified | H21: 1 | P21: =SUM(H21:O21) -> 1
B22: 6 | C22: Residential New Construction and Major Renovation Initiative | D22: Verified | H22: 1 | P22: =SUM(H22:O22) -> 1
B23: Adjustments to 2018 results (if any) | D23: True-up | P23: =SUM(H23:O23) -> 0
P24: =SUM(H24:O24) -> 0
P25: =SUM(H25:O25) -> 0
P26: =SUM(H26:O26) -> 0
B27: Commercial & Institutional Program
B28: 7 | C28: Energy Audit Initiative | D28: Verified | E28: 12 | I28: 0.2 | J28: 0.5 | K28: 0.3 | P28: =SUM(H28:O28) -> 1
B29: 8 | C29: Efficiency: Equipment Replacement Incentive Initiative | D29: Verified | E29: 12 | I29: 0.8 | J29: 0.2 | P29: =SUM(H29:O29) -> 1
B30: 9 | C30: Direct Install Lighting and Water Heating Initiative | D30: Verified | E30: 12 | I30: 0.5 | J30: 0.5 | P30: =SUM(H30:O30) -> 1
B31: 10 | C31: New Construction and Major Renovation Initiative | D31: Verified | E31: 12 | I31: 1 | P31: =SUM(H31:O31) -> 1
B32: 11 | C32: Existing Building Commissioning Incentive Initiative | D32: Verified | E32: 3 | J32: 1 | P32: =SUM(H32:O32) -> 1
B33: Adjustments to 2018 results (if any) | D33: True-up | P33: =SUM(H33:O33) -> 0
P34: =SUM(H34:O34) -> 0
P35: =SUM(H35:O35) -> 0
P36: =SUM(H36:O36) -> 0
B37: Industrial Program
B38: 12 | C38: Process and Systems Upgrades Initiatives - Project Incentive Initiative | D38: Verified | E38: 12 | J38: 1 | P38: =SUM(H38:O38) -> 1
B39: 13 | C39: Process and Systems Upgrades Initiatives - Monitoring and Targeting Initiative | D39: Verified | E39: 12 | J39: 1 | P39: =SUM(H39:O39) -> 1
B40: 14 | C40: Process and Systems Upgrades Initiatives - Energy Manager Initiative | D40: Verified | E40: 12 | J40: 1 | P40: =SUM(H40:O40) -> 1
B41: Adjustments to 2018 results (if any) | D41: True-up | P41: =SUM(H41:O41) -> 0
P42: =SUM(H42:O42) -> 0
P43: =SUM(H43:O43) -> 0
P44: =SUM(H44:O44) -> 0
B45: Low Income Program
B46: 15 | C46: Low Income Initiative | D46: Verified | H46: 1 | P46: =SUM(H46:O46) -> 1
B47: Adjustments to 2018 results (if any) | D47: True-up | P47: =SUM(H47:O47) -> 0
P48: =SUM(H48:O48) -> 0
P50: =SUM(H50:O50) -> 0
B51: Pilots
B52: 16 | C52: Loblaws Pilot | D52: Verified | P52: =SUM(H52:O52) -> 0
B53: 17 | C53: Social Benchmarking Pliot | D53: Verified | P53: =SUM(H53:O53) -> 0
B54: 18 | C54: Conservation Fund Pilot - SEG | D54: Verified | P54: =SUM(H54:O54) -> 0
B55: 19 | C55: Conservation Fund Pilot - EnerNOC | D55: Verified | P55: =SUM(H55:O55) -> 0
B56: Adjustments to 2018 results (if any) | D56: True-up | P56: =SUM(H56:O56) -> 0
B60: 2015-2020 Conservation First Framework Programs
B62: Residential Province-Wide Programs
B63: 21 | C63: Save on Energy Coupon Program | D63: Verified | H63: 1 | P63: =SUM(H63:O63) -> 1
B64: 22 | C64: Save on Energy Heating and Cooling Program | D64: Verified | H64: 1 | P64: =SUM(H64:O64) -> 1
B65: 23 | C65: Save on Energy New Construction Program | D65: Verified | H65: 1 | P65: =SUM(H65:O65) -> 1
B66: 24 | C66: Save on Energy Home Assistance Program | D66: Verified | H66: 1 | P66: =SUM(H66:O66) -> 1
B67: Adjustments to 2018 results (if any) | D67: True-up
P70: =SUM(H70:O70) -> 0
B71: Non-Residential Province-Wide Programs
B72: 25 | C72: Save on Energy Audit Funding Program | D72: Verified | I72: 1 | P72: =SUM(H72:O72) -> 1
B73: 26 | C73: Save on Energy Retrofit Program | D73: Verified | I73: 1 | P73: =SUM(H73:O73) -> 1
B74: 27 | C74: Save on Energy Small Business Lighting Program | D74: Verified | I74: 0.8 | J74: 0.2 | P74: =SUM(H74:O74) -> 1
B75: 28 | C75: Save on Energy High Performance New Construction Program | D75: Verified | P75: =SUM(H75:O75) -> 0
B76: 29 | C76: Save on Energy Existing Building Commissioning Program | D76: Verified | P76: =SUM(H76:O76) -> 0
B77: 30 | C77: Save on Energy Process & Systems Upgrades Program | D77: Verified | P77: =SUM(H77:O77) -> 0
B78: 31 | C78: Save on Energy Monitoring & Targeting Program | D78: Verified | P78: =SUM(H78:O78) -> 0
B79: 32 | C79: Save on Energy Energy Manager Program | D79: Verified | P79: =SUM(H79:O79) -> 0
B80: Adjustments to 2018 results (if any) | D80: True-up
P83: =SUM(H83:O83) -> 0
B84: Local & Regional Programs
B85: 33 | C85: Business Refrigeration Local Program | D85: Verified | P85: =SUM(H85:O85) -> 0
B86: 34 | C86: First Nation Conservation Local Program | D86: Verified | P86: =SUM(H86:O86) -> 0
B87: 35 | C87: Social Benchmarking Local Program | D87: Verified | P87: =SUM(H87:O87) -> 0
B88: Adjustments to 2018 results (if any) | D88: True-up
P91: =SUM(H91:O91) -> 0
B92: Pilot Programs
B93: 36 | C93: Enersource Hydro Mississauga Inc. - Performance-Based Conservation Pilot Program - Conservation Fund | D93: Verified | P93: =SUM(H93:O93) -> 0
B94: 37 | C94: EnWin Utilities Ltd. - Building Optimization Pilot | D94: Verified | P94: =SUM(H94:O94) -> 0
B95: 38 | C95: EnWin Utilities Ltd. - Re-Invest Pilot | D95: Verified | P95: =SUM(H95:O95) -> 0
B96: 39 | C96: Horizon Utilities Corporation - ECM Furnace Motor Pilot | D96: Verified | P96: =SUM(H96:O96) -> 0
B97: 40 | C97: Horizon Utilities Corporation - Social Benchmarking Pilot | D97: Verified | P97: =SUM(H97:O97) -> 0
B98: 41 | C98: Hydro Ottawa Limited - Conservation Voltage Regulation (CVR) Leveraging AMI Data Pilot | D98: Verified | P98: =SUM(H98:O98) -> 0
B99: 42 | C99: Hydro Ottawa Limited - Residential Demand Response Wi-Fi Thermostat Pilot | D99: Verified | P99: =SUM(H99:O99) -> 0
B100: 43 | C100: Kitchener-Wilmot Hydro Inc. - Pilot - DCKV | D100: Verified | P100: =SUM(H100:O100) -> 0
B101: 44 | C101: Niagara-on-the-Lake Hydro Inc. - Direct Install Energy Efficiency Measures for the Agricultural Sector | D101: Verified | P101: =SUM(H101:O101) -> 0
B102: 45 | C102: Oakville Hydro Electricity Distribution Inc. - Direct Install - Hydronic | D102: Verified | P102: =SUM(H102:O102) -> 0
B103: 46 | C103: Oakville Hydro Electricity Distribution Inc. - Direct Install - RTU Controls | D103: Verified | P103: =SUM(H103:O103) -> 0
B104: 47 | C104: Toronto Hydro-Electric System Limited - Direct Install - Hydronic (Pilot Savings) | D104: Verified | P104: =SUM(H104:O104) -> 0
... B106: 49 | C106: Toronto Hydro-Electric System Limited - PFP - Large (Pilot Savings) | D106: Verified | P106: =SUM(H106:O106) -> 0
B107: Adjustments to 2018 results (if any) | D107: True-up
C111: Total kWh | H111: =SUM(F17*H17,F18*H18,F19*H19,F20*H20,F21*H21,F22*H22,F46*H46,F63*H63,F64*H64,F65*H65,F66*H66) -> 0 | I111: =SUM(F28*I28,F29*I29,F30*I30,F31*I31,F32*I32,F72*I72,F73*I73,F74*I74,F75*I75,F76*I76,F77*I77,F78*I78,F79*I79,F85*I85,F86*I86,F87*I87) -> 0 | P111: =SUM(H111:O111) -> 0
C112: Total GS > 50 kW | J112: =SUM(E28*G28*J28,E29*G29*J29,E30*G30*J30,E31*G31,J31*E32*G32*J32,E38*G38*J38,E39*G39*J39,E40*G40*J40) -> 0 | K112: =SUM(E28*G28*K28,E29*G29*K29,E30*G30*K30,E31*G31*K31,E32*G32*K32,E38*G38*K38,E39*G39*K39,E40*G40*K40) -> 0 | P112: =SUM(H112:O112) -> 0
C113: Total GS > 50 kW excluding Building Commissioning | J113: =J112-(E32*G32*J32) -> 0 | K113: =K112-(E32*G32*K32) -> 0
C116: Distribution Rate in 2018 | H116: ='3. Distribution Rates'!#REF! -> #REF! | I116: ='3. Distribution Rates'!#REF! -> #REF! | J116: ='3. Distribution Rates'!#REF! -> #REF! | K116: ='3. Distribution Rates'!#REF! -> #REF! | L116: ='3. Distribution Rates'!#REF! -> #REF! | M116: ='3. Distribution Rates'!#REF! -> #REF! | N116: ='3. Distribution Rates'!#REF! -> #REF!
C117: Lost Revenue in 2018 from 2011 programs | P117: =SUM(H117:O117) -> 0
C118: Lost Revenue in 2018 from 2012 programs | P118: =SUM(H118:O118) -> 0
C119: Lost Revenue in 2018 from 2013 programs | P119: =SUM(H119:O119) -> 0
C120: Lost Revenue in 2018 from 2014 programs | P120: =SUM(H120:O120) -> 0
C121: Lost Revenue in 2018 from 2015 programs | H121: ='5. 2015 LRAM'!H127*H116 -> #DIV/0! | I121: ='5. 2015 LRAM'!I127*I116 -> #DIV/0! | J121: ='5. 2015 LRAM'!J127*J116 -> #DIV/0! | K121: ='5. 2015 LRAM'!K127*K116 -> #DIV/0! | L121: ='5. 2015 LRAM'!L127*L116 -> #DIV/0! | M121: ='5. 2015 LRAM'!M127*M116 -> #DIV/0! | N121: ='5. 2015 LRAM'!N127*N116 -> #DIV/0! | P121: =SUM(H121:O121) -> #DIV/0!
...

Sheet 5-e.  2019 LRAM
B2: 2019 Lost Revenues Work Form
C4: Instruction | E4: LDCs are only eligible to apply for lost revenues until they have rebased. Lost revenues for the period prior to rebasing should be included within the LDCs load forecast on a go forward basis.
E5: LDC to adjust the rate allocations by class (columns h to n). Please insert IESO verified savings for applicable programs (columns f to g).
E6: Adjustments will apply to the year that LRAM is claimed.
E7: This workbook contains links from Tab 3 (Distribution Rates) and Tab 5 (Persistence Rates).
C9: Legend | E9: User Inputs (Green)
E10: Auto Populated Cells (White)
B12: Table 11-e. 2018 LRAM Work Form
B13: # | C13: Initiative | D13: Results Status | E13: Months of Demand Savings | F13: Net Incremental Energy Savings (kWh) | G13: Net Incremental Peak Demand Savings (kW) | H13: Rate Allocation for LRAMVA
F14: 2015 kWh saved | G14: 2015 kW saved | H14: Residential | I14: General Service <50 kW | J14: General Service 50 - 999 kW | K14: General Service 1,000 - 4,999 kW | L14: Sentinel Lighting | M14: Street Lighting | N14: Unmetered Scattered Load | O14: Other | P14: Total
B15: 2011-2014+2015 Extension Legacy Framework Programs
B16: Residential Program
B17: 1 | C17: Coupon Initiative | D17: Verified | H17: 1 | P17: =SUM(H17:O17) -> 1
B18: 2 | C18: Bi-Annual Retailer Event Initiative | D18: Verified | H18: 1 | P18: =SUM(H18:O18) -> 1
B19: 3 | C19: Appliance Retirement Initiative | D19: Verified | H19: 1 | P19: =SUM(H19:O19) -> 1
B20: 4 | C20: Appliance Exchange Initiative | D20: Verified | H20: 1 | P20: =SUM(H20:O20) -> 1
B21: 5 | C21: HVAC Incentives Initaitive | D21: Verified | H21: 1 | P21: =SUM(H21:O21) -> 1
B22: 6 | C22: Residential New Construction and Major Renovation Initiative | D22: Verified | H22: 1 | P22: =SUM(H22:O22) -> 1
B23: Adjustments to 2019 results (if any) | D23: True-up | P23: =SUM(H23:O23) -> 0
P24: =SUM(H24:O24) -> 0
P25: =SUM(H25:O25) -> 0
P26: =SUM(H26:O26) -> 0
B27: Commercial & Institutional Program
B28: 7 | C28: Energy Audit Initiative | D28: Verified | E28: 12 | I28: 0.2 | J28: 0.5 | K28: 0.3 | P28: =SUM(H28:O28) -> 1
B29: 8 | C29: Efficiency: Equipment Replacement Incentive Initiative | D29: Verified | E29: 12 | I29: 0.8 | J29: 0.2 | P29: =SUM(H29:O29) -> 1
B30: 9 | C30: Direct Install Lighting and Water Heating Initiative | D30: Verified | E30: 12 | I30: 0.5 | J30: 0.5 | P30: =SUM(H30:O30) -> 1
B31: 10 | C31: New Construction and Major Renovation Initiative | D31: Verified | E31: 12 | I31: 1 | P31: =SUM(H31:O31) -> 1
B32: 11 | C32: Existing Building Commissioning Incentive Initiative | D32: Verified | E32: 3 | J32: 1 | P32: =SUM(H32:O32) -> 1
B33: Adjustments to 2019 results (if any) | D33: True-up | P33: =SUM(H33:O33) -> 0
P34: =SUM(H34:O34) -> 0
P35: =SUM(H35:O35) -> 0
P36: =SUM(H36:O36) -> 0
B37: Industrial Program
B38: 12 | C38: Process and Systems Upgrades Initiatives - Project Incentive Initiative | D38: Verified | E38: 12 | J38: 1 | P38: =SUM(H38:O38) -> 1
B39: 13 | C39: Process and Systems Upgrades Initiatives - Monitoring and Targeting Initiative | D39: Verified | E39: 12 | J39: 1 | P39: =SUM(H39:O39) -> 1
B40: 14 | C40: Process and Systems Upgrades Initiatives - Energy Manager Initiative | D40: Verified | E40: 12 | J40: 1 | P40: =SUM(H40:O40) -> 1
B41: Adjustments to 2019 results (if any) | D41: True-up | P41: =SUM(H41:O41) -> 0
P42: =SUM(H42:O42) -> 0
P43: =SUM(H43:O43) -> 0
P44: =SUM(H44:O44) -> 0
B45: Low Income Program
B46: 15 | C46: Low Income Initiative | D46: Verified | H46: 1 | P46: =SUM(H46:O46) -> 1
B47: Adjustments to 2019 results (if any) | D47: True-up | P47: =SUM(H47:O47) -> 0
P48: =SUM(H48:O48) -> 0
P50: =SUM(H50:O50) -> 0
B51: Pilots
B52: 16 | C52: Loblaws Pilot | D52: Verified | P52: =SUM(H52:O52) -> 0
B53: 17 | C53: Social Benchmarking Pliot | D53: Verified | P53: =SUM(H53:O53) -> 0
B54: 18 | C54: Conservation Fund Pilot - SEG | D54: Verified | P54: =SUM(H54:O54) -> 0
B55: 19 | C55: Conservation Fund Pilot - EnerNOC | D55: Verified | P55: =SUM(H55:O55) -> 0
B56: Adjustments to 2019 results (if any) | D56: True-up | P56: =SUM(H56:O56) -> 0
B60: 2015-2020 Conservation First Framework Programs
B62: Residential Province-Wide Programs
B63: 21 | C63: Save on Energy Coupon Program | D63: Verified | H63: 1 | P63: =SUM(H63:O63) -> 1
B64: 22 | C64: Save on Energy Heating and Cooling Program | D64: Verified | H64: 1 | P64: =SUM(H64:O64) -> 1
B65: 23 | C65: Save on Energy New Construction Program | D65: Verified | H65: 1 | P65: =SUM(H65:O65) -> 1
B66: 24 | C66: Save on Energy Home Assistance Program | D66: Verified | H66: 1 | P66: =SUM(H66:O66) -> 1
B67: Adjustments to 2019 results (if any) | D67: True-up
P70: =SUM(H70:O70) -> 0
B71: Non-Residential Province-Wide Programs
B72: 25 | C72: Save on Energy Audit Funding Program | D72: Verified | I72: 1 | P72: =SUM(H72:O72) -> 1
B73: 26 | C73: Save on Energy Retrofit Program | D73: Verified | I73: 1 | P73: =SUM(H73:O73) -> 1
B74: 27 | C74: Save on Energy Small Business Lighting Program | D74: Verified | I74: 0.8 | J74: 0.2 | P74: =SUM(H74:O74) -> 1
B75: 28 | C75: Save on Energy High Performance New Construction Program | D75: Verified | P75: =SUM(H75:O75) -> 0
B76: 29 | C76: Save on Energy Existing Building Commissioning Program | D76: Verified | P76: =SUM(H76:O76) -> 0
B77: 30 | C77: Save on Energy Process & Systems Upgrades Program | D77: Verified | P77: =SUM(H77:O77) -> 0
B78: 31 | C78: Save on Energy Monitoring & Targeting Program | D78: Verified | P78: =SUM(H78:O78) -> 0
B79: 32 | C79: Save on Energy Energy Manager Program | D79: Verified | P79: =SUM(H79:O79) -> 0
B80: Adjustments to 2019 results (if any) | D80: True-up
P83: =SUM(H83:O83) -> 0
B84: Local & Regional Programs
B85: 33 | C85: Business Refrigeration Local Program | D85: Verified | P85: =SUM(H85:O85) -> 0
B86: 34 | C86: First Nation Conservation Local Program | D86: Verified | P86: =SUM(H86:O86) -> 0
B87: 35 | C87: Social Benchmarking Local Program | D87: Verified | P87: =SUM(H87:O87) -> 0
B88: Adjustments to 2019 results (if any) | D88: True-up
P91: =SUM(H91:O91) -> 0
B92: Pilot Programs
B93: 36 | C93: Enersource Hydro Mississauga Inc. - Performance-Based Conservation Pilot Program - Conservation Fund | D93: Verified | P93: =SUM(H93:O93) -> 0
B94: 37 | C94: EnWin Utilities Ltd. - Building Optimization Pilot | D94: Verified | P94: =SUM(H94:O94) -> 0
B95: 38 | C95: EnWin Utilities Ltd. - Re-Invest Pilot | D95: Verified | P95: =SUM(H95:O95) -> 0
B96: 39 | C96: Horizon Utilities Corporation - ECM Furnace Motor Pilot | D96: Verified | P96: =SUM(H96:O96) -> 0
B97: 40 | C97: Horizon Utilities Corporation - Social Benchmarking Pilot | D97: Verified | P97: =SUM(H97:O97) -> 0
B98: 41 | C98: Hydro Ottawa Limited - Conservation Voltage Regulation (CVR) Leveraging AMI Data Pilot | D98: Verified | P98: =SUM(H98:O98) -> 0
B99: 42 | C99: Hydro Ottawa Limited - Residential Demand Response Wi-Fi Thermostat Pilot | D99: Verified | P99: =SUM(H99:O99) -> 0
B100: 43 | C100: Kitchener-Wilmot Hydro Inc. - Pilot - DCKV | D100: Verified | P100: =SUM(H100:O100) -> 0
B101: 44 | C101: Niagara-on-the-Lake Hydro Inc. - Direct Install Energy Efficiency Measures for the Agricultural Sector | D101: Verified | P101: =SUM(H101:O101) -> 0
B102: 45 | C102: Oakville Hydro Electricity Distribution Inc. - Direct Install - Hydronic | D102: Verified | P102: =SUM(H102:O102) -> 0
B103: 46 | C103: Oakville Hydro Electricity Distribution Inc. - Direct Install - RTU Controls | D103: Verified | P103: =SUM(H103:O103) -> 0
B104: 47 | C104: Toronto Hydro-Electric System Limited - Direct Install - Hydronic (Pilot Savings) | D104: Verified | P104: =SUM(H104:O104) -> 0
... B106: 49 | C106: Toronto Hydro-Electric System Limited - PFP - Large (Pilot Savings) | D106: Verified | P106: =SUM(H106:O106) -> 0
B107: Adjustments to 2019 results (if any) | D107: True-up
C111: Total kWh | H111: =SUM(F17*H17,F18*H18,F19*H19,F20*H20,F21*H21,F22*H22,F46*H46,F63*H63,F64*H64,F65*H65,F66*H66) -> 0 | I111: =SUM(F28*I28,F29*I29,F30*I30,F31*I31,F32*I32,F72*I72,F73*I73,F74*I74,F75*I75,F76*I76,F77*I77,F78*I78,F79*I79,F85*I85,F86*I86,F87*I87) -> 0 | P111: =SUM(H111:O111) -> 0
C112: Total GS > 50 kW | J112: =SUM(E28*G28*J28,E29*G29*J29,E30*G30*J30,E31*G31,J31*E32*G32*J32,E38*G38*J38,E39*G39*J39,E40*G40*J40) -> 0 | K112: =SUM(E28*G28*K28,E29*G29*K29,E30*G30*K30,E31*G31*K31,E32*G32*K32,E38*G38*K38,E39*G39*K39,E40*G40*K40) -> 0 | P112: =SUM(H112:O112) -> 0
C113: Total GS > 50 kW excluding Building Commissioning | J113: =J112-(E32*G32*J32) -> 0 | K113: =K112-(E32*G32*K32) -> 0
C116: Distribution Rate in 2019 | H116: ='3. Distribution Rates'!#REF! -> #REF! | I116: ='3. Distribution Rates'!#REF! -> #REF! | J116: ='3. Distribution Rates'!#REF! -> #REF! | K116: ='3. Distribution Rates'!#REF! -> #REF! | L116: ='3. Distribution Rates'!#REF! -> #REF! | M116: ='3. Distribution Rates'!#REF! -> #REF! | N116: ='3. Distribution Rates'!#REF! -> #REF!
C117: Lost Revenue in 2019 from 2011 programs | P117: =SUM(H117:O117) -> 0
C118: Lost Revenue in 2019 from 2012 programs | P118: =SUM(H118:O118) -> 0
C119: Lost Revenue in 2019 from 2013 programs | P119: =SUM(H119:O119) -> 0
C120: Lost Revenue in 2019 from 2014 programs | P120: =SUM(H120:O120) -> 0
C121: Lost Revenue in 2019 from 2015 programs | H121: ='5. 2015 LRAM'!H128*H116 -> #DIV/0! | I121: ='5. 2015 LRAM'!I128*I116 -> #DIV/0! | J121: ='5. 2015 LRAM'!J128*J116 -> #DIV/0! | K121: ='5. 2015 LRAM'!K128*K116 -> #DIV/0! | L121: ='5. 2015 LRAM'!L128*L116 -> #DIV/0! | M121: ='5. 2015 LRAM'!M128*M116 -> #DIV/0! | N121: ='5. 2015 LRAM'!N128*N116 -> #DIV/0! | P121: =SUM(H121:O121) -> #DIV/0!
...

Sheet 5-f.  2020 LRAM
B2: 2020 Lost Revenues Work Form
C4: Instruction | E4: LDCs are only eligible to apply for lost revenues until they have rebased. Lost revenues for the period prior to rebasing should be included within the LDCs load forecast on a go forward basis.
E5: LDC to adjust the rate allocations by class (columns h to n). Please insert IESO verified savings for applicable programs (columns f to g).
E6: Adjustments will apply to the year that LRAM is claimed.
E7: This workbook contains links from Tab 3 (Distribution Rates) and Tab 5 (Persistence Rates).
C9: Legend | E9: User Inputs (Green)
E10: Auto Populated Cells (White)
B12: Table 11-f. 2018 LRAM Work Form
B13: # | C13: Initiative | D13: Results Status | E13: Months of Demand Savings | F13: Net Incremental Energy Savings (kWh) | G13: Net Incremental Peak Demand Savings (kW) | H13: Rate Allocation for LRAMVA
F14: 2015 kWh saved | G14: 2015 kW saved | H14: Residential | I14: General Service <50 kW | J14: General Service 50 - 999 kW | K14: General Service 1,000 - 4,999 kW | L14: Sentinel Lighting | M14: Street Lighting | N14: Unmetered Scattered Load | O14: Other | P14: Total
B15: 2011-2014+2015 Extension Legacy Framework Programs
B16: Residential Program
B17: 1 | C17: Coupon Initiative | D17: Verified | H17: 1 | P17: =SUM(H17:O17) -> 1
B18: 2 | C18: Bi-Annual Retailer Event Initiative | D18: Verified | H18: 1 | P18: =SUM(H18:O18) -> 1
B19: 3 | C19: Appliance Retirement Initiative | D19: Verified | H19: 1 | P19: =SUM(H19:O19) -> 1
B20: 4 | C20: Appliance Exchange Initiative | D20: Verified | H20: 1 | P20: =SUM(H20:O20) -> 1
B21: 5 | C21: HVAC Incentives Initaitive | D21: Verified | H21: 1 | P21: =SUM(H21:O21) -> 1
B22: 6 | C22: Residential New Construction and Major Renovation Initiative | D22: Verified | H22: 1 | P22: =SUM(H22:O22) -> 1
B23: Adjustments to 2020 results (if any) | D23: True-up | P23: =SUM(H23:O23) -> 0
P24: =SUM(H24:O24) -> 0
P25: =SUM(H25:O25) -> 0
P26: =SUM(H26:O26) -> 0
B27: Commercial & Institutional Program
B28: 7 | C28: Energy Audit Initiative | D28: Verified | E28: 12 | I28: 0.2 | J28: 0.5 | K28: 0.3 | P28: =SUM(H28:O28) -> 1
B29: 8 | C29: Efficiency: Equipment Replacement Incentive Initiative | D29: Verified | E29: 12 | I29: 0.8 | J29: 0.2 | P29: =SUM(H29:O29) -> 1
B30: 9 | C30: Direct Install Lighting and Water Heating Initiative | D30: Verified | E30: 12 | I30: 0.5 | J30: 0.5 | P30: =SUM(H30:O30) -> 1
B31: 10 | C31: New Construction and Major Renovation Initiative | D31: Verified | E31: 12 | I31: 1 | P31: =SUM(H31:O31) -> 1
B32: 11 | C32: Existing Building Commissioning Incentive Initiative | D32: Verified | E32: 3 | J32: 1 | P32: =SUM(H32:O32) -> 1
B33: Adjustments to 2020 results (if any) | D33: True-up | P33: =SUM(H33:O33) -> 0
P34: =SUM(H34:O34) -> 0
P35: =SUM(H35:O35) -> 0
P36: =SUM(H36:O36) -> 0
B37: Industrial Program
B38: 12 | C38: Process and Systems Upgrades Initiatives - Project Incentive Initiative | D38: Verified | E38: 12 | J38: 1 | P38: =SUM(H38:O38) -> 1
B39: 13 | C39: Process and Systems Upgrades Initiatives - Monitoring and Targeting Initiative | D39: Verified | E39: 12 | J39: 1 | P39: =SUM(H39:O39) -> 1
B40: 14 | C40: Process and Systems Upgrades Initiatives - Energy Manager Initiative | D40: Verified | E40: 12 | J40: 1 | P40: =SUM(H40:O40) -> 1
B41: Adjustments to 2020 results (if any) | D41: True-up | P41: =SUM(H41:O41) -> 0
P42: =SUM(H42:O42) -> 0
P43: =SUM(H43:O43) -> 0
P44: =SUM(H44:O44) -> 0
B45: Low Income Program
B46: 15 | C46: Low Income Initiative | D46: Verified | H46: 1 | P46: =SUM(H46:O46) -> 1
B47: Adjustments to 2020 results (if any) | D47: True-up | P47: =SUM(H47:O47) -> 0
P48: =SUM(H48:O48) -> 0
P50: =SUM(H50:O50) -> 0
B51: Pilots
B52: 16 | C52: Loblaws Pilot | D52: Verified | P52: =SUM(H52:O52) -> 0
B53: 17 | C53: Social Benchmarking Pliot | D53: Verified | P53: =SUM(H53:O53) -> 0
B54: 18 | C54: Conservation Fund Pilot - SEG | D54: Verified | P54: =SUM(H54:O54) -> 0
B55: 19 | C55: Conservation Fund Pilot - EnerNOC | D55: Verified | P55: =SUM(H55:O55) -> 0
B56: Adjustments to 2020 results (if any) | D56: True-up | P56: =SUM(H56:O56) -> 0
B60: 2015-2020 Conservation First Framework Programs
B62: Residential Province-Wide Programs
B63: 21 | C63: Save on Energy Coupon Program | D63: Verified | H63: 1 | P63: =SUM(H63:O63) -> 1
B64: 22 | C64: Save on Energy Heating and Cooling Program | D64: Verified | H64: 1 | P64: =SUM(H64:O64) -> 1
B65: 23 | C65: Save on Energy New Construction Program | D65: Verified | H65: 1 | P65: =SUM(H65:O65) -> 1
B66: 24 | C66: Save on Energy Home Assistance Program | D66: Verified | H66: 1 | P66: =SUM(H66:O66) -> 1
B67: Adjustments to 2020 results (if any) | D67: True-up
P70: =SUM(H70:O70) -> 0
B71: Non-Residential Province-Wide Programs
B72: 25 | C72: Save on Energy Audit Funding Program | D72: Verified | I72: 1 | P72: =SUM(H72:O72) -> 1
B73: 26 | C73: Save on Energy Retrofit Program | D73: Verified | I73: 1 | P73: =SUM(H73:O73) -> 1
B74: 27 | C74: Save on Energy Small Business Lighting Program | D74: Verified | I74: 0.8 | J74: 0.2 | P74: =SUM(H74:O74) -> 1
B75: 28 | C75: Save on Energy High Performance New Construction Program | D75: Verified | P75: =SUM(H75:O75) -> 0
B76: 29 | C76: Save on Energy Existing Building Commissioning Program | D76: Verified | P76: =SUM(H76:O76) -> 0
B77: 30 | C77: Save on Energy Process & Systems Upgrades Program | D77: Verified | P77: =SUM(H77:O77) -> 0
B78: 31 | C78: Save on Energy Monitoring & Targeting Program | D78: Verified | P78: =SUM(H78:O78) -> 0
B79: 32 | C79: Save on Energy Energy Manager Program | D79: Verified | P79: =SUM(H79:O79) -> 0
B80: Adjustments to 2020 results (if any) | D80: True-up
P83: =SUM(H83:O83) -> 0
B84: Local & Regional Programs
B85: 33 | C85: Business Refrigeration Local Program | D85: Verified | P85: =SUM(H85:O85) -> 0
B86: 34 | C86: First Nation Conservation Local Program | D86: Verified | P86: =SUM(H86:O86) -> 0
B87: 35 | C87: Social Benchmarking Local Program | D87: Verified | P87: =SUM(H87:O87) -> 0
B88: Adjustments to 2020 results (if any) | D88: True-up
P91: =SUM(H91:O91) -> 0
B92: Pilot Programs
B93: 36 | C93: Enersource Hydro Mississauga Inc. - Performance-Based Conservation Pilot Program - Conservation Fund | D93: Verified | P93: =SUM(H93:O93) -> 0
B94: 37 | C94: EnWin Utilities Ltd. - Building Optimization Pilot | D94: Verified | P94: =SUM(H94:O94) -> 0
B95: 38 | C95: EnWin Utilities Ltd. - Re-Invest Pilot | D95: Verified | P95: =SUM(H95:O95) -> 0
B96: 39 | C96: Horizon Utilities Corporation - ECM Furnace Motor Pilot | D96: Verified | P96: =SUM(H96:O96) -> 0
B97: 40 | C97: Horizon Utilities Corporation - Social Benchmarking Pilot | D97: Verified | P97: =SUM(H97:O97) -> 0
B98: 41 | C98: Hydro Ottawa Limited - Conservation Voltage Regulation (CVR) Leveraging AMI Data Pilot | D98: Verified | P98: =SUM(H98:O98) -> 0
B99: 42 | C99: Hydro Ottawa Limited - Residential Demand Response Wi-Fi Thermostat Pilot | D99: Verified | P99: =SUM(H99:O99) -> 0
B100: 43 | C100: Kitchener-Wilmot Hydro Inc. - Pilot - DCKV | D100: Verified | P100: =SUM(H100:O100) -> 0
B101: 44 | C101: Niagara-on-the-Lake Hydro Inc. - Direct Install Energy Efficiency Measures for the Agricultural Sector | D101: Verified | P101: =SUM(H101:O101) -> 0
B102: 45 | C102: Oakville Hydro Electricity Distribution Inc. - Direct Install - Hydronic | D102: Verified | P102: =SUM(H102:O102) -> 0
B103: 46 | C103: Oakville Hydro Electricity Distribution Inc. - Direct Install - RTU Controls | D103: Verified | P103: =SUM(H103:O103) -> 0
B104: 47 | C104: Toronto Hydro-Electric System Limited - Direct Install - Hydronic (Pilot Savings) | D104: Verified | P104: =SUM(H104:O104) -> 0
... B106: 49 | C106: Toronto Hydro-Electric System Limited - PFP - Large (Pilot Savings) | D106: Verified | P106: =SUM(H106:O106) -> 0
B107: Adjustments to 2020 results (if any) | D107: True-up
C111: Total kWh | H111: =SUM(F17*H17,F18*H18,F19*H19,F20*H20,F21*H21,F22*H22,F46*H46,F63*H63,F64*H64,F65*H65,F66*H66) -> 0 | I111: =SUM(F28*I28,F29*I29,F30*I30,F31*I31,F32*I32,F72*I72,F73*I73,F74*I74,F75*I75,F76*I76,F77*I77,F78*I78,F79*I79,F85*I85,F86*I86,F87*I87) -> 0 | P111: =SUM(H111:O111) -> 0
C112: Total GS > 50 kW | J112: =SUM(E28*G28*J28,E29*G29*J29,E30*G30*J30,E31*G31,J31*E32*G32*J32,E38*G38*J38,E39*G39*J39,E40*G40*J40) -> 0 | K112: =SUM(E28*G28*K28,E29*G29*K29,E30*G30*K30,E31*G31*K31,E32*G32*K32,E38*G38*K38,E39*G39*K39,E40*G40*K40) -> 0 | P112: =SUM(H112:O112) -> 0
C113: Total GS > 50 kW excluding Building Commissioning | J113: =J112-(E32*G32*J32) -> 0 | K113: =K112-(E32*G32*K32) -> 0
C116: Distribution Rate in 2020 | H116: ='3. Distribution Rates'!#REF! -> #REF! | I116: ='3. Distribution Rates'!#REF! -> #REF! | J116: ='3. Distribution Rates'!#REF! -> #REF! | K116: ='3. Distribution Rates'!#REF! -> #REF! | L116: ='3. Distribution Rates'!#REF! -> #REF! | M116: ='3. Distribution Rates'!#REF! -> #REF! | N116: ='3. Distribution Rates'!#REF! -> #REF!
C117: Lost Revenue in 2020 from 2011 programs | P117: =SUM(H117:O117) -> 0
C118: Lost Revenue in 2020 from 2012 programs | P118: =SUM(H118:O118) -> 0
C119: Lost Revenue in 2020 from 2013 programs | P119: =SUM(H119:O119) -> 0
C120: Lost Revenue in 2020 from 2014 programs | P120: =SUM(H120:O120) -> 0
C121: Lost Revenue in 2020 from 2015 programs | H121: ='5. 2015 LRAM'!H129*H116 -> #DIV/0! | I121: ='5. 2015 LRAM'!I129*I116 -> #DIV/0! | J121: ='5. 2015 LRAM'!J129*J116 -> #DIV/0! | K121: ='5. 2015 LRAM'!K129*K116 -> #DIV/0! | L121: ='5. 2015 LRAM'!L129*L116 -> #DIV/0! | M121: ='5. 2015 LRAM'!M129*M116 -> #DIV/0! | N121: ='5. 2015 LRAM'!N129*N116 -> #DIV/0! | P121: =SUM(H121:O121) -> #DIV/0!
...

Sheet 6.  Persistence Rates
C2: Persistence Rates
D5: Instruction | F5: To apply persistence factors to previous year's savings, this can be determined by taking the ratio of verified savings to the savings that occurred in the first year the program began. Please update the summary tables (highlighted blue boxes) with the verified results provided by the IESO. For 2011-2014 programs, these tables refer to Tables 4 and 5 (Summary Achievement Against CDM Targets). The verified results include adjustments. In the event that an LDC uses initiative level persistence, the LDC must provide these calculations in a new table below those provided here.
F6: The persistence factors will autopopulate on the LRAM forms.
F8: This form may need to be updated with IESO data on persistence of 2011-2014 programs into 2015-2020 term.
D10: Legend | F10: User Inputs (Green)
F11: Auto Populated Cells (White)
C14: Table 12. Determination of 2011-2014 Persistence Rates
C16: Implementation Period | D16: Annual Net Energy Savings (GWh) | O16: Implementation Period | P16: Annual Net Peak Savings (MW)
D17: 2011 | E17: 2012 | F17: 2013 | G17: 2014 | H17: 2015 | I17: 2016 | J17: 2017 | K17: 2018 | L17: 2019 | M17: 2020 | P17: 2011 | Q17: 2012 | R17: 2013 | S17: 2014 | T17: 2015 | U17: 2016 | V17: 2017 | W17: 2018 | X17: 2019 | Y17: 2020
C18: 2011 - Verified | O18: 2011 - Verified
C19: 2012 - Verified | O19: 2012 - Verified
C20: 2013 - Verified | O20: 2013 - Verified
C21: 2014 - Verified | O21: 2014 - Verified
C23: Implementation Period | D23: Persistence Factor (GWh) | O23: Implementation Period | P23: Persistence Factor (MW)
D24: 2011 | E24: 2012 | F24: 2013 | G24: 2014 | H24: 2015 | I24: 2016 | J24: 2017 | K24: 2018 | L24: 2019 | M24: 2020 | P24: 2011 | Q24: 2012 | R24: 2013 | S24: 2014 | T24: 2015 | U24: 2016 | V24: 2017 | W24: 2018 | X24: 2019 | Y24: 2020
C25: 2011 | E25: =E18/$D$18 -> #DIV/0! | F25: =F18/$D$18 -> #DIV/0! | G25: =G18/$D$18 -> #DIV/0! | H25: =H18/$D$18 -> #DIV/0! | I25: =I18/$D$18 -> #DIV/0! | J25: =J18/$D$18 -> #DIV/0! | K25: =K18/$D$18 -> #DIV/0! | L25: =L18/$D$18 -> #DIV/0! | M25: =M18/$D$18 -> #DIV/0! | O25: 2011 | Q25: =Q18/$P$18 -> #DIV/0! | R25: =R18/$P$18 -> #DIV/0! | S25: =S18/$P$18 -> #DIV/0! | T25: =T18/$P$18 -> #DIV/0! | U25: =U18/$P$18 -> #DIV/0! | V25: =V18/$P$18 -> #DIV/0! | W25: =W18/$P$18 -> #DIV/0! | X25: =X18/$P$18 -> #DIV/0! | Y25: =Y18/$P$18 -> #DIV/0!
C26: 2012 | F26: =F19/$E$19 -> #DIV/0! | G26: =G19/$E$19 -> #DIV/0! | H26: =H19/$E$19 -> #DIV/0! | I26: =I19/$E$19 -> #DIV/0! | J26: =J19/$E$19 -> #DIV/0! | K26: =K19/$E$19 -> #DIV/0! | L26: =L19/$E$19 -> #DIV/0! | M26: =M19/$E$19 -> #DIV/0! | O26: 2012 | R26: =R19/$Q$19 -> #DIV/0! | S26: =S19/$Q$19 -> #DIV/0! | T26: =T19/$Q$19 -> #DIV/0! | U26: =U19/$Q$19 -> #DIV/0! | V26: =V19/$Q$19 -> #DIV/0! | W26: =W19/$Q$19 -> #DIV/0! | X26: =X19/$Q$19 -> #DIV/0! | Y26: =Y19/$Q$19 -> #DIV/0!
C27: 2013 | G27: =G20/$F$20 -> #DIV/0! | H27: =H20/$F$20 -> #DIV/0! | I27: =I20/$F$20 -> #DIV/0! | J27: =J20/$F$20 -> #DIV/0! | K27: =K20/$F$20 -> #DIV/0! | L27: =L20/$F$20 -> #DIV/0! | M27: =M20/$F$20 -> #DIV/0! | O27: 2013 | S27: =S20/$R$20 -> #DIV/0! | T27: =T20/$R$20 -> #DIV/0! | U27: =U20/$R$20 -> #DIV/0! | V27: =V20/$R$20 -> #DIV/0! | W27: =W20/$R$20 -> #DIV/0! | X27: =X20/$R$20 -> #DIV/0! | Y27: =Y20/$R$20 -> #DIV/0!
C28: 2014 | H28: =H21/$G$21 -> #DIV/0! | I28: =I21/$G$21 -> #DIV/0! | J28: =J21/$G$21 -> #DIV/0! | K28: =K21/$G$21 -> #DIV/0! | L28: =L21/$G$21 -> #DIV/0! | M28: =M21/$G$21 -> #DIV/0! | O28: 2014 | T28: =T21/$S$21 -> #DIV/0! | U28: =U21/$S$21 -> #DIV/0! | V28: =V21/$S$21 -> #DIV/0! | W28: =W21/$S$21 -> #DIV/0! | X28: =X21/$S$21 -> #DIV/0! | Y28: =Y21/$S$21 -> #DIV/0!
C31: Table 13. Determination of 2015-2020 Persistence Rates
C33: Implementation Period | D33: Annual Net Energy Savings (GWh) | O33: Implementation Period | P33: Annual Net Peak Savings (MW)
D34: 2015 | E34: 2016 | F34: 2017 | G34: 2018 | H34: 2019 | I34: 2020 | Q34: 2015 | R34: 2016 | S34: 2017 | T34: 2018 | U34: 2019 | V34: 2020
C35: 2015 - Verified | O35: 2015 - Verified
C36: 2016 - Verified | O36: 2016 - Verified
C37: 2017 - Verified | O37: 2017 - Verified
C38: 2018 - Verified | O38: 2018 - Verified
C39: 2019 - Verified | O39: 2019 - Verified
C40: 2020 - Verified | O40: 2020 - Verified
C42: Implementation Period | D42: Persistence Factor (GWh) | O42: Implementation Period | P42: Persistence Factor (MW)
D43: 2015 | E43: 2016 | F43: 2017 | G43: 2018 | H43: 2019 | I43: 2020 | Q43: 2015 | R43: 2016 | S43: 2017 | T43: 2018 | U43: 2019 | V43: 2020
C44: 2015 - Verified | E44: =E35/$D$35 -> #DIV/0! | F44: =F35/$D$35 -> #DIV/0! | G44: =G35/$D$35 -> #DIV/0! | H44: =H35/$D$35 -> #DIV/0! | I44: =I35/$D$35 -> #DIV/0! | O44: 2015 - Verified | R44: =R35/$Q$35 -> #DIV/0! | S44: =S35/$Q$35 -> #DIV/0! | T44: =T35/$Q$35 -> #DIV/0! | U44: =U35/$Q$35 -> #DIV/0! | V44: =V35/$Q$35 -> #DIV/0!
C45: 2016 - Verified | F45: =F36/$E$36 -> #DIV/0! | G45: =G36/$E$36 -> #DIV/0! | H45: =H36/$E$36 -> #DIV/0! | I45: =I36/$E$36 -> #DIV/0! | O45: 2016 - Verified | S45: =S36/$R$36 -> #DIV/0! | T45: =T36/$R$36 -> #DIV/0! | U45: =U36/$R$36 -> #DIV/0! | V45: =V36/$R$36 -> #DIV/0!
C46: 2017 - Verified | G46: =G37/$F$37 -> #DIV/0! | H46: =H37/$F$37 -> #DIV/0! | I46: =I37/$F$37 -> #DIV/0! | O46: 2017 - Verified | T46: =T37/$S$37 -> #DIV/0! | U46: =U37/$S$37 -> #DIV/0! | V46: =V37/$S$37 -> #DIV/0!
C47: 2018 - Verified | H47: =H38/$G$38 -> #DIV/0! | I47: =I38/$G$38 -> #DIV/0! | O47: 2018 - Verified | U47: =U38/$T$38 -> #DIV/0! | V47: =V38/$T$38 -> #DIV/0!
C48: 2019 - Verified | I48: =I39/H39 -> #DIV/0! | O48: 2019 - Verified | V48: =V39/U39 -> #DIV/0!
C50: Note: | D50: Initiative level persistence was used. See below. Tables 12 and 13 not used.
C52: Table 16. Persistence by Program from the IESO for 2011 Programs | O52: Table 20. Persistence by Program from the IESO for 2011 Program Adjustments
C54: Initiative | D54: Incremental Peak Demand Savings (kW) | I54: Incremental Energy Savings (kWh) | O54: Initiative | P54: Incremental Peak Demand Savings (kW) | U54: Incremental Energy Savings (kWh)
D55: 2012 | E55: 2013 | F55: 2014 | G55: 2015 | H55: 2016 | I55: 2012 | J55: 2013 | K55: 2014 | L55: 2015 | M55: 2016 | P55: 2012 | Q55: 2013 | R55: 2014 | S55: 2015 | T55: 2016 | U55: 2012 | V55: 2013 | W55: 2014 | X55: 2015 | Y55: 2016
C56: Consumer Program | O56: Consumer Program
C57: Appliance Retirement | D57: 52.703324 | E57: 52.703324 | F57: 50.554654 | G57: 34.010977 | H57: 0 | I57: 373331.18 | J57: 373331.18 | K57: 371409.72 | L57: 0 | M57: 0 | O57: Appliance Retirement | P57: 0 | Q57: 0 | R57: 0 | S57: 0 | T57: 0 | U57: 0 | V57: 0 | W57: 0 | X57: 0 | Y57: 0
C58: Appliance Exchange | D58: 6.526039 | E58: 6.526039 | F58: 2.5337322 | G58: 0 | H58: 0 | I58: 8087.939 | J58: 8087.939 | K58: 4517.8011 | L58: 0 | M58: 0 | O58: Appliance Exchange | P58: 0 | Q58: 0 | R58: 0 | S58: 0 | T58: 0 | U58: 0 | V58: 0 | W58: 0 | X58: 0 | Y58: 0
C59: HVAC Incentives | D59: 808.90931 | E59: 808.90931 | F59: 808.90931 | G59: 808.90931 | H59: 808.90931 | I59: 1507824.8 | J59: 1507824.8 | K59: 1507824.8 | L59: 1507824.8 | M59: 1507824.8 | O59: HVAC Incentives | P59: -149.78104 | Q59: -149.78104 | R59: -149.78104 | S59: -149.78104 | T59: -149.78104 | U59: -280270.84 | V59: -280270.84 | W59: -280270.84 | X59: -280270.84 | Y59: -280270.84
C60: Conservation Instant Coupon Booklet | D60: 27.64286 | E60: 27.64286 | F60: 27.64286 | G60: 25.984162 | H60: 24.172104 | I60: 447750.47 | J60: 447750.47 | K60: 447750.47 | L60: 372792.92 | M60: 372792.92 | O60: Conservation Instant Coupon Booklet | P60: 0.37872909 | Q60: 0.37872909 | R60: 0.37872909 | S60: 0.37872909 | T60: 0.35281045 | U60: 6484.7924 | V60: 6484.7924 | W60: 6484.7924 | X60: 6484.7924 | Y60: 5925.0302
C61: Bi-Annual Retailer Event | D61: 39.556805 | E61: 39.556805 | F61: 39.556805 | G61: 36.801491 | H61: 33.791427 | I61: 691340.76 | J61: 691340.76 | K61: 691340.76 | L61: 566826.5 | M61: 566826.5 | O61: Bi-Annual Retailer Event | P61: 2.5375044 | Q61: 2.5375044 | R61: 2.5375044 | S61: 2.5375044 | T61: 2.3203956 | U61: 51364.31 | V61: 51364.31 | W61: 51364.31 | X61: 51364.31 | Y61: 46675.435
C62: Retailer Co-op | D62: 0 | E62: 0 | F62: 0 | G62: 0 | H62: 0 | I62: 0 | J62: 0 | K62: 0 | L62: 0 | M62: 0 | O62: Retailer Co-Op | P62: 0 | Q62: 0 | R62: 0 | S62: 0 | T62: 0 | U62: 0 | V62: 0 | W62: 0 | X62: 0 | Y62: 0
C63: Residential Demand Response | D63: 0 | E63: 0 | F63: 0 | G63: 0 | H63: 0 | I63: 0 | J63: 0 | K63: 0 | L63: 0 | M63: 0 | O63: Residential Demand Response (switch/pstat) | P63: 0 | Q63: 0 | R63: 0 | S63: 0 | T63: 0 | U63: 0 | V63: 0 | W63: 0 | X63: 0 | Y63: 0
C64: Residential New Construction | D64: 0 | E64: 0 | F64: 0 | G64: 0 | H64: 0 | I64: 0 | J64: 0 | K64: 0 | L64: 0 | O64: Residential New Construction | P64: 0 | Q64: 0 | R64: 0 | S64: 0 | T64: 0 | U64: 0 | V64: 0 | W64: 0 | X64: 0 | Y64: 0
C65: Hidden row to match structure in Table 7
C66: Consumer Program Total | D66: =SUM(D57:D64) -> 935.33834 | E66: =SUM(E57:E64) -> 935.33834 | F66: =SUM(F57:F64) -> 929.19736 | G66: =SUM(G57:G64) -> 905.70594 | H66: =SUM(H57:H64) -> 866.87284 | I66: =SUM(I57:I64) -> 3028335.2 | J66: =SUM(J57:J64) -> 3028335.2 | K66: =SUM(K57:K64) -> 3022843.6 | ... M66: =SUM(M57:M64) -> 2447444.2 | O66: Consumer Program Total | P66: =SUM(P57:P64) -> -146.86481 | Q66: =SUM(Q57:Q64) -> -146.86481 | R66: =SUM(R57:R64) -> -146.86481 | S66: =SUM(S57:S64) -> -146.86481 | T66: =SUM(T57:T64) -> -147.10783 | U66: =SUM(U57:U64) -> -222421.74 | V66: =SUM(V57:V64) -> -222421.74 | W66: =SUM(W57:W64) -> -222421.74 | ... Y66: =SUM(Y57:Y64) -> -227670.37
C68: Business Program | O68: Business Program
C69: Retrofit | D69: 456.7572 | E69: 456.7572 | F69: 456.7572 | G69: 456.7572 | H69: 456.7572 | I69: 2463617.6 | J69: 2463617.6 | K69: 2463617.6 | L69: 2463617.6 | M69: 2463617.6 | O69: Retrofit | P69: 11.765592 | Q69: 11.765592 | R69: 11.765592 | S69: 11.765592 | T69: 11.765592 | U69: 15709.266 | V69: 15709.266 | W69: 15709.266 | X69: 15709.266 | Y69: 15709.266
C70: Direct Install Lighting | D70: 84.977269 | E70: 79.471115 | F70: 47.40546 | G70: 47.19262 | H70: 43.828325 | I70: 212589.89 | J70: 197053.34 | K70: 108196.51 | L70: 107602.02 | M70: 99473.849 | O70: Direct Install Lighting | P70: 0 | Q70: 0 | R70: 0 | S70: 0 | T70: 0 | U70: 0 | V70: 0 | W70: 0 | X70: 0 | Y70: 0
C71: Building Commissioning | O71: Building Commissioning | P71: 0 | Q71: 0 | R71: 0 | S71: 0 | T71: 0 | U71: 0 | V71: 0 | W71: 0 | X71: 0 | Y71: 0
C72: New Construction | O72: New Construction | P72: 0 | Q72: 0 | R72: 0 | S72: 0 | T72: 0 | U72: 0 | V72: 0 | W72: 0 | X72: 0 | Y72: 0
C73: Energy Audit | D73: 0 | E73: 0 | F73: 0 | G73: 0 | H73: 0 | I73: 0 | J73: 0 | K73: 0 | L73: 0 | M73: 0 | O73: Energy Audit | P73: 5.1771746 | Q73: 5.1771746 | R73: 5.1771746 | S73: 5.1771746 | T73: 0 | U73: 25176.254 | V73: 25176.254 | W73: 25176.254 | X73: 25176.254 | Y73: 0
C74: Small Commercial Demand Response | O74: =C74 -> Small Commercial Demand Response | P74: 0.24677522 | Q74: 0.24677522 | R74: 0.24677522 | S74: 0 | T74: 0 | U74: 1222.0406 | V74: 1222.0406 | W74: 1222.0406 | X74: 0 | Y74: 0
C75: Demand Response 3 | D75: 0 | E75: 0 | F75: 0 | G75: 0 | H75: 0 | I75: 0 | J75: 0 | K75: 0 | L75: 0 | M75: 0 | O75: Demand Response 3 | P75: 0 | Q75: 0 | R75: 0 | S75: 0 | T75: 0 | U75: 0 | V75: 0 | W75: 0 | X75: 0 | Y75: 0
C76: Hidden row to match structure in Table 7
C77: Business Program Total | D77: 541.73447 | E77: 536.22832 | F77: 504.16267 | G77: 503.94982 | H77: 500.58553 | I77: 2676207.5 | J77: 2660670.9 | K77: 2571814.1 | L77: 2571219.6 | M77: 2563091.4 | O77: Business Program Total | P77: =SUM(P69:P75) -> 17.189541 | Q77: =SUM(Q69:Q75) -> 17.189541 | R77: =SUM(R69:R75) -> 17.189541 | S77: =SUM(S69:S75) -> 16.942766 | T77: =SUM(T69:T75) -> 11.765592 | U77: =SUM(U69:U75) -> 42107.561 | V77: =SUM(V69:V75) -> 42107.561 | W77: =SUM(W69:W75) -> 42107.561 | ... Y77: =SUM(Y69:Y75) -> 15709.266
C79: Industrial Program | O79: Industrial Program
C80: Process & System Upgrades | O80: Process & System Upgrades | P80: 0 | Q80: 0 | R80: 0 | S80: 0 | T80: 0 | U80: 0 | V80: 0 | W80: 0 | X80: 0 | Y80: 0
C81: Monitoring & Targeting | O81: Monitoring & Targeting | P81: 0 | Q81: 0 | R81: 0 | S81: 0 | T81: 0 | U81: 0 | V81: 0 | W81: 0 | X81: 0 | Y81: 0
C82: Energy Manager | O82: Energy Manager | P82: 0 | Q82: 0 | R82: 0 | S82: 0 | T82: 0 | U82: 0 | V82: 0 | W82: 0 | X82: 0 | Y82: 0
C83: Retrofit | D83: 58.411909 | E83: 58.411909 | F83: 58.411909 | G83: 58.411909 | H83: 58.411909 | I83: 381325.03 | J83: 381325.03 | K83: 381325.03 | L83: 381325.03 | M83: 381325.03 | O83: Retrofit | P83: 0 | Q83: 0 | R83: 0 | S83: 0 | T83: 0 | U83: 0 | V83: 0 | W83: 0 | X83: 0 | Y83: 0
C84: Demand Response 3 | D84: 0 | E84: 0 | F84: 0 | G84: 0 | H84: 0 | I84: 0 | J84: 0 | K84: 0 | L84: 0 | M84: 0 | O84: Demand Response 3 | P84: 0 | Q84: 0 | R84: 0 | S84: 0 | T84: 0 | U84: 0 | V84: 0 | W84: 0 | X84: 0 | Y84: 0
C85: Hidden row to match structure in Table 7
C86: Industrial Program Total | D86: 58.411909 | E86: 58.411909 | F86: 58.411909 | G86: 58.411909 | H86: 58.411909 | I86: 381325.03 | J86: 381325.03 | K86: 381325.03 | L86: 381325.03 | M86: 381325.03 | O86: Industrial Program Total | P86: =SUM(P80:P84) -> 0 | Q86: =SUM(Q80:Q84) -> 0 | R86: =SUM(R80:R84) -> 0 | S86: =SUM(S80:S84) -> 0 | T86: =SUM(T80:T84) -> 0 | U86: =SUM(U80:U84) -> 0 | V86: =SUM(V80:V84) -> 0 | W86: =SUM(W80:W84) -> 0 | ... Y86: =SUM(Y80:Y84) -> 0
C88: Home Assistance Program | O88: Home Assistance Program
C89: Home Assistance Program | O89: Home Assistance Program | P89: 0 | Q89: 0 | R89: 0 | S89: 0 | T89: 0 | U89: 0 | V89: 0 | W89: 0 | X89: 0 | Y89: 0
C90: Hidden row to match structure in Table 7
C91: Home Assistance Program Total | O91: Home Assistance Program Total | P91: =P89 -> 0 | Q91: =Q89 -> 0 | R91: =R89 -> 0 | S91: =S89 -> 0 | T91: =T89 -> 0 | U91: =U89 -> 0 | V91: =V89 -> 0 | W91: =W89 -> 0 | ... Y91: =Y89 -> 0
D92: 0 | E92: 0 | F92: 0 | G92: 0 | H92: 0 | I92: 0 | J92: 0 | K92: 0 | L92: 0 | M92: 0
C93: Pre-2011 Programs completed in 2011 | O93: Pre-2011 Programs completed in 2011
C94: Electricity Retrofit Incentive Program | D94: 340.95133 | E94: 340.95133 | F94: 340.95133 | G94: 340.95133 | H94: 340.95133 | I94: 1799947.6 | J94: 1799947.6 | K94: 1799947.6 | L94: 1799947.6 | M94: 1799947.6 | O94: Electricity Retrofit Incentive Program | P94: 0 | Q94: 0 | R94: 0 | S94: 0 | T94: 0 | U94: 0 | V94: 0 | W94: 0 | X94: 0 | Y94: 0
C95: High Performance New Construction | D95: 278.26175 | E95: 278.26175 | F95: 278.26175 | G95: 278.26175 | H95: 278.26175 | I95: 1429152.3 | J95: 1429152.3 | K95: 1429152.3 | L95: 1429152.3 | M95: 1429152.3 | O95: High Performance New Construction | P95: 21.14275 | Q95: 21.14275 | R95: 21.14275 | S95: 21.14275 | T95: 21.14275 | U95: -603133.33 | V95: -603133.33 | W95: -603133.33 | X95: -603133.33 | Y95: -603133.33
C96: Toronto Comprehensive | O96: Toronto Comprehensive | P96: 0 | Q96: 0 | R96: 0 | S96: 0 | T96: 0 | U96: 0 | V96: 0 | W96: 0 | X96: 0 | Y96: 0
C97: Multifamily Energy Efficiency Rebates | O97: Multifamily Energy Efficiency Rebates | P97: 0 | Q97: 0 | R97: 0 | S97: 0 | T97: 0 | U97: 0 | V97: 0 | W97: 0 | X97: 0 | Y97: 0
C98: LDC Custom Programs | O98: LDC Custom Programs | P98: 0 | Q98: 0 | R98: 0 | S98: 0 | T98: 0 | U98: 0 | V98: 0 | W98: 0 | X98: 0 | Y98: 0
C99: Hidden row to match structure in Table 7
C100: Pre-2011 Programs completed in 2011 Total | D100: 619.21308 | E100: 619.21308 | F100: 619.21308 | G100: 619.21308 | H100: 619.21308 | I100: 3229100 | J100: 3229100 | K100: 3229100 | L100: 3229100 | M100: 3229100 | O100: Pre-2011 Programs completed in 2011 | P100: =SUM(P94:P98) -> 21.14275 | Q100: =SUM(Q94:Q98) -> 21.14275 | R100: =SUM(R94:R98) -> 21.14275 | S100: =SUM(S94:S98) -> 21.14275 | T100: =SUM(T94:T98) -> 21.14275 | U100: =SUM(U94:U98) -> -603133.33 | V100: =SUM(V94:V98) -> -603133.33 | W100: =SUM(W94:W98) -> -603133.33 | ... Y100: =SUM(Y94:Y98) -> -603133.33
C101: Hidden row to match structure in Table 7
C103: Totals | D103: 2154.6978 | E103: 2149.1917 | F103: 2110.985 | G103: 2087.2808 | H103: 2045.0834 | I103: 9314967.6 | J103: 9299431.1 | K103: 9205082.6 | L103: 8629088.8 | M103: 8620960.6 | O103: Totals | P103: =SUM(P56:P102)/2 -> -108.53252 | Q103: =SUM(Q56:Q102)/2 -> -108.53252 | R103: =SUM(R56:R102)/2 -> -108.53252 | S103: =SUM(S56:S102)/2 -> -108.77929 | T103: =SUM(T56:T102)/2 -> -114.19949 | U103: =SUM(U56:U102)/2 -> -783447.51 | V103: =SUM(V56:V102)/2 -> -783447.51 | W103: =SUM(W56:W102)/2 -> -783447.51 | ... Y103: =SUM(Y56:Y102)/2 -> -815094.44
C110: Table 17. Persistence by Program from the IESO for 2012 Programs | O110: Table 21. Persistence by Program from the IESO for 2012 Program Adjustments
C112: Initiative | D112: Incremental Peak Demand Savings (kW) | I112: Incremental Energy Savings (kWh) | O112: Initiative | P112: Incremental Peak Demand Savings (kW) | U112: Incremental Energy Savings (kWh)
D113: 2012 | E113: 2013 | F113: 2014 | G113: 2015 | H113: 2016 | I113: 2012 | J113: 2013 | K113: 2014 | L113: 2015 | M113: 2016 | P113: 2012 | Q113: 2013 | R113: 2014 | S113: 2015 | T113: 2016 | U113: 2012 | V113: 2013 | W113: 2014 | X113: 2015 | Y113: 2016
C114: Consumer Program | O114: Consumer Program
C115: Appliance Retirement | E115: 27.005154 | F115: 27.005154 | G115: 24.942284 | H115: 14.031397 | J115: 177849.66 | K115: 177849.66 | L115: 176004.93 | M115: 106719.09 | O115: Appliance Retirement | Q115: 0 | R115: 0 | S115: 0 | T115: 0 | V115: 0 | W115: 0 | X115: 0 | Y115: 0
C116: Appliance Exchange | E116: 11.872168 | F116: 11.872168 | G116: 11.652084 | H116: 0 | J116: 20973.197 | K116: 20973.197 | L116: 20776.386 | M116: 0 | O116: Appliance Exchange | Q116: 0 | R116: 0 | S116: 0 | T116: 0 | V116: 0 | W116: 0 | X116: 0 | Y116: 0
C117: HVAC Incentives | E117: 542.47593 | F117: 542.47593 | G117: 542.47593 | H117: 542.47593 | J117: 934123.69 | K117: 934123.69 | L117: 934123.69 | M117: 934123.69 | O117: HVAC Incentives | Q117: 15.565724 | R117: 15.565724 | S117: 15.565724 | T117: 15.565724 | V117: 30567.161 | W117: 30567.161 | X117: 30567.161 | Y117: 30567.161
C118: Conservation Instant Coupon Booklet | E118: 5.4205306 | F118: 5.4205306 | G118: 5.4205306 | H118: 5.3976494 | J118: 32892.726 | K118: 32892.726 | L118: 32892.726 | M118: 32398.562 | O118: Conservation Instant Coupon Booklet | Q118: 0 | R118: 0 | S118: 0 | T118: 0 | V118: 0 | W118: 0 | X118: 0 | Y118: 0
C119: Bi-Annual Retailer Event | E119: 34.816637 | F119: 34.816637 | G119: 34.816637 | H119: 31.868341 | J119: 630039.4 | K119: 630039.4 | L119: 630039.4 | M119: 566365.34 | O119: Bi-Annual Retailer Event | Q119: 0 | R119: 0 | S119: 0 | T119: 0 | V119: 0 | W119: 0 | X119: 0 | Y119: 0
C120: Retailer Co-Op | O120: Retailer Co-Op | Q120: 0 | R120: 0 | S120: 0 | T120: 0 | V120: 0 | W120: 0 | X120: 0 | Y120: 0
C121: Residential Demand Response (switch/pstat) | E121: 0 | F121: 0 | G121: 0 | H121: 0 | J121: 0 | K121: 0 | L121: 0 | M121: 0 | O121: Residential Demand Response (switch/pstat) | Q121: 0 | R121: 0 | S121: 0 | T121: 0 | V121: 0 | W121: 0 | X121: 0 | Y121: 0
C122: Residential Demand Response (IHD) | O122: Residential Demand Response (IHD) | Q122: 0 | R122: 0 | S122: 0 | T122: 0 | V122: 0 | W122: 0 | X122: 0 | Y122: 0
C123: Residential New Construction | O123: Residential New Construction | Q123: 0 | R123: 0 | S123: 0 | T123: 0 | V123: 0 | W123: 0 | X123: 0 | Y123: 0
C124: Hidden row to match structure in Table 8
C125: Consumer Program Total | E125: =SUM(E115:E123) -> 621.59042 | F125: =SUM(F115:F123) -> 621.59042 | G125: =SUM(G115:G123) -> 619.30747 | H125: =SUM(H115:H123) -> 593.77332 | J125: =SUM(J115:J123) -> 1795878.7 | K125: =SUM(K115:K123) -> 1795878.7 | L125: =SUM(L115:L123) -> 1793837.1 | M125: =SUM(M115:M123) -> 1639606.7 | O125: Consumer Program Total | Q125: =SUM(Q115:Q123) -> 15.565724 | R125: =SUM(R115:R123) -> 15.565724 | S125: =SUM(S115:S123) -> 15.565724 | T125: =SUM(T115:T123) -> 15.565724 | V125: =SUM(V115:V123) -> 30567.161 | W125: =SUM(W115:W123) -> 30567.161 | X125: =SUM(X115:X123) -> 30567.161 | Y125: =SUM(Y115:Y123) -> 30567.161
C127: Business Program | O127: Business Program
C128: Retrofit | E128: 1213.1917 | F128: 1212.9601 | G128: 1191.0668 | H128: 1191.0668 | J128: 6472559 | K128: 6471803.7 | L128: 6400284.9 | M128: 6400284.9 | O128: Retrofit | Q128: 227.95352 | R128: 225.1583 | S128: 208.14317 | T128: 208.14317 | V128: 1328566.2 | W128: 1318483.1 | X128: 1266016.8 | Y128: 1266016.8
...

Sheet 7.  Carrying Charges
B3: Carrying Charges by Rate Class
C5: Instruction | D5: Please update the carrying charges in Table 14. The interest amounts per year will autopopulate in the LRAMVA Summary Table in Tab 1.
D6: LDC to adjust the rate allocations by class (columns h to n). Please insert IESO verified savings for applicable programs (columns f to g).
D7: Please note that the carrying charges below pertain to the amount credited or debited to ratepayers based on how much was originally collected from the interest on the load forecast. As the amounts shown are running totals, please clear the yearly amounts once the LRAM claims are approved in order to cancel prior year interest collections.
C9: Legend | D9: User Inputs (Green)
D10: Auto Populated Cells (White)
B13: Table 14: Prescribed Interest Rates | E13: Table 15: Calculation of Carrying Costs by Rate Class
B15: Quarter | C15: Approved Deferral and Variance Accounts | E15: Month | F15: Interest for CDM year | G15: Quarter | H15: Monthly Rate | I15: ='1. LRAMVA Summary'!C21 -> Residential | J15: ='1. LRAMVA Summary'!D21 -> GS < 50 kW | K15: ='1. LRAMVA Summary'!E21 -> GS 50 to 2,999 kW | L15: ='1. LRAMVA Summary'!F21 -> GS 50 to 2,999 kW with owned transformer | M15: ='1. LRAMVA Summary'!G21 -> GS 3,000 to 4,999 kW | N15: ='1. LRAMVA Summary'!H21 -> GS 3,000 to 4,999 kW with owned transformer | O15: ='1. LRAMVA Summary'!I21 -> Large Use | P15: ='1. LRAMVA Summary'!J21 -> Large Use with owned transformer | ... T15: ='1. LRAMVA Summary'!N21 -> Total
B16: 2011 Q1 | C16: 0.0147 | E16: 40544 | F16: 2011 | G16: Q1 | H16: =C$16/12 -> 0.001225 | I16: =SUM('1. LRAMVA Summary'!C$22:C$23)*(MONTH($E16)-1)/12*$H16 -> 0 | J16: =SUM('1. LRAMVA Summary'!D$22:D$23)*(MONTH($E16)-1)/12*$H16 -> 0 | K16: =SUM('1. LRAMVA Summary'!E$22:E$23)*(MONTH($E16)-1)/12*$H16 -> 0 | L16: =SUM('1. LRAMVA Summary'!F$22:F$23)*(MONTH($E16)-1)/12*$H16 -> 0 | M16: =SUM('1. LRAMVA Summary'!G$22:G$23)*(MONTH($E16)-1)/12*$H16 -> 0 | N16: =SUM('1. LRAMVA Summary'!H$22:H$23)*(MONTH($E16)-1)/12*$H16 -> 0 | O16: =SUM('1. LRAMVA Summary'!I$22:I$23)*(MONTH($E16)-1)/12*$H16 -> 0 | P16: =SUM('1. LRAMVA Summary'!J$22:J$23)*(MONTH($E16)-1)/12*$H16 -> 0 | ... S16: =SUM('1. LRAMVA Summary'!M$22:M$23)*(MONTH($E16)-1)/12*$H16 -> 0 | T16: =SUM(I16:S16) -> 0
B17: 2011 Q2 | C17: 0.0147 | E17: 40575 | F17: 2011 | G17: Q1 | H17: =C$16/12 -> 0.001225 | I17: =SUM('1. LRAMVA Summary'!C$22:C$23)*(MONTH($E17)-1)/12*$H17 -> 0 | J17: =SUM('1. LRAMVA Summary'!D$22:D$23)*(MONTH($E17)-1)/12*$H17 -> 0 | K17: =SUM('1. LRAMVA Summary'!E$22:E$23)*(MONTH($E17)-1)/12*$H17 -> 0 | L17: =SUM('1. LRAMVA Summary'!F$22:F$23)*(MONTH($E17)-1)/12*$H17 -> 0 | M17: =SUM('1. LRAMVA Summary'!G$22:G$23)*(MONTH($E17)-1)/12*$H17 -> 0 | N17: =SUM('1. LRAMVA Summary'!H$22:H$23)*(MONTH($E17)-1)/12*$H17 -> 0 | O17: =SUM('1. LRAMVA Summary'!I$22:I$23)*(MONTH($E17)-1)/12*$H17 -> 0 | P17: =SUM('1. LRAMVA Summary'!J$22:J$23)*(MONTH($E17)-1)/12*$H17 -> 0 | ... S17: =SUM('1. LRAMVA Summary'!M$22:M$23)*(MONTH($E17)-1)/12*$H17 -> 0 | T17: =SUM(I17:S17) -> 0
B18: 2011 Q3 | C18: 0.0147 | E18: 40603 | F18: 2011 | G18: Q1 | H18: =C$16/12 -> 0.001225 | I18: =SUM('1. LRAMVA Summary'!C$22:C$23)*(MONTH($E18)-1)/12*$H18 -> 0 | J18: =SUM('1. LRAMVA Summary'!D$22:D$23)*(MONTH($E18)-1)/12*$H18 -> 0 | K18: =SUM('1. LRAMVA Summary'!E$22:E$23)*(MONTH($E18)-1)/12*$H18 -> 0 | L18: =SUM('1. LRAMVA Summary'!F$22:F$23)*(MONTH($E18)-1)/12*$H18 -> 0 | M18: =SUM('1. LRAMVA Summary'!G$22:G$23)*(MONTH($E18)-1)/12*$H18 -> 0 | N18: =SUM('1. LRAMVA Summary'!H$22:H$23)*(MONTH($E18)-1)/12*$H18 -> 0 | O18: =SUM('1. LRAMVA Summary'!I$22:I$23)*(MONTH($E18)-1)/12*$H18 -> 0 | P18: =SUM('1. LRAMVA Summary'!J$22:J$23)*(MONTH($E18)-1)/12*$H18 -> 0 | ... S18: =SUM('1. LRAMVA Summary'!M$22:M$23)*(MONTH($E18)-1)/12*$H18 -> 0 | T18: =SUM(I18:S18) -> 0
B19: 2011 Q4 | C19: 0.0147 | E19: 40634 | F19: 2011 | G19: Q2 | H19: =C$17/12 -> 0.001225 | I19: =SUM('1. LRAMVA Summary'!C$22:C$23)*(MONTH($E19)-1)/12*$H19 -> 0 | J19: =SUM('1. LRAMVA Summary'!D$22:D$23)*(MONTH($E19)-1)/12*$H19 -> 0 | K19: =SUM('1. LRAMVA Summary'!E$22:E$23)*(MONTH($E19)-1)/12*$H19 -> 0 | L19: =SUM('1. LRAMVA Summary'!F$22:F$23)*(MONTH($E19)-1)/12*$H19 -> 0 | M19: =SUM('1. LRAMVA Summary'!G$22:G$23)*(MONTH($E19)-1)/12*$H19 -> 0 | N19: =SUM('1. LRAMVA Summary'!H$22:H$23)*(MONTH($E19)-1)/12*$H19 -> 0 | O19: =SUM('1. LRAMVA Summary'!I$22:I$23)*(MONTH($E19)-1)/12*$H19 -> 0 | P19: =SUM('1. LRAMVA Summary'!J$22:J$23)*(MONTH($E19)-1)/12*$H19 -> 0 | ... S19: =SUM('1. LRAMVA Summary'!M$22:M$23)*(MONTH($E19)-1)/12*$H19 -> 0 | T19: =SUM(I19:S19) -> 0
B20: 2012 Q1 | C20: 0.0147 | E20: 40664 | F20: 2011 | G20: Q2 | H20: =C$17/12 -> 0.001225 | I20: =SUM('1. LRAMVA Summary'!C$22:C$23)*(MONTH($E20)-1)/12*$H20 -> 0 | J20: =SUM('1. LRAMVA Summary'!D$22:D$23)*(MONTH($E20)-1)/12*$H20 -> 0 | K20: =SUM('1. LRAMVA Summary'!E$22:E$23)*(MONTH($E20)-1)/12*$H20 -> 0 | L20: =SUM('1. LRAMVA Summary'!F$22:F$23)*(MONTH($E20)-1)/12*$H20 -> 0 | M20: =SUM('1. LRAMVA Summary'!G$22:G$23)*(MONTH($E20)-1)/12*$H20 -> 0 | N20: =SUM('1. LRAMVA Summary'!H$22:H$23)*(MONTH($E20)-1)/12*$H20 -> 0 | O20: =SUM('1. LRAMVA Summary'!I$22:I$23)*(MONTH($E20)-1)/12*$H20 -> 0 | P20: =SUM('1. LRAMVA Summary'!J$22:J$23)*(MONTH($E20)-1)/12*$H20 -> 0 | ... S20: =SUM('1. LRAMVA Summary'!M$22:M$23)*(MONTH($E20)-1)/12*$H20 -> 0 | T20: =SUM(I20:S20) -> 0
B21: 2012 Q2 | C21: 0.0147 | E21: 40695 | F21: 2011 | G21: Q2 | H21: =C$17/12 -> 0.001225 | I21: =SUM('1. LRAMVA Summary'!C$22:C$23)*(MONTH($E21)-1)/12*$H21 -> 0 | J21: =SUM('1. LRAMVA Summary'!D$22:D$23)*(MONTH($E21)-1)/12*$H21 -> 0 | K21: =SUM('1. LRAMVA Summary'!E$22:E$23)*(MONTH($E21)-1)/12*$H21 -> 0 | L21: =SUM('1. LRAMVA Summary'!F$22:F$23)*(MONTH($E21)-1)/12*$H21 -> 0 | M21: =SUM('1. LRAMVA Summary'!G$22:G$23)*(MONTH($E21)-1)/12*$H21 -> 0 | N21: =SUM('1. LRAMVA Summary'!H$22:H$23)*(MONTH($E21)-1)/12*$H21 -> 0 | O21: =SUM('1. LRAMVA Summary'!I$22:I$23)*(MONTH($E21)-1)/12*$H21 -> 0 | P21: =SUM('1. LRAMVA Summary'!J$22:J$23)*(MONTH($E21)-1)/12*$H21 -> 0 | ... S21: =SUM('1. LRAMVA Summary'!M$22:M$23)*(MONTH($E21)-1)/12*$H21 -> 0 | T21: =SUM(I21:S21) -> 0
B22: 2012 Q3 | C22: 0.0147 | E22: 40725 | F22: 2011 | G22: Q3 | H22: =C$18/12 -> 0.001225 | I22: =SUM('1. LRAMVA Summary'!C$22:C$23)*(MONTH($E22)-1)/12*$H22 -> 0 | J22: =SUM('1. LRAMVA Summary'!D$22:D$23)*(MONTH($E22)-1)/12*$H22 -> 0 | K22: =SUM('1. LRAMVA Summary'!E$22:E$23)*(MONTH($E22)-1)/12*$H22 -> 0 | L22: =SUM('1. LRAMVA Summary'!F$22:F$23)*(MONTH($E22)-1)/12*$H22 -> 0 | M22: =SUM('1. LRAMVA Summary'!G$22:G$23)*(MONTH($E22)-1)/12*$H22 -> 0 | N22: =SUM('1. LRAMVA Summary'!H$22:H$23)*(MONTH($E22)-1)/12*$H22 -> 0 | O22: =SUM('1. LRAMVA Summary'!I$22:I$23)*(MONTH($E22)-1)/12*$H22 -> 0 | P22: =SUM('1. LRAMVA Summary'!J$22:J$23)*(MONTH($E22)-1)/12*$H22 -> 0 | ... S22: =SUM('1. LRAMVA Summary'!M$22:M$23)*(MONTH($E22)-1)/12*$H22 -> 0 | T22: =SUM(I22:S22) -> 0
B23: 2012 Q4 | C23: 0.0147 | E23: 40756 | F23: 2011 | G23: Q3 | H23: =C$18/12 -> 0.001225 | I23: =SUM('1. LRAMVA Summary'!C$22:C$23)*(MONTH($E23)-1)/12*$H23 -> 0 | J23: =SUM('1. LRAMVA Summary'!D$22:D$23)*(MONTH($E23)-1)/12*$H23 -> 0 | K23: =SUM('1. LRAMVA Summary'!E$22:E$23)*(MONTH($E23)-1)/12*$H23 -> 0 | L23: =SUM('1. LRAMVA Summary'!F$22:F$23)*(MONTH($E23)-1)/12*$H23 -> 0 | M23: =SUM('1. LRAMVA Summary'!G$22:G$23)*(MONTH($E23)-1)/12*$H23 -> 0 | N23: =SUM('1. LRAMVA Summary'!H$22:H$23)*(MONTH($E23)-1)/12*$H23 -> 0 | O23: =SUM('1. LRAMVA Summary'!I$22:I$23)*(MONTH($E23)-1)/12*$H23 -> 0 | P23: =SUM('1. LRAMVA Summary'!J$22:J$23)*(MONTH($E23)-1)/12*$H23 -> 0 | ... S23: =SUM('1. LRAMVA Summary'!M$22:M$23)*(MONTH($E23)-1)/12*$H23 -> 0 | T23: =SUM(I23:S23) -> 0
B24: 2013 Q1 | C24: 0.0147 | E24: 40787 | F24: 2011 | G24: Q3 | H24: =C$18/12 -> 0.001225 | I24: =SUM('1. LRAMVA Summary'!C$22:C$23)*(MONTH($E24)-1)/12*$H24 -> 0 | J24: =SUM('1. LRAMVA Summary'!D$22:D$23)*(MONTH($E24)-1)/12*$H24 -> 0 | K24: =SUM('1. LRAMVA Summary'!E$22:E$23)*(MONTH($E24)-1)/12*$H24 -> 0 | L24: =SUM('1. LRAMVA Summary'!F$22:F$23)*(MONTH($E24)-1)/12*$H24 -> 0 | M24: =SUM('1. LRAMVA Summary'!G$22:G$23)*(MONTH($E24)-1)/12*$H24 -> 0 | N24: =SUM('1. LRAMVA Summary'!H$22:H$23)*(MONTH($E24)-1)/12*$H24 -> 0 | O24: =SUM('1. LRAMVA Summary'!I$22:I$23)*(MONTH($E24)-1)/12*$H24 -> 0 | P24: =SUM('1. LRAMVA Summary'!J$22:J$23)*(MONTH($E24)-1)/12*$H24 -> 0 | ... S24: =SUM('1. LRAMVA Summary'!M$22:M$23)*(MONTH($E24)-1)/12*$H24 -> 0 | T24: =SUM(I24:S24) -> 0
B25: 2013 Q2 | C25: 0.0147 | E25: 40817 | F25: 2011 | G25: Q4 | H25: =C$19/12 -> 0.001225 | I25: =SUM('1. LRAMVA Summary'!C$22:C$23)*(MONTH($E25)-1)/12*$H25 -> 0 | J25: =SUM('1. LRAMVA Summary'!D$22:D$23)*(MONTH($E25)-1)/12*$H25 -> 0 | K25: =SUM('1. LRAMVA Summary'!E$22:E$23)*(MONTH($E25)-1)/12*$H25 -> 0 | L25: =SUM('1. LRAMVA Summary'!F$22:F$23)*(MONTH($E25)-1)/12*$H25 -> 0 | M25: =SUM('1. LRAMVA Summary'!G$22:G$23)*(MONTH($E25)-1)/12*$H25 -> 0 | N25: =SUM('1. LRAMVA Summary'!H$22:H$23)*(MONTH($E25)-1)/12*$H25 -> 0 | O25: =SUM('1. LRAMVA Summary'!I$22:I$23)*(MONTH($E25)-1)/12*$H25 -> 0 | P25: =SUM('1. LRAMVA Summary'!J$22:J$23)*(MONTH($E25)-1)/12*$H25 -> 0 | ... S25: =SUM('1. LRAMVA Summary'!M$22:M$23)*(MONTH($E25)-1)/12*$H25 -> 0 | T25: =SUM(I25:S25) -> 0
B26: 2013 Q3 | C26: 0.0147 | E26: 40848 | F26: 2011 | G26: Q4 | H26: =C$19/12 -> 0.001225 | I26: =SUM('1. LRAMVA Summary'!C$22:C$23)*(MONTH($E26)-1)/12*$H26 -> 0 | J26: =SUM('1. LRAMVA Summary'!D$22:D$23)*(MONTH($E26)-1)/12*$H26 -> 0 | K26: =SUM('1. LRAMVA Summary'!E$22:E$23)*(MONTH($E26)-1)/12*$H26 -> 0 | L26: =SUM('1. LRAMVA Summary'!F$22:F$23)*(MONTH($E26)-1)/12*$H26 -> 0 | M26: =SUM('1. LRAMVA Summary'!G$22:G$23)*(MONTH($E26)-1)/12*$H26 -> 0 | N26: =SUM('1. LRAMVA Summary'!H$22:H$23)*(MONTH($E26)-1)/12*$H26 -> 0 | O26: =SUM('1. LRAMVA Summary'!I$22:I$23)*(MONTH($E26)-1)/12*$H26 -> 0 | P26: =SUM('1. LRAMVA Summary'!J$22:J$23)*(MONTH($E26)-1)/12*$H26 -> 0 | ... S26: =SUM('1. LRAMVA Summary'!M$22:M$23)*(MONTH($E26)-1)/12*$H26 -> 0 | T26: =SUM(I26:S26) -> 0
B27: 2013 Q4 | C27: 0.0147 | E27: 40878 | F27: 2011 | G27: Q4 | H27: =C$19/12 -> 0.001225 | I27: =SUM('1. LRAMVA Summary'!C$22:C$23)*(MONTH($E27)-1)/12*$H27 -> 0 | J27: =SUM('1. LRAMVA Summary'!D$22:D$23)*(MONTH($E27)-1)/12*$H27 -> 0 | K27: =SUM('1. LRAMVA Summary'!E$22:E$23)*(MONTH($E27)-1)/12*$H27 -> 0 | L27: =SUM('1. LRAMVA Summary'!F$22:F$23)*(MONTH($E27)-1)/12*$H27 -> 0 | M27: =SUM('1. LRAMVA Summary'!G$22:G$23)*(MONTH($E27)-1)/12*$H27 -> 0 | N27: =SUM('1. LRAMVA Summary'!H$22:H$23)*(MONTH($E27)-1)/12*$H27 -> 0 | O27: =SUM('1. LRAMVA Summary'!I$22:I$23)*(MONTH($E27)-1)/12*$H27 -> 0 | P27: =SUM('1. LRAMVA Summary'!J$22:J$23)*(MONTH($E27)-1)/12*$H27 -> 0 | ... S27: =SUM('1. LRAMVA Summary'!M$22:M$23)*(MONTH($E27)-1)/12*$H27 -> 0 | T27: =SUM(I27:S27) -> 0
B28: 2014 Q1 | C28: 0.0147 | E28: Total for fiscal year 2011 | I28: =SUM(I16:I27) -> 0 | J28: =SUM(J16:J27) -> 0 | K28: =SUM(K16:K27) -> 0 | L28: =SUM(L16:L27) -> 0 | M28: =SUM(M16:M27) -> 0 | N28: =SUM(N16:N27) -> 0 | O28: =SUM(O16:O27) -> 0 | P28: =SUM(P16:P27) -> 0 | ... T28: =SUM(T16:T27) -> 0
B29: 2014 Q2 | C29: 0.0147 | E29: Amount Cleared
B30: 2014 Q3 | C30: 0.0147 | E30: Opening Balance for fiscal year 2012 | I30: =I28+I29 -> 0 | J30: =J28+J29 -> 0 | K30: =K28+K29 -> 0 | L30: =L28+L29 -> 0 | M30: =M28+M29 -> 0 | N30: =N28+N29 -> 0 | O30: =O28+O29 -> 0 | P30: =P28+P29 -> 0 | ... T30: =T28+T29 -> 0
B31: 2014 Q4 | C31: 0.0147 | E31: 40909 | F31: 2011-2012 | G31: Q1 | H31: =C$20/12 -> 0.001225 | I31: =(SUM('1. LRAMVA Summary'!C$22:C$24)+SUM('1. LRAMVA Summary'!C$25:C$26)*(MONTH($E31)-1)/12)*$H31 -> 0 | J31: =(SUM('1. LRAMVA Summary'!D$22:D$24)+SUM('1. LRAMVA Summary'!D$25:D$26)*(MONTH($E31)-1)/12)*$H31 -> 0 | K31: =(SUM('1. LRAMVA Summary'!E$22:E$24)+SUM('1. LRAMVA Summary'!E$25:E$26)*(MONTH($E31)-1)/12)*$H31 -> 0 | L31: =(SUM('1. LRAMVA Summary'!F$22:F$24)+SUM('1. LRAMVA Summary'!F$25:F$26)*(MONTH($E31)-1)/12)*$H31 -> 0 | M31: =(SUM('1. LRAMVA Summary'!G$22:G$24)+SUM('1. LRAMVA Summary'!G$25:G$26)*(MONTH($E31)-1)/12)*$H31 -> 0 | N31: =(SUM('1. LRAMVA Summary'!H$22:H$24)+SUM('1. LRAMVA Summary'!H$25:H$26)*(MONTH($E31)-1)/12)*$H31 -> 0 | O31: =(SUM('1. LRAMVA Summary'!I$22:I$24)+SUM('1. LRAMVA Summary'!I$25:I$26)*(MONTH($E31)-1)/12)*$H31 -> 0 | P31: =(SUM('1. LRAMVA Summary'!J$22:J$24)+SUM('1. LRAMVA Summary'!J$25:J$26)*(MONTH($E31)-1)/12)*$H31 -> 0 | ... S31: =(SUM('1. LRAMVA Summary'!M$22:M$24)+SUM('1. LRAMVA Summary'!M$25:M$26)*(MONTH($E31)-1)/12)*$H31 -> 0 | T31: =SUM(I31:S31) -> 0
B32: 2015 Q1 | C32: 0.0147 | E32: 40940 | F32: 2011-2012 | G32: Q1 | H32: =C$20/12 -> 0.001225 | I32: =(SUM('1. LRAMVA Summary'!C$22:C$24)+SUM('1. LRAMVA Summary'!C$25:C$26)*(MONTH($E32)-1)/12)*$H32 -> 0 | J32: =(SUM('1. LRAMVA Summary'!D$22:D$24)+SUM('1. LRAMVA Summary'!D$25:D$26)*(MONTH($E32)-1)/12)*$H32 -> 0 | K32: =(SUM('1. LRAMVA Summary'!E$22:E$24)+SUM('1. LRAMVA Summary'!E$25:E$26)*(MONTH($E32)-1)/12)*$H32 -> 0 | L32: =(SUM('1. LRAMVA Summary'!F$22:F$24)+SUM('1. LRAMVA Summary'!F$25:F$26)*(MONTH($E32)-1)/12)*$H32 -> 0 | M32: =(SUM('1. LRAMVA Summary'!G$22:G$24)+SUM('1. LRAMVA Summary'!G$25:G$26)*(MONTH($E32)-1)/12)*$H32 -> 0 | N32: =(SUM('1. LRAMVA Summary'!H$22:H$24)+SUM('1. LRAMVA Summary'!H$25:H$26)*(MONTH($E32)-1)/12)*$H32 -> 0 | O32: =(SUM('1. LRAMVA Summary'!I$22:I$24)+SUM('1. LRAMVA Summary'!I$25:I$26)*(MONTH($E32)-1)/12)*$H32 -> 0 | P32: =(SUM('1. LRAMVA Summary'!J$22:J$24)+SUM('1. LRAMVA Summary'!J$25:J$26)*(MONTH($E32)-1)/12)*$H32 -> 0 | ... S32: =(SUM('1. LRAMVA Summary'!M$22:M$24)+SUM('1. LRAMVA Summary'!M$25:M$26)*(MONTH($E32)-1)/12)*$H32 -> 0 | T32: =SUM(I32:S32) -> 0
B33: 2015 Q2 | C33: 0.011 | E33: 40969 | F33: 2011-2012 | G33: Q1 | H33: =C$20/12 -> 0.001225 | I33: =(SUM('1. LRAMVA Summary'!C$22:C$24)+SUM('1. LRAMVA Summary'!C$25:C$26)*(MONTH($E33)-1)/12)*$H33 -> 0 | J33: =(SUM('1. LRAMVA Summary'!D$22:D$24)+SUM('1. LRAMVA Summary'!D$25:D$26)*(MONTH($E33)-1)/12)*$H33 -> 0 | K33: =(SUM('1. LRAMVA Summary'!E$22:E$24)+SUM('1. LRAMVA Summary'!E$25:E$26)*(MONTH($E33)-1)/12)*$H33 -> 0 | L33: =(SUM('1. LRAMVA Summary'!F$22:F$24)+SUM('1. LRAMVA Summary'!F$25:F$26)*(MONTH($E33)-1)/12)*$H33 -> 0 | M33: =(SUM('1. LRAMVA Summary'!G$22:G$24)+SUM('1. LRAMVA Summary'!G$25:G$26)*(MONTH($E33)-1)/12)*$H33 -> 0 | N33: =(SUM('1. LRAMVA Summary'!H$22:H$24)+SUM('1. LRAMVA Summary'!H$25:H$26)*(MONTH($E33)-1)/12)*$H33 -> 0 | O33: =(SUM('1. LRAMVA Summary'!I$22:I$24)+SUM('1. LRAMVA Summary'!I$25:I$26)*(MONTH($E33)-1)/12)*$H33 -> 0 | P33: =(SUM('1. LRAMVA Summary'!J$22:J$24)+SUM('1. LRAMVA Summary'!J$25:J$26)*(MONTH($E33)-1)/12)*$H33 -> 0 | ... S33: =(SUM('1. LRAMVA Summary'!M$22:M$24)+SUM('1. LRAMVA Summary'!M$25:M$26)*(MONTH($E33)-1)/12)*$H33 -> 0 | T33: =SUM(I33:S33) -> 0
B34: 2015 Q3 | C34: 0.011 | E34: 41000 | F34: 2011-2012 | G34: Q2 | H34: =C$21/12 -> 0.001225 | I34: =(SUM('1. LRAMVA Summary'!C$22:C$24)+SUM('1. LRAMVA Summary'!C$25:C$26)*(MONTH($E34)-1)/12)*$H34 -> 0 | J34: =(SUM('1. LRAMVA Summary'!D$22:D$24)+SUM('1. LRAMVA Summary'!D$25:D$26)*(MONTH($E34)-1)/12)*$H34 -> 0 | K34: =(SUM('1. LRAMVA Summary'!E$22:E$24)+SUM('1. LRAMVA Summary'!E$25:E$26)*(MONTH($E34)-1)/12)*$H34 -> 0 | L34: =(SUM('1. LRAMVA Summary'!F$22:F$24)+SUM('1. LRAMVA Summary'!F$25:F$26)*(MONTH($E34)-1)/12)*$H34 -> 0 | M34: =(SUM('1. LRAMVA Summary'!G$22:G$24)+SUM('1. LRAMVA Summary'!G$25:G$26)*(MONTH($E34)-1)/12)*$H34 -> 0 | N34: =(SUM('1. LRAMVA Summary'!H$22:H$24)+SUM('1. LRAMVA Summary'!H$25:H$26)*(MONTH($E34)-1)/12)*$H34 -> 0 | O34: =(SUM('1. LRAMVA Summary'!I$22:I$24)+SUM('1. LRAMVA Summary'!I$25:I$26)*(MONTH($E34)-1)/12)*$H34 -> 0 | P34: =(SUM('1. LRAMVA Summary'!J$22:J$24)+SUM('1. LRAMVA Summary'!J$25:J$26)*(MONTH($E34)-1)/12)*$H34 -> 0 | ... S34: =(SUM('1. LRAMVA Summary'!M$22:M$24)+SUM('1. LRAMVA Summary'!M$25:M$26)*(MONTH($E34)-1)/12)*$H34 -> 0 | T34: =SUM(I34:S34) -> 0
B35: 2015 Q4 | C35: 0.011 | E35: 41030 | F35: 2011-2012 | G35: Q2 | H35: =C$21/12 -> 0.001225 | I35: =(SUM('1. LRAMVA Summary'!C$22:C$24)+SUM('1. LRAMVA Summary'!C$25:C$26)*(MONTH($E35)-1)/12)*$H35 -> 0 | J35: =(SUM('1. LRAMVA Summary'!D$22:D$24)+SUM('1. LRAMVA Summary'!D$25:D$26)*(MONTH($E35)-1)/12)*$H35 -> 0 | K35: =(SUM('1. LRAMVA Summary'!E$22:E$24)+SUM('1. LRAMVA Summary'!E$25:E$26)*(MONTH($E35)-1)/12)*$H35 -> 0 | L35: =(SUM('1. LRAMVA Summary'!F$22:F$24)+SUM('1. LRAMVA Summary'!F$25:F$26)*(MONTH($E35)-1)/12)*$H35 -> 0 | M35: =(SUM('1. LRAMVA Summary'!G$22:G$24)+SUM('1. LRAMVA Summary'!G$25:G$26)*(MONTH($E35)-1)/12)*$H35 -> 0 | N35: =(SUM('1. LRAMVA Summary'!H$22:H$24)+SUM('1. LRAMVA Summary'!H$25:H$26)*(MONTH($E35)-1)/12)*$H35 -> 0 | O35: =(SUM('1. LRAMVA Summary'!I$22:I$24)+SUM('1. LRAMVA Summary'!I$25:I$26)*(MONTH($E35)-1)/12)*$H35 -> 0 | P35: =(SUM('1. LRAMVA Summary'!J$22:J$24)+SUM('1. LRAMVA Summary'!J$25:J$26)*(MONTH($E35)-1)/12)*$H35 -> 0 | ... S35: =(SUM('1. LRAMVA Summary'!M$22:M$24)+SUM('1. LRAMVA Summary'!M$25:M$26)*(MONTH($E35)-1)/12)*$H35 -> 0 | T35: =SUM(I35:S35) -> 0
B36: 2016 Q1 | C36: 0.011 | E36: 41061 | F36: 2011-2012 | G36: Q2 | H36: =C$21/12 -> 0.001225 | I36: =(SUM('1. LRAMVA Summary'!C$22:C$24)+SUM('1. LRAMVA Summary'!C$25:C$26)*(MONTH($E36)-1)/12)*$H36 -> 0 | J36: =(SUM('1. LRAMVA Summary'!D$22:D$24)+SUM('1. LRAMVA Summary'!D$25:D$26)*(MONTH($E36)-1)/12)*$H36 -> 0 | K36: =(SUM('1. LRAMVA Summary'!E$22:E$24)+SUM('1. LRAMVA Summary'!E$25:E$26)*(MONTH($E36)-1)/12)*$H36 -> 0 | L36: =(SUM('1. LRAMVA Summary'!F$22:F$24)+SUM('1. LRAMVA Summary'!F$25:F$26)*(MONTH($E36)-1)/12)*$H36 -> 0 | M36: =(SUM('1. LRAMVA Summary'!G$22:G$24)+SUM('1. LRAMVA Summary'!G$25:G$26)*(MONTH($E36)-1)/12)*$H36 -> 0 | N36: =(SUM('1. LRAMVA Summary'!H$22:H$24)+SUM('1. LRAMVA Summary'!H$25:H$26)*(MONTH($E36)-1)/12)*$H36 -> 0 | O36: =(SUM('1. LRAMVA Summary'!I$22:I$24)+SUM('1. LRAMVA Summary'!I$25:I$26)*(MONTH($E36)-1)/12)*$H36 -> 0 | P36: =(SUM('1. LRAMVA Summary'!J$22:J$24)+SUM('1. LRAMVA Summary'!J$25:J$26)*(MONTH($E36)-1)/12)*$H36 -> 0 | ... S36: =(SUM('1. LRAMVA Summary'!M$22:M$24)+SUM('1. LRAMVA Summary'!M$25:M$26)*(MONTH($E36)-1)/12)*$H36 -> 0 | T36: =SUM(I36:S36) -> 0
B37: 2016 Q2 | C37: 0.011 | E37: 41091 | F37: 2011-2012 | G37: Q3 | H37: =C$22/12 -> 0.001225 | I37: =(SUM('1. LRAMVA Summary'!C$22:C$24)+SUM('1. LRAMVA Summary'!C$25:C$26)*(MONTH($E37)-1)/12)*$H37 -> 0 | J37: =(SUM('1. LRAMVA Summary'!D$22:D$24)+SUM('1. LRAMVA Summary'!D$25:D$26)*(MONTH($E37)-1)/12)*$H37 -> 0 | K37: =(SUM('1. LRAMVA Summary'!E$22:E$24)+SUM('1. LRAMVA Summary'!E$25:E$26)*(MONTH($E37)-1)/12)*$H37 -> 0 | L37: =(SUM('1. LRAMVA Summary'!F$22:F$24)+SUM('1. LRAMVA Summary'!F$25:F$26)*(MONTH($E37)-1)/12)*$H37 -> 0 | M37: =(SUM('1. LRAMVA Summary'!G$22:G$24)+SUM('1. LRAMVA Summary'!G$25:G$26)*(MONTH($E37)-1)/12)*$H37 -> 0 | N37: =(SUM('1. LRAMVA Summary'!H$22:H$24)+SUM('1. LRAMVA Summary'!H$25:H$26)*(MONTH($E37)-1)/12)*$H37 -> 0 | O37: =(SUM('1. LRAMVA Summary'!I$22:I$24)+SUM('1. LRAMVA Summary'!I$25:I$26)*(MONTH($E37)-1)/12)*$H37 -> 0 | P37: =(SUM('1. LRAMVA Summary'!J$22:J$24)+SUM('1. LRAMVA Summary'!J$25:J$26)*(MONTH($E37)-1)/12)*$H37 -> 0 | ... S37: =(SUM('1. LRAMVA Summary'!M$22:M$24)+SUM('1. LRAMVA Summary'!M$25:M$26)*(MONTH($E37)-1)/12)*$H37 -> 0 | T37: =SUM(I37:S37) -> 0
B38: 2016 Q3 | C38: 0.011 | E38: 41122 | F38: 2011-2012 | G38: Q3 | H38: =C$22/12 -> 0.001225 | I38: =(SUM('1. LRAMVA Summary'!C$22:C$24)+SUM('1. LRAMVA Summary'!C$25:C$26)*(MONTH($E38)-1)/12)*$H38 -> 0 | J38: =(SUM('1. LRAMVA Summary'!D$22:D$24)+SUM('1. LRAMVA Summary'!D$25:D$26)*(MONTH($E38)-1)/12)*$H38 -> 0 | K38: =(SUM('1. LRAMVA Summary'!E$22:E$24)+SUM('1. LRAMVA Summary'!E$25:E$26)*(MONTH($E38)-1)/12)*$H38 -> 0 | L38: =(SUM('1. LRAMVA Summary'!F$22:F$24)+SUM('1. LRAMVA Summary'!F$25:F$26)*(MONTH($E38)-1)/12)*$H38 -> 0 | M38: =(SUM('1. LRAMVA Summary'!G$22:G$24)+SUM('1. LRAMVA Summary'!G$25:G$26)*(MONTH($E38)-1)/12)*$H38 -> 0 | N38: =(SUM('1. LRAMVA Summary'!H$22:H$24)+SUM('1. LRAMVA Summary'!H$25:H$26)*(MONTH($E38)-1)/12)*$H38 -> 0 | O38: =(SUM('1. LRAMVA Summary'!I$22:I$24)+SUM('1. LRAMVA Summary'!I$25:I$26)*(MONTH($E38)-1)/12)*$H38 -> 0 | P38: =(SUM('1. LRAMVA Summary'!J$22:J$24)+SUM('1. LRAMVA Summary'!J$25:J$26)*(MONTH($E38)-1)/12)*$H38 -> 0 | ... S38: =(SUM('1. LRAMVA Summary'!M$22:M$24)+SUM('1. LRAMVA Summary'!M$25:M$26)*(MONTH($E38)-1)/12)*$H38 -> 0 | T38: =SUM(I38:S38) -> 0
B39: 2016 Q4 | C39: 0.011 | E39: 41153 | F39: 2011-2012 | G39: Q3 | H39: =C$22/12 -> 0.001225 | I39: =(SUM('1. LRAMVA Summary'!C$22:C$24)+SUM('1. LRAMVA Summary'!C$25:C$26)*(MONTH($E39)-1)/12)*$H39 -> 0 | J39: =(SUM('1. LRAMVA Summary'!D$22:D$24)+SUM('1. LRAMVA Summary'!D$25:D$26)*(MONTH($E39)-1)/12)*$H39 -> 0 | K39: =(SUM('1. LRAMVA Summary'!E$22:E$24)+SUM('1. LRAMVA Summary'!E$25:E$26)*(MONTH($E39)-1)/12)*$H39 -> 0 | L39: =(SUM('1. LRAMVA Summary'!F$22:F$24)+SUM('1. LRAMVA Summary'!F$25:F$26)*(MONTH($E39)-1)/12)*$H39 -> 0 | M39: =(SUM('1. LRAMVA Summary'!G$22:G$24)+SUM('1. LRAMVA Summary'!G$25:G$26)*(MONTH($E39)-1)/12)*$H39 -> 0 | N39: =(SUM('1. LRAMVA Summary'!H$22:H$24)+SUM('1. LRAMVA Summary'!H$25:H$26)*(MONTH($E39)-1)/12)*$H39 -> 0 | O39: =(SUM('1. LRAMVA Summary'!I$22:I$24)+SUM('1. LRAMVA Summary'!I$25:I$26)*(MONTH($E39)-1)/12)*$H39 -> 0 | P39: =(SUM('1. LRAMVA Summary'!J$22:J$24)+SUM('1. LRAMVA Summary'!J$25:J$26)*(MONTH($E39)-1)/12)*$H39 -> 0 | ... S39: =(SUM('1. LRAMVA Summary'!M$22:M$24)+SUM('1. LRAMVA Summary'!M$25:M$26)*(MONTH($E39)-1)/12)*$H39 -> 0 | T39: =SUM(I39:S39) -> 0
B40: 2017 Q1 | C40: 0.011 | E40: 41183 | F40: 2011-2012 | G40: Q4 | H40: =C$23/12 -> 0.001225 | I40: =(SUM('1. LRAMVA Summary'!C$22:C$24)+SUM('1. LRAMVA Summary'!C$25:C$26)*(MONTH($E40)-1)/12)*$H40 -> 0 | J40: =(SUM('1. LRAMVA Summary'!D$22:D$24)+SUM('1. LRAMVA Summary'!D$25:D$26)*(MONTH($E40)-1)/12)*$H40 -> 0 | K40: =(SUM('1. LRAMVA Summary'!E$22:E$24)+SUM('1. LRAMVA Summary'!E$25:E$26)*(MONTH($E40)-1)/12)*$H40 -> 0 | L40: =(SUM('1. LRAMVA Summary'!F$22:F$24)+SUM('1. LRAMVA Summary'!F$25:F$26)*(MONTH($E40)-1)/12)*$H40 -> 0 | M40: =(SUM('1. LRAMVA Summary'!G$22:G$24)+SUM('1. LRAMVA Summary'!G$25:G$26)*(MONTH($E40)-1)/12)*$H40 -> 0 | N40: =(SUM('1. LRAMVA Summary'!H$22:H$24)+SUM('1. LRAMVA Summary'!H$25:H$26)*(MONTH($E40)-1)/12)*$H40 -> 0 | O40: =(SUM('1. LRAMVA Summary'!I$22:I$24)+SUM('1. LRAMVA Summary'!I$25:I$26)*(MONTH($E40)-1)/12)*$H40 -> 0 | P40: =(SUM('1. LRAMVA Summary'!J$22:J$24)+SUM('1. LRAMVA Summary'!J$25:J$26)*(MONTH($E40)-1)/12)*$H40 -> 0 | ... S40: =(SUM('1. LRAMVA Summary'!M$22:M$24)+SUM('1. LRAMVA Summary'!M$25:M$26)*(MONTH($E40)-1)/12)*$H40 -> 0 | T40: =SUM(I40:S40) -> 0
B41: 2017 Q2 | C41: 0.011 | E41: 41214 | F41: 2011-2012 | G41: Q4 | H41: =C$23/12 -> 0.001225 | I41: =(SUM('1. LRAMVA Summary'!C$22:C$24)+SUM('1. LRAMVA Summary'!C$25:C$26)*(MONTH($E41)-1)/12)*$H41 -> 0 | J41: =(SUM('1. LRAMVA Summary'!D$22:D$24)+SUM('1. LRAMVA Summary'!D$25:D$26)*(MONTH($E41)-1)/12)*$H41 -> 0 | K41: =(SUM('1. LRAMVA Summary'!E$22:E$24)+SUM('1. LRAMVA Summary'!E$25:E$26)*(MONTH($E41)-1)/12)*$H41 -> 0 | L41: =(SUM('1. LRAMVA Summary'!F$22:F$24)+SUM('1. LRAMVA Summary'!F$25:F$26)*(MONTH($E41)-1)/12)*$H41 -> 0 | M41: =(SUM('1. LRAMVA Summary'!G$22:G$24)+SUM('1. LRAMVA Summary'!G$25:G$26)*(MONTH($E41)-1)/12)*$H41 -> 0 | N41: =(SUM('1. LRAMVA Summary'!H$22:H$24)+SUM('1. LRAMVA Summary'!H$25:H$26)*(MONTH($E41)-1)/12)*$H41 -> 0 | O41: =(SUM('1. LRAMVA Summary'!I$22:I$24)+SUM('1. LRAMVA Summary'!I$25:I$26)*(MONTH($E41)-1)/12)*$H41 -> 0 | P41: =(SUM('1. LRAMVA Summary'!J$22:J$24)+SUM('1. LRAMVA Summary'!J$25:J$26)*(MONTH($E41)-1)/12)*$H41 -> 0 | ... S41: =(SUM('1. LRAMVA Summary'!M$22:M$24)+SUM('1. LRAMVA Summary'!M$25:M$26)*(MONTH($E41)-1)/12)*$H41 -> 0 | T41: =SUM(I41:S41) -> 0
B42: 2017 Q3 | E42: 41244 | F42: 2011-2012 | G42: Q4 | H42: =C$23/12 -> 0.001225 | I42: =(SUM('1. LRAMVA Summary'!C$22:C$24)+SUM('1. LRAMVA Summary'!C$25:C$26)*(MONTH($E42)-1)/12)*$H42 -> 0 | J42: =(SUM('1. LRAMVA Summary'!D$22:D$24)+SUM('1. LRAMVA Summary'!D$25:D$26)*(MONTH($E42)-1)/12)*$H42 -> 0 | K42: =(SUM('1. LRAMVA Summary'!E$22:E$24)+SUM('1. LRAMVA Summary'!E$25:E$26)*(MONTH($E42)-1)/12)*$H42 -> 0 | L42: =(SUM('1. LRAMVA Summary'!F$22:F$24)+SUM('1. LRAMVA Summary'!F$25:F$26)*(MONTH($E42)-1)/12)*$H42 -> 0 | M42: =(SUM('1. LRAMVA Summary'!G$22:G$24)+SUM('1. LRAMVA Summary'!G$25:G$26)*(MONTH($E42)-1)/12)*$H42 -> 0 | N42: =(SUM('1. LRAMVA Summary'!H$22:H$24)+SUM('1. LRAMVA Summary'!H$25:H$26)*(MONTH($E42)-1)/12)*$H42 -> 0 | O42: =(SUM('1. LRAMVA Summary'!I$22:I$24)+SUM('1. LRAMVA Summary'!I$25:I$26)*(MONTH($E42)-1)/12)*$H42 -> 0 | P42: =(SUM('1. LRAMVA Summary'!J$22:J$24)+SUM('1. LRAMVA Summary'!J$25:J$26)*(MONTH($E42)-1)/12)*$H42 -> 0 | ... S42: =(SUM('1. LRAMVA Summary'!M$22:M$24)+SUM('1. LRAMVA Summary'!M$25:M$26)*(MONTH($E42)-1)/12)*$H42 -> 0 | T42: =SUM(I42:S42) -> 0
B43: 2017 Q4 | E43: Total for fiscal year 2012 | I43: =SUM(I30:I42) -> 0 | J43: =SUM(J30:J42) -> 0 | K43: =SUM(K30:K42) -> 0 | L43: =SUM(L30:L42) -> 0 | M43: =SUM(M30:M42) -> 0 | N43: =SUM(N30:N42) -> 0 | O43: =SUM(O30:O42) -> 0 | P43: =SUM(P30:P42) -> 0 | ... T43: =SUM(T30:T42) -> 0
B44: 2018 Q1 | E44: Amount Cleared
B45: 2018 Q2 | E45: Opening Balance for fiscal year 2013 | I45: =I43+I44 -> 0 | J45: =J43+J44 -> 0 | K45: =K43+K44 -> 0 | L45: =L43+L44 -> 0 | M45: =M43+M44 -> 0 | N45: =N43+N44 -> 0 | O45: =O43+O44 -> 0 | P45: =P43+P44 -> 0 | ... T45: =T43+T44 -> 0
B46: 2018 Q3 | E46: 41275 | F46: 2011-2013 | G46: Q1 | H46: =C$24/12 -> 0.001225 | I46: =(SUM('1. LRAMVA Summary'!C$22:C$27)+SUM('1. LRAMVA Summary'!C$28:C$29)*(MONTH($E46)-1)/12)*$H46 -> 0 | J46: =(SUM('1. LRAMVA Summary'!D$22:D$27)+SUM('1. LRAMVA Summary'!D$28:D$29)*(MONTH($E46)-1)/12)*$H46 -> 0 | K46: =(SUM('1. LRAMVA Summary'!E$22:E$27)+SUM('1. LRAMVA Summary'!E$28:E$29)*(MONTH($E46)-1)/12)*$H46 -> 0 | L46: =(SUM('1. LRAMVA Summary'!F$22:F$27)+SUM('1. LRAMVA Summary'!F$28:F$29)*(MONTH($E46)-1)/12)*$H46 -> 0 | M46: =(SUM('1. LRAMVA Summary'!G$22:G$27)+SUM('1. LRAMVA Summary'!G$28:G$29)*(MONTH($E46)-1)/12)*$H46 -> 0 | N46: =(SUM('1. LRAMVA Summary'!H$22:H$27)+SUM('1. LRAMVA Summary'!H$28:H$29)*(MONTH($E46)-1)/12)*$H46 -> 0 | O46: =(SUM('1. LRAMVA Summary'!I$22:I$27)+SUM('1. LRAMVA Summary'!I$28:I$29)*(MONTH($E46)-1)/12)*$H46 -> 0 | P46: =(SUM('1. LRAMVA Summary'!J$22:J$27)+SUM('1. LRAMVA Summary'!J$28:J$29)*(MONTH($E46)-1)/12)*$H46 -> 0 | ... S46: =(SUM('1. LRAMVA Summary'!M$22:M$27)+SUM('1. LRAMVA Summary'!M$28:M$29)*(MONTH($E46)-1)/12)*$H46 -> 0 | T46: =SUM(I46:S46) -> 0
B47: 2018 Q4 | E47: 41306 | F47: 2011-2013 | G47: Q1 | H47: =C$24/12 -> 0.001225 | I47: =(SUM('1. LRAMVA Summary'!C$22:C$27)+SUM('1. LRAMVA Summary'!C$28:C$29)*(MONTH($E47)-1)/12)*$H47 -> 10.883002 | J47: =(SUM('1. LRAMVA Summary'!D$22:D$27)+SUM('1. LRAMVA Summary'!D$28:D$29)*(MONTH($E47)-1)/12)*$H47 -> 8.1163787 | K47: =(SUM('1. LRAMVA Summary'!E$22:E$27)+SUM('1. LRAMVA Summary'!E$28:E$29)*(MONTH($E47)-1)/12)*$H47 -> 7.4436091 | L47: =(SUM('1. LRAMVA Summary'!F$22:F$27)+SUM('1. LRAMVA Summary'!F$28:F$29)*(MONTH($E47)-1)/12)*$H47 -> 3.464207 | M47: =(SUM('1. LRAMVA Summary'!G$22:G$27)+SUM('1. LRAMVA Summary'!G$28:G$29)*(MONTH($E47)-1)/12)*$H47 -> 0 | N47: =(SUM('1. LRAMVA Summary'!H$22:H$27)+SUM('1. LRAMVA Summary'!H$28:H$29)*(MONTH($E47)-1)/12)*$H47 -> 0.03333587 | O47: =(SUM('1. LRAMVA Summary'!I$22:I$27)+SUM('1. LRAMVA Summary'!I$28:I$29)*(MONTH($E47)-1)/12)*$H47 -> 0 | P47: =(SUM('1. LRAMVA Summary'!J$22:J$27)+SUM('1. LRAMVA Summary'!J$28:J$29)*(MONTH($E47)-1)/12)*$H47 -> 0.22233799 | ... S47: =(SUM('1. LRAMVA Summary'!M$22:M$27)+SUM('1. LRAMVA Summary'!M$28:M$29)*(MONTH($E47)-1)/12)*$H47 -> 0 | T47: =SUM(I47:S47) -> 30.162871
B48: 2019 Q1 | E48: 41334 | F48: 2011-2013 | G48: Q1 | H48: =C$24/12 -> 0.001225 | I48: =(SUM('1. LRAMVA Summary'!C$22:C$27)+SUM('1. LRAMVA Summary'!C$28:C$29)*(MONTH($E48)-1)/12)*$H48 -> 21.766005 | J48: =(SUM('1. LRAMVA Summary'!D$22:D$27)+SUM('1. LRAMVA Summary'!D$28:D$29)*(MONTH($E48)-1)/12)*$H48 -> 16.232757 | K48: =(SUM('1. LRAMVA Summary'!E$22:E$27)+SUM('1. LRAMVA Summary'!E$28:E$29)*(MONTH($E48)-1)/12)*$H48 -> 14.887218 | L48: =(SUM('1. LRAMVA Summary'!F$22:F$27)+SUM('1. LRAMVA Summary'!F$28:F$29)*(MONTH($E48)-1)/12)*$H48 -> 6.928414 | M48: =(SUM('1. LRAMVA Summary'!G$22:G$27)+SUM('1. LRAMVA Summary'!G$28:G$29)*(MONTH($E48)-1)/12)*$H48 -> 0 | N48: =(SUM('1. LRAMVA Summary'!H$22:H$27)+SUM('1. LRAMVA Summary'!H$28:H$29)*(MONTH($E48)-1)/12)*$H48 -> 0.06667174 | O48: =(SUM('1. LRAMVA Summary'!I$22:I$27)+SUM('1. LRAMVA Summary'!I$28:I$29)*(MONTH($E48)-1)/12)*$H48 -> 0 | P48: =(SUM('1. LRAMVA Summary'!J$22:J$27)+SUM('1. LRAMVA Summary'!J$28:J$29)*(MONTH($E48)-1)/12)*$H48 -> 0.44467598 | ... S48: =(SUM('1. LRAMVA Summary'!M$22:M$27)+SUM('1. LRAMVA Summary'!M$28:M$29)*(MONTH($E48)-1)/12)*$H48 -> 0 | T48: =SUM(I48:S48) -> 60.325742
B49: 2019 Q2 | E49: 41365 | F49: 2011-2013 | G49: Q2 | H49: =C$25/12 -> 0.001225 | I49: =(SUM('1. LRAMVA Summary'!C$22:C$27)+SUM('1. LRAMVA Summary'!C$28:C$29)*(MONTH($E49)-1)/12)*$H49 -> 32.649007 | J49: =(SUM('1. LRAMVA Summary'!D$22:D$27)+SUM('1. LRAMVA Summary'!D$28:D$29)*(MONTH($E49)-1)/12)*$H49 -> 24.349136 | K49: =(SUM('1. LRAMVA Summary'!E$22:E$27)+SUM('1. LRAMVA Summary'!E$28:E$29)*(MONTH($E49)-1)/12)*$H49 -> 22.330827 | L49: =(SUM('1. LRAMVA Summary'!F$22:F$27)+SUM('1. LRAMVA Summary'!F$28:F$29)*(MONTH($E49)-1)/12)*$H49 -> 10.392621 | M49: =(SUM('1. LRAMVA Summary'!G$22:G$27)+SUM('1. LRAMVA Summary'!G$28:G$29)*(MONTH($E49)-1)/12)*$H49 -> 0 | N49: =(SUM('1. LRAMVA Summary'!H$22:H$27)+SUM('1. LRAMVA Summary'!H$28:H$29)*(MONTH($E49)-1)/12)*$H49 -> 0.10000761 | O49: =(SUM('1. LRAMVA Summary'!I$22:I$27)+SUM('1. LRAMVA Summary'!I$28:I$29)*(MONTH($E49)-1)/12)*$H49 -> 0 | P49: =(SUM('1. LRAMVA Summary'!J$22:J$27)+SUM('1. LRAMVA Summary'!J$28:J$29)*(MONTH($E49)-1)/12)*$H49 -> 0.66701397 | ... S49: =(SUM('1. LRAMVA Summary'!M$22:M$27)+SUM('1. LRAMVA Summary'!M$28:M$29)*(MONTH($E49)-1)/12)*$H49 -> 0 | T49: =SUM(I49:S49) -> 90.488613
B50: 2019 Q3 | E50: 41395 | F50: 2011-2013 | G50: Q2 | H50: =C$25/12 -> 0.001225 | I50: =(SUM('1. LRAMVA Summary'!C$22:C$27)+SUM('1. LRAMVA Summary'!C$28:C$29)*(MONTH($E50)-1)/12)*$H50 -> 43.532009 | J50: =(SUM('1. LRAMVA Summary'!D$22:D$27)+SUM('1. LRAMVA Summary'!D$28:D$29)*(MONTH($E50)-1)/12)*$H50 -> 32.465515 | K50: =(SUM('1. LRAMVA Summary'!E$22:E$27)+SUM('1. LRAMVA Summary'!E$28:E$29)*(MONTH($E50)-1)/12)*$H50 -> 29.774437 | L50: =(SUM('1. LRAMVA Summary'!F$22:F$27)+SUM('1. LRAMVA Summary'!F$28:F$29)*(MONTH($E50)-1)/12)*$H50 -> 13.856828 | M50: =(SUM('1. LRAMVA Summary'!G$22:G$27)+SUM('1. LRAMVA Summary'!G$28:G$29)*(MONTH($E50)-1)/12)*$H50 -> 0 | N50: =(SUM('1. LRAMVA Summary'!H$22:H$27)+SUM('1. LRAMVA Summary'!H$28:H$29)*(MONTH($E50)-1)/12)*$H50 -> 0.13334348 | O50: =(SUM('1. LRAMVA Summary'!I$22:I$27)+SUM('1. LRAMVA Summary'!I$28:I$29)*(MONTH($E50)-1)/12)*$H50 -> 0 | P50: =(SUM('1. LRAMVA Summary'!J$22:J$27)+SUM('1. LRAMVA Summary'!J$28:J$29)*(MONTH($E50)-1)/12)*$H50 -> 0.88935196 | ... S50: =(SUM('1. LRAMVA Summary'!M$22:M$27)+SUM('1. LRAMVA Summary'!M$28:M$29)*(MONTH($E50)-1)/12)*$H50 -> 0 | T50: =SUM(I50:S50) -> 120.65148
B51: 2019 Q4 | E51: 41426 | F51: 2011-2013 | G51: Q2 | H51: =C$25/12 -> 0.001225 | I51: =(SUM('1. LRAMVA Summary'!C$22:C$27)+SUM('1. LRAMVA Summary'!C$28:C$29)*(MONTH($E51)-1)/12)*$H51 -> 54.415011 | J51: =(SUM('1. LRAMVA Summary'!D$22:D$27)+SUM('1. LRAMVA Summary'!D$28:D$29)*(MONTH($E51)-1)/12)*$H51 -> 40.581893 | K51: =(SUM('1. LRAMVA Summary'!E$22:E$27)+SUM('1. LRAMVA Summary'!E$28:E$29)*(MONTH($E51)-1)/12)*$H51 -> 37.218046 | L51: =(SUM('1. LRAMVA Summary'!F$22:F$27)+SUM('1. LRAMVA Summary'!F$28:F$29)*(MONTH($E51)-1)/12)*$H51 -> 17.321035 | M51: =(SUM('1. LRAMVA Summary'!G$22:G$27)+SUM('1. LRAMVA Summary'!G$28:G$29)*(MONTH($E51)-1)/12)*$H51 -> 0 | N51: =(SUM('1. LRAMVA Summary'!H$22:H$27)+SUM('1. LRAMVA Summary'!H$28:H$29)*(MONTH($E51)-1)/12)*$H51 -> 0.16667935 | O51: =(SUM('1. LRAMVA Summary'!I$22:I$27)+SUM('1. LRAMVA Summary'!I$28:I$29)*(MONTH($E51)-1)/12)*$H51 -> 0 | P51: =(SUM('1. LRAMVA Summary'!J$22:J$27)+SUM('1. LRAMVA Summary'!J$28:J$29)*(MONTH($E51)-1)/12)*$H51 -> 1.11169 | ... S51: =(SUM('1. LRAMVA Summary'!M$22:M$27)+SUM('1. LRAMVA Summary'!M$28:M$29)*(MONTH($E51)-1)/12)*$H51 -> 0 | T51: =SUM(I51:S51) -> 150.81435
B52: 2020 Q1 | E52: 41456 | F52: 2011-2013 | G52: Q3 | H52: =C$26/12 -> 0.001225 | I52: =(SUM('1. LRAMVA Summary'!C$22:C$27)+SUM('1. LRAMVA Summary'!C$28:C$29)*(MONTH($E52)-1)/12)*$H52 -> 65.298014 | J52: =(SUM('1. LRAMVA Summary'!D$22:D$27)+SUM('1. LRAMVA Summary'!D$28:D$29)*(MONTH($E52)-1)/12)*$H52 -> 48.698272 | K52: =(SUM('1. LRAMVA Summary'!E$22:E$27)+SUM('1. LRAMVA Summary'!E$28:E$29)*(MONTH($E52)-1)/12)*$H52 -> 44.661655 | L52: =(SUM('1. LRAMVA Summary'!F$22:F$27)+SUM('1. LRAMVA Summary'!F$28:F$29)*(MONTH($E52)-1)/12)*$H52 -> 20.785242 | M52: =(SUM('1. LRAMVA Summary'!G$22:G$27)+SUM('1. LRAMVA Summary'!G$28:G$29)*(MONTH($E52)-1)/12)*$H52 -> 0 | N52: =(SUM('1. LRAMVA Summary'!H$22:H$27)+SUM('1. LRAMVA Summary'!H$28:H$29)*(MONTH($E52)-1)/12)*$H52 -> 0.20001522 | O52: =(SUM('1. LRAMVA Summary'!I$22:I$27)+SUM('1. LRAMVA Summary'!I$28:I$29)*(MONTH($E52)-1)/12)*$H52 -> 0 | P52: =(SUM('1. LRAMVA Summary'!J$22:J$27)+SUM('1. LRAMVA Summary'!J$28:J$29)*(MONTH($E52)-1)/12)*$H52 -> 1.3340279 | ... S52: =(SUM('1. LRAMVA Summary'!M$22:M$27)+SUM('1. LRAMVA Summary'!M$28:M$29)*(MONTH($E52)-1)/12)*$H52 -> 0 | T52: =SUM(I52:S52) -> 180.97723
B53: 2020 Q2 | E53: 41487 | F53: 2011-2013 | G53: Q3 | H53: =C$26/12 -> 0.001225 | I53: =(SUM('1. LRAMVA Summary'!C$22:C$27)+SUM('1. LRAMVA Summary'!C$28:C$29)*(MONTH($E53)-1)/12)*$H53 -> 76.181016 | J53: =(SUM('1. LRAMVA Summary'!D$22:D$27)+SUM('1. LRAMVA Summary'!D$28:D$29)*(MONTH($E53)-1)/12)*$H53 -> 56.814651 | K53: =(SUM('1. LRAMVA Summary'!E$22:E$27)+SUM('1. LRAMVA Summary'!E$28:E$29)*(MONTH($E53)-1)/12)*$H53 -> 52.105264 | L53: =(SUM('1. LRAMVA Summary'!F$22:F$27)+SUM('1. LRAMVA Summary'!F$28:F$29)*(MONTH($E53)-1)/12)*$H53 -> 24.249449 | M53: =(SUM('1. LRAMVA Summary'!G$22:G$27)+SUM('1. LRAMVA Summary'!G$28:G$29)*(MONTH($E53)-1)/12)*$H53 -> 0 | N53: =(SUM('1. LRAMVA Summary'!H$22:H$27)+SUM('1. LRAMVA Summary'!H$28:H$29)*(MONTH($E53)-1)/12)*$H53 -> 0.23335109 | O53: =(SUM('1. LRAMVA Summary'!I$22:I$27)+SUM('1. LRAMVA Summary'!I$28:I$29)*(MONTH($E53)-1)/12)*$H53 -> 0 | P53: =(SUM('1. LRAMVA Summary'!J$22:J$27)+SUM('1. LRAMVA Summary'!J$28:J$29)*(MONTH($E53)-1)/12)*$H53 -> 1.5563659 | ... S53: =(SUM('1. LRAMVA Summary'!M$22:M$27)+SUM('1. LRAMVA Summary'!M$28:M$29)*(MONTH($E53)-1)/12)*$H53 -> 0 | T53: =SUM(I53:S53) -> 211.1401
B54: 2020 Q3 | E54: 41518 | F54: 2011-2013 | G54: Q3 | H54: =C$26/12 -> 0.001225 | I54: =(SUM('1. LRAMVA Summary'!C$22:C$27)+SUM('1. LRAMVA Summary'!C$28:C$29)*(MONTH($E54)-1)/12)*$H54 -> 87.064018 | J54: =(SUM('1. LRAMVA Summary'!D$22:D$27)+SUM('1. LRAMVA Summary'!D$28:D$29)*(MONTH($E54)-1)/12)*$H54 -> 64.93103 | K54: =(SUM('1. LRAMVA Summary'!E$22:E$27)+SUM('1. LRAMVA Summary'!E$28:E$29)*(MONTH($E54)-1)/12)*$H54 -> 59.548873 | L54: =(SUM('1. LRAMVA Summary'!F$22:F$27)+SUM('1. LRAMVA Summary'!F$28:F$29)*(MONTH($E54)-1)/12)*$H54 -> 27.713656 | M54: =(SUM('1. LRAMVA Summary'!G$22:G$27)+SUM('1. LRAMVA Summary'!G$28:G$29)*(MONTH($E54)-1)/12)*$H54 -> 0 | N54: =(SUM('1. LRAMVA Summary'!H$22:H$27)+SUM('1. LRAMVA Summary'!H$28:H$29)*(MONTH($E54)-1)/12)*$H54 -> 0.26668696 | O54: =(SUM('1. LRAMVA Summary'!I$22:I$27)+SUM('1. LRAMVA Summary'!I$28:I$29)*(MONTH($E54)-1)/12)*$H54 -> 0 | P54: =(SUM('1. LRAMVA Summary'!J$22:J$27)+SUM('1. LRAMVA Summary'!J$28:J$29)*(MONTH($E54)-1)/12)*$H54 -> 1.7787039 | ... S54: =(SUM('1. LRAMVA Summary'!M$22:M$27)+SUM('1. LRAMVA Summary'!M$28:M$29)*(MONTH($E54)-1)/12)*$H54 -> 0 | T54: =SUM(I54:S54) -> 241.30297
B55: 2020 Q4 | E55: 41548 | F55: 2011-2013 | G55: Q4 | H55: =C$27/12 -> 0.001225 | I55: =(SUM('1. LRAMVA Summary'!C$22:C$27)+SUM('1. LRAMVA Summary'!C$28:C$29)*(MONTH($E55)-1)/12)*$H55 -> 97.947021 | J55: =(SUM('1. LRAMVA Summary'!D$22:D$27)+SUM('1. LRAMVA Summary'!D$28:D$29)*(MONTH($E55)-1)/12)*$H55 -> 73.047408 | K55: =(SUM('1. LRAMVA Summary'!E$22:E$27)+SUM('1. LRAMVA Summary'!E$28:E$29)*(MONTH($E55)-1)/12)*$H55 -> 66.992482 | L55: =(SUM('1. LRAMVA Summary'!F$22:F$27)+SUM('1. LRAMVA Summary'!F$28:F$29)*(MONTH($E55)-1)/12)*$H55 -> 31.177863 | M55: =(SUM('1. LRAMVA Summary'!G$22:G$27)+SUM('1. LRAMVA Summary'!G$28:G$29)*(MONTH($E55)-1)/12)*$H55 -> 0 | N55: =(SUM('1. LRAMVA Summary'!H$22:H$27)+SUM('1. LRAMVA Summary'!H$28:H$29)*(MONTH($E55)-1)/12)*$H55 -> 0.30002283 | O55: =(SUM('1. LRAMVA Summary'!I$22:I$27)+SUM('1. LRAMVA Summary'!I$28:I$29)*(MONTH($E55)-1)/12)*$H55 -> 0 | P55: =(SUM('1. LRAMVA Summary'!J$22:J$27)+SUM('1. LRAMVA Summary'!J$28:J$29)*(MONTH($E55)-1)/12)*$H55 -> 2.0010419 | ... S55: =(SUM('1. LRAMVA Summary'!M$22:M$27)+SUM('1. LRAMVA Summary'!M$28:M$29)*(MONTH($E55)-1)/12)*$H55 -> 0 | T55: =SUM(I55:S55) -> 271.46584
E56: 41579 | F56: 2011-2013 | G56: Q4 | H56: =C$27/12 -> 0.001225 | I56: =(SUM('1. LRAMVA Summary'!C$22:C$27)+SUM('1. LRAMVA Summary'!C$28:C$29)*(MONTH($E56)-1)/12)*$H56 -> 108.83002 | J56: =(SUM('1. LRAMVA Summary'!D$22:D$27)+SUM('1. LRAMVA Summary'!D$28:D$29)*(MONTH($E56)-1)/12)*$H56 -> 81.163787 | K56: =(SUM('1. LRAMVA Summary'!E$22:E$27)+SUM('1. LRAMVA Summary'!E$28:E$29)*(MONTH($E56)-1)/12)*$H56 -> 74.436091 | L56: =(SUM('1. LRAMVA Summary'!F$22:F$27)+SUM('1. LRAMVA Summary'!F$28:F$29)*(MONTH($E56)-1)/12)*$H56 -> 34.64207 | M56: =(SUM('1. LRAMVA Summary'!G$22:G$27)+SUM('1. LRAMVA Summary'!G$28:G$29)*(MONTH($E56)-1)/12)*$H56 -> 0 | N56: =(SUM('1. LRAMVA Summary'!H$22:H$27)+SUM('1. LRAMVA Summary'!H$28:H$29)*(MONTH($E56)-1)/12)*$H56 -> 0.3333587 | O56: =(SUM('1. LRAMVA Summary'!I$22:I$27)+SUM('1. LRAMVA Summary'!I$28:I$29)*(MONTH($E56)-1)/12)*$H56 -> 0 | P56: =(SUM('1. LRAMVA Summary'!J$22:J$27)+SUM('1. LRAMVA Summary'!J$28:J$29)*(MONTH($E56)-1)/12)*$H56 -> 2.2233799 | ... S56: =(SUM('1. LRAMVA Summary'!M$22:M$27)+SUM('1. LRAMVA Summary'!M$28:M$29)*(MONTH($E56)-1)/12)*$H56 -> 0 | T56: =SUM(I56:S56) -> 301.62871
B57: Check OEB website | E57: 41609 | F57: 2011-2013 | G57: Q4 | H57: =C$27/12 -> 0.001225 | I57: =(SUM('1. LRAMVA Summary'!C$22:C$27)+SUM('1. LRAMVA Summary'!C$28:C$29)*(MONTH($E57)-1)/12)*$H57 -> 119.71303 | J57: =(SUM('1. LRAMVA Summary'!D$22:D$27)+SUM('1. LRAMVA Summary'!D$28:D$29)*(MONTH($E57)-1)/12)*$H57 -> 89.280166 | K57: =(SUM('1. LRAMVA Summary'!E$22:E$27)+SUM('1. LRAMVA Summary'!E$28:E$29)*(MONTH($E57)-1)/12)*$H57 -> 81.879701 | L57: =(SUM('1. LRAMVA Summary'!F$22:F$27)+SUM('1. LRAMVA Summary'!F$28:F$29)*(MONTH($E57)-1)/12)*$H57 -> 38.106277 | M57: =(SUM('1. LRAMVA Summary'!G$22:G$27)+SUM('1. LRAMVA Summary'!G$28:G$29)*(MONTH($E57)-1)/12)*$H57 -> 0 | N57: =(SUM('1. LRAMVA Summary'!H$22:H$27)+SUM('1. LRAMVA Summary'!H$28:H$29)*(MONTH($E57)-1)/12)*$H57 -> 0.36669457 | O57: =(SUM('1. LRAMVA Summary'!I$22:I$27)+SUM('1. LRAMVA Summary'!I$28:I$29)*(MONTH($E57)-1)/12)*$H57 -> 0 | P57: =(SUM('1. LRAMVA Summary'!J$22:J$27)+SUM('1. LRAMVA Summary'!J$28:J$29)*(MONTH($E57)-1)/12)*$H57 -> 2.4457179 | ... S57: =(SUM('1. LRAMVA Summary'!M$22:M$27)+SUM('1. LRAMVA Summary'!M$28:M$29)*(MONTH($E57)-1)/12)*$H57 -> 0 | T57: =SUM(I57:S57) -> 331.79158
E58: Total for fiscal year 2013 | I58: =SUM(I45:I57) -> 718.27815 | J58: =SUM(J45:J57) -> 535.68099 | K58: =SUM(K45:K57) -> 491.2782 | L58: =SUM(L45:L57) -> 228.63766 | M58: =SUM(M45:M57) -> 0 | N58: =SUM(N45:N57) -> 2.2001674 | O58: =SUM(O45:O57) -> 0 | P58: =SUM(P45:P57) -> 14.674307 | ... T58: =SUM(T45:T57) -> 1990.7495
E59: Amount Cleared
E60: Opening Balance for fiscal year 2014 | I60: =I58+I59 -> 718.27815 | J60: =J58+J59 -> 535.68099 | K60: =K58+K59 -> 491.2782 | L60: =L58+L59 -> 228.63766 | M60: =M58+M59 -> 0 | N60: =N58+N59 -> 2.2001674 | O60: =O58+O59 -> 0 | P60: =P58+P59 -> 14.674307 | ... T60: =T58+T59 -> 1990.7495
E61: 41640 | F61: 2011-2014 | G61: Q1 | H61: =C$28/12 -> 0.001225 | I61: =(SUM('1. LRAMVA Summary'!C$22:C$30)+SUM('1. LRAMVA Summary'!C$31:C$32)*(MONTH($E61)-1)/12)*$H61 -> 130.59603 | J61: =(SUM('1. LRAMVA Summary'!D$22:D$30)+SUM('1. LRAMVA Summary'!D$31:D$32)*(MONTH($E61)-1)/12)*$H61 -> 97.396544 | K61: =(SUM('1. LRAMVA Summary'!E$22:E$30)+SUM('1. LRAMVA Summary'!E$31:E$32)*(MONTH($E61)-1)/12)*$H61 -> 89.32331 | L61: =(SUM('1. LRAMVA Summary'!F$22:F$30)+SUM('1. LRAMVA Summary'!F$31:F$32)*(MONTH($E61)-1)/12)*$H61 -> 41.570484 | M61: =(SUM('1. LRAMVA Summary'!G$22:G$30)+SUM('1. LRAMVA Summary'!G$31:G$32)*(MONTH($E61)-1)/12)*$H61 -> 0 | N61: =(SUM('1. LRAMVA Summary'!H$22:H$30)+SUM('1. LRAMVA Summary'!H$31:H$32)*(MONTH($E61)-1)/12)*$H61 -> 0.40003044 | O61: =(SUM('1. LRAMVA Summary'!I$22:I$30)+SUM('1. LRAMVA Summary'!I$31:I$32)*(MONTH($E61)-1)/12)*$H61 -> 0 | P61: =(SUM('1. LRAMVA Summary'!J$22:J$30)+SUM('1. LRAMVA Summary'!J$31:J$32)*(MONTH($E61)-1)/12)*$H61 -> 2.6680559 | ... S61: =(SUM('1. LRAMVA Summary'!M$22:M$30)+SUM('1. LRAMVA Summary'!M$31:M$32)*(MONTH($E61)-1)/12)*$H61 -> 0 | T61: =SUM(I61:S61) -> 361.95445
E62: 41671 | F62: 2011-2014 | G62: Q1 | H62: =C$28/12 -> 0.001225 | I62: =(SUM('1. LRAMVA Summary'!C$22:C$30)+SUM('1. LRAMVA Summary'!C$31:C$32)*(MONTH($E62)-1)/12)*$H62 -> 132.49644 | J62: =(SUM('1. LRAMVA Summary'!D$22:D$30)+SUM('1. LRAMVA Summary'!D$31:D$32)*(MONTH($E62)-1)/12)*$H62 -> 96.068846 | K62: =(SUM('1. LRAMVA Summary'!E$22:E$30)+SUM('1. LRAMVA Summary'!E$31:E$32)*(MONTH($E62)-1)/12)*$H62 -> 91.063545 | L62: =(SUM('1. LRAMVA Summary'!F$22:F$30)+SUM('1. LRAMVA Summary'!F$31:F$32)*(MONTH($E62)-1)/12)*$H62 -> 42.511945 | M62: =(SUM('1. LRAMVA Summary'!G$22:G$30)+SUM('1. LRAMVA Summary'!G$31:G$32)*(MONTH($E62)-1)/12)*$H62 -> 0 | N62: =(SUM('1. LRAMVA Summary'!H$22:H$30)+SUM('1. LRAMVA Summary'!H$31:H$32)*(MONTH($E62)-1)/12)*$H62 -> 0.44008399 | O62: =(SUM('1. LRAMVA Summary'!I$22:I$30)+SUM('1. LRAMVA Summary'!I$31:I$32)*(MONTH($E62)-1)/12)*$H62 -> 0 | P62: =(SUM('1. LRAMVA Summary'!J$22:J$30)+SUM('1. LRAMVA Summary'!J$31:J$32)*(MONTH($E62)-1)/12)*$H62 -> 3.8176773 | ... S62: =(SUM('1. LRAMVA Summary'!M$22:M$30)+SUM('1. LRAMVA Summary'!M$31:M$32)*(MONTH($E62)-1)/12)*$H62 -> 0.25652711 | T62: =SUM(I62:S62) -> 366.65506
E63: 41699 | F63: 2011-2014 | G63: Q1 | H63: =C$28/12 -> 0.001225 | I63: =(SUM('1. LRAMVA Summary'!C$22:C$30)+SUM('1. LRAMVA Summary'!C$31:C$32)*(MONTH($E63)-1)/12)*$H63 -> 134.39685 | J63: =(SUM('1. LRAMVA Summary'!D$22:D$30)+SUM('1. LRAMVA Summary'!D$31:D$32)*(MONTH($E63)-1)/12)*$H63 -> 94.741147 | K63: =(SUM('1. LRAMVA Summary'!E$22:E$30)+SUM('1. LRAMVA Summary'!E$31:E$32)*(MONTH($E63)-1)/12)*$H63 -> 92.803779 | L63: =(SUM('1. LRAMVA Summary'!F$22:F$30)+SUM('1. LRAMVA Summary'!F$31:F$32)*(MONTH($E63)-1)/12)*$H63 -> 43.453406 | M63: =(SUM('1. LRAMVA Summary'!G$22:G$30)+SUM('1. LRAMVA Summary'!G$31:G$32)*(MONTH($E63)-1)/12)*$H63 -> 0 | N63: =(SUM('1. LRAMVA Summary'!H$22:H$30)+SUM('1. LRAMVA Summary'!H$31:H$32)*(MONTH($E63)-1)/12)*$H63 -> 0.48013754 | O63: =(SUM('1. LRAMVA Summary'!I$22:I$30)+SUM('1. LRAMVA Summary'!I$31:I$32)*(MONTH($E63)-1)/12)*$H63 -> 0 | P63: =(SUM('1. LRAMVA Summary'!J$22:J$30)+SUM('1. LRAMVA Summary'!J$31:J$32)*(MONTH($E63)-1)/12)*$H63 -> 4.9672988 | ... S63: =(SUM('1. LRAMVA Summary'!M$22:M$30)+SUM('1. LRAMVA Summary'!M$31:M$32)*(MONTH($E63)-1)/12)*$H63 -> 0.51305421 | T63: =SUM(I63:S63) -> 371.35567
E64: 41730 | F64: 2011-2014 | G64: Q2 | H64: =C$29/12 -> 0.001225 | I64: =(SUM('1. LRAMVA Summary'!C$22:C$30)+SUM('1. LRAMVA Summary'!C$31:C$32)*(MONTH($E64)-1)/12)*$H64 -> 136.29726 | J64: =(SUM('1. LRAMVA Summary'!D$22:D$30)+SUM('1. LRAMVA Summary'!D$31:D$32)*(MONTH($E64)-1)/12)*$H64 -> 93.413448 | K64: =(SUM('1. LRAMVA Summary'!E$22:E$30)+SUM('1. LRAMVA Summary'!E$31:E$32)*(MONTH($E64)-1)/12)*$H64 -> 94.544014 | L64: =(SUM('1. LRAMVA Summary'!F$22:F$30)+SUM('1. LRAMVA Summary'!F$31:F$32)*(MONTH($E64)-1)/12)*$H64 -> 44.394868 | M64: =(SUM('1. LRAMVA Summary'!G$22:G$30)+SUM('1. LRAMVA Summary'!G$31:G$32)*(MONTH($E64)-1)/12)*$H64 -> 0 | N64: =(SUM('1. LRAMVA Summary'!H$22:H$30)+SUM('1. LRAMVA Summary'!H$31:H$32)*(MONTH($E64)-1)/12)*$H64 -> 0.5201911 | O64: =(SUM('1. LRAMVA Summary'!I$22:I$30)+SUM('1. LRAMVA Summary'!I$31:I$32)*(MONTH($E64)-1)/12)*$H64 -> 0 | P64: =(SUM('1. LRAMVA Summary'!J$22:J$30)+SUM('1. LRAMVA Summary'!J$31:J$32)*(MONTH($E64)-1)/12)*$H64 -> 6.1169202 | ... S64: =(SUM('1. LRAMVA Summary'!M$22:M$30)+SUM('1. LRAMVA Summary'!M$31:M$32)*(MONTH($E64)-1)/12)*$H64 -> 0.76958132 | T64: =SUM(I64:S64) -> 376.05628
